Workbook

Sheet 24-01-010 Ind. Prog. Bonif. 
A1: PARTIDA 21-01-05 "INGRESO ÉTICO FAMILIAR Y SISTEMA CHILE SOLIDARIO"
A2: INFORME POR PROGRAMA Y REGIÓN
A3: EJECUCIÓN AL 30 SEPTIEMBRE DE 2026
A4: En pesos
A5: 24-01-010 "Programa Bonificación Ley N°20.595"
A6: Nº | B6: Código Proyecto | C6: REGION | D6: Fecha | E6: Nombre y Razón Social del Ejecutor | F6: Denominación del Programa- Convenio o Transferencia | G6: Modalidad de Asignación | H6: Vigencia del Convenio | J6: Presupuesto por región | K6: Monto del convenio | L6: Productos/y/o Actividades | M6: Beneficiarios | P6: Modalidad de Pago | Q6: Observaciones | R6: EJECUCION DEVENGADA | U6: 1er. Trimestre | V6: EJECUCION DEVENGADA | Y6: 2do. Trimestre | Z6: EJECUCION DEVENGADA | AC6: 3er. Trimestre | AD6: EJECUCION DEVENGADA | AG6: 4to. Trimestre | AH6: Total Anual | AI6: Porcentaje de Participación:
C7: Resolución o Decreto | H7: Inicio | I7: Término | M7: Cobertura | N7: Universo | O7: Tipo de Beneficiarios | R7: Enero | S7: Febrero | T7: Marzo | V7: Abril | W7: Mayo | X7: Junio | Z7: Julio | AA7: Agosto | AB7: Septiembre | AD7: Octubre | AE7: Noviembre | AF7: Diciembre | AI7: Ejecución | AJ7: Del Gasto
A8: TARAPACÁ
A9: 1 | U9: =SUM(R9:T9) -> 0 | Y9: =SUM(V9:X9) -> 0 | AC9: =SUM(Z9:AB9) -> 0 | AG9: =SUM(AD9:AF9) -> 0 | AH9: =SUM(U9,Y9,AC9,AG9) -> 0 | AI9: =IF(ISERROR(AH9/J9),0,AH9/J9) -> 0 | AJ9: =IF(ISERROR(AH9/$AH$77),"-",AH9/$AH$77) -> 0
A10: 2 | U10: =SUM(R10:T10) -> 0 | Y10: =SUM(V10:X10) -> 0 | AC10: =SUM(Z10:AB10) -> 0 | AG10: =SUM(AD10:AF10) -> 0 | AH10: =SUM(U10,Y10,AC10,AG10) -> 0 | AI10: =IF(ISERROR(AH10/J10),0,AH10/J10) -> 0 | AJ10: =IF(ISERROR(AH10/$AH$77),"-",AH10/$AH$77) -> 0
A11: TOTAL REGIÓN DE TARAPACÁ | J11: =SUM(J9:J10) -> 0 | K11: =SUM(K9:K10) -> 0 | M11: =SUM(M9:M10) -> 0 | N11: =SUM(N9:N10) -> 0 | O11: =SUM(O9:O10) -> 0 | R11: =SUM(R9:R10) -> 0 | S11: =SUM(S9:S10) -> 0 | T11: =SUM(T9:T10) -> 0 | U11: =SUM(U9:U10) -> 0 | V11: =SUM(V9:V10) -> 0 | W11: =SUM(W9:W10) -> 0 | X11: =SUM(X9:X10) -> 0 | Y11: =SUM(Y9:Y10) -> 0 | ... AH11: =SUM(AH9:AH10) -> 0 | AI11: =IF(ISERROR(AH11/J11),0,AH11/J11) -> 0 | AJ11: =IF(ISERROR(AH11/$AH$77),0,AH11/$AH$77) -> 0
A12: ANTOFAGASTA
A13: 1 | U13: =SUM(R13:T13) -> 0 | Y13: =SUM(V13:X13) -> 0 | AC13: =SUM(Z13:AB13) -> 0 | AG13: =SUM(AD13:AF13) -> 0 | AH13: =SUM(U13,Y13,AC13,AG13) -> 0 | AI13: =IF(ISERROR(AH13/J13),0,AH13/J13) -> 0 | AJ13: =IF(ISERROR(AH13/$AH$77),"-",AH13/$AH$77) -> 0
A14: 2 | U14: =SUM(R14:T14) -> 0 | Y14: =SUM(V14:X14) -> 0 | AC14: =SUM(Z14:AB14) -> 0 | AG14: =SUM(AD14:AF14) -> 0 | AH14: =SUM(U14,Y14,AC14,AG14) -> 0 | AI14: =IF(ISERROR(AH14/J14),0,AH14/J14) -> 0 | AJ14: =IF(ISERROR(AH14/$AH$77),"-",AH14/$AH$77) -> 0
A15: TOTAL REGIÓN DE ANTOFAGASTA | J15: =SUM(J13:J14) -> 0 | K15: =SUM(K13:K14) -> 0 | M15: =SUM(M13:M14) -> 0 | N15: =SUM(N13:N14) -> 0 | O15: =SUM(O13:O14) -> 0 | R15: =SUM(R13:R14) -> 0 | S15: =SUM(S13:S14) -> 0 | T15: =SUM(T13:T14) -> 0 | U15: =SUM(U13:U14) -> 0 | V15: =SUM(V13:V14) -> 0 | W15: =SUM(W13:W14) -> 0 | X15: =SUM(X13:X14) -> 0 | Y15: =SUM(Y13:Y14) -> 0 | ... AH15: =SUM(AH13:AH14) -> 0 | AI15: =IF(ISERROR(AH15/J15),0,AH15/J15) -> 0 | AJ15: =IF(ISERROR(AH15/$AH$77),0,AH15/$AH$77) -> 0
A16: ATACAMA
A17: 1 | U17: =SUM(R17:T17) -> 0 | Y17: =SUM(V17:X17) -> 0 | AC17: =SUM(Z17:AB17) -> 0 | AG17: =SUM(AD17:AF17) -> 0 | AH17: =SUM(U17,Y17,AC17,AG17) -> 0 | AI17: =IF(ISERROR(AH17/J17),0,AH17/J17) -> 0 | AJ17: =IF(ISERROR(AH17/$AH$77),"-",AH17/$AH$77) -> 0
A18: 2 | U18: =SUM(R18:T18) -> 0 | Y18: =SUM(V18:X18) -> 0 | AC18: =SUM(Z18:AB18) -> 0 | AG18: =SUM(AD18:AF18) -> 0 | AH18: =SUM(U18,Y18,AC18,AG18) -> 0 | AI18: =IF(ISERROR(AH18/J18),0,AH18/J18) -> 0 | AJ18: =IF(ISERROR(AH18/$AH$77),"-",AH18/$AH$77) -> 0
A19: TOTAL REGIÓN DE ATACAMA | J19: =SUM(J17:J18) -> 0 | K19: =SUM(K17:K18) -> 0 | M19: =SUM(M17:M18) -> 0 | N19: =SUM(N17:N18) -> 0 | O19: =SUM(O17:O18) -> 0 | R19: =SUM(R17:R18) -> 0 | S19: =SUM(S17:S18) -> 0 | T19: =SUM(T17:T18) -> 0 | U19: =SUM(U17:U18) -> 0 | V19: =SUM(V17:V18) -> 0 | W19: =SUM(W17:W18) -> 0 | X19: =SUM(X17:X18) -> 0 | Y19: =SUM(Y17:Y18) -> 0 | ... AH19: =SUM(AH17:AH18) -> 0 | AI19: =IF(ISERROR(AH19/J19),0,AH19/J19) -> 0 | AJ19: =IF(ISERROR(AH19/$AH$77),0,AH19/$AH$77) -> 0
A20: COQUIMBO
A21: 1 | U21: =SUM(R21:T21) -> 0 | Y21: =SUM(V21:X21) -> 0 | AC21: =SUM(Z21:AB21) -> 0 | AG21: =SUM(AD21:AF21) -> 0 | AH21: =SUM(U21,Y21,AC21,AG21) -> 0 | AI21: =IF(ISERROR(AH21/J21),0,AH21/J21) -> 0 | AJ21: =IF(ISERROR(AH21/$AH$77),"-",AH21/$AH$77) -> 0
A22: 2 | U22: =SUM(R22:T22) -> 0 | Y22: =SUM(V22:X22) -> 0 | AC22: =SUM(Z22:AB22) -> 0 | AG22: =SUM(AD22:AF22) -> 0 | AH22: =SUM(U22,Y22,AC22,AG22) -> 0 | AI22: =IF(ISERROR(AH22/J22),0,AH22/J22) -> 0 | AJ22: =IF(ISERROR(AH22/$AH$77),"-",AH22/$AH$77) -> 0
A23: TOTAL REGIÓN DE COQUIMBO | J23: =SUM(J21:J22) -> 0 | K23: =SUM(K21:K22) -> 0 | M23: =SUM(M21:M22) -> 0 | N23: =SUM(N21:N22) -> 0 | O23: =SUM(O21:O22) -> 0 | R23: =SUM(R21:R22) -> 0 | S23: =SUM(S21:S22) -> 0 | T23: =SUM(T21:T22) -> 0 | U23: =SUM(U21:U22) -> 0 | V23: =SUM(V21:V22) -> 0 | W23: =SUM(W21:W22) -> 0 | X23: =SUM(X21:X22) -> 0 | Y23: =SUM(Y21:Y22) -> 0 | ... AH23: =SUM(AH21:AH22) -> 0 | AI23: =IF(ISERROR(AH23/J23),0,AH23/J23) -> 0 | AJ23: =IF(ISERROR(AH23/$AH$77),0,AH23/$AH$77) -> 0
A24: VALPARAÍSO | J24: 300000
A25: 1 | K25: 290051 | L25: Subtítulo 22 | U25: =SUM(R25:T25) -> 0 | W25: 199920 | Y25: =SUM(V25:X25) -> 199920 | Z25: 90131 | AC25: =SUM(Z25:AB25) -> 90131 | AE25: 0 | AF25: 0 | AG25: =SUM(AD25:AF25) -> 0 | AH25: =SUM(U25,Y25,AC25,AG25) -> 290051 | AI25: =IF(ISERROR(AH25/J24),0,AH25/J24) -> 0.96683667 | AJ25: =IF(ISERROR(AH25/$AH$77),"-",AH25/$AH$77) -> 5.2184005e-06
A26: 2 | U26: =SUM(R26:T26) -> 0 | Y26: =SUM(V26:X26) -> 0 | AC26: =SUM(Z26:AB26) -> 0 | AE26: 0 | AF26: 0 | AG26: =SUM(AD26:AF26) -> 0 | AH26: =SUM(U26,Y26,AC26,AG26) -> 0 | AI26: =IF(ISERROR(AH26/J26),0,AH26/J26) -> 0 | AJ26: =IF(ISERROR(AH26/$AH$77),"-",AH26/$AH$77) -> 0
A27: TOTAL REGIÓN DE VALPARAÍSO | J27: =+J24 -> 300000 | K27: =SUM(K25:K26) -> 290051 | M27: =SUM(M25:M26) -> 0 | N27: =SUM(N25:N26) -> 0 | O27: =SUM(O25:O26) -> 0 | R27: =SUM(R25:R26) -> 0 | S27: =SUM(S25:S26) -> 0 | T27: =SUM(T25:T26) -> 0 | U27: =SUM(U25:U26) -> 0 | V27: =SUM(V25:V26) -> 0 | W27: =SUM(W25:W26) -> 199920 | X27: =SUM(X25:X26) -> 0 | Y27: =SUM(Y25:Y26) -> 199920 | ... AH27: =SUM(AH25:AH26) -> 290051 | AI27: =IF(ISERROR(AH27/J27),0,AH27/J27) -> 0.96683667 | AJ27: =IF(ISERROR(AH27/$AH$77),0,AH27/$AH$77) -> 5.2184005e-06
A28: LIBERTADOR B. O HIGGINS
A29: 1 | U29: =SUM(R29:T29) -> 0 | Y29: =SUM(V29:X29) -> 0 | AC29: =SUM(Z29:AB29) -> 0 | AG29: =SUM(AD29:AF29) -> 0 | AH29: =SUM(U29,Y29,AC29,AG29) -> 0 | AI29: =IF(ISERROR(AH29/J29),0,AH29/J29) -> 0 | AJ29: =IF(ISERROR(AH29/$AH$77),"-",AH29/$AH$77) -> 0
A30: 2 | U30: =SUM(R30:T30) -> 0 | Y30: =SUM(V30:X30) -> 0 | AC30: =SUM(Z30:AB30) -> 0 | AG30: =SUM(AD30:AF30) -> 0 | AH30: =SUM(U30,Y30,AC30,AG30) -> 0 | AI30: =IF(ISERROR(AH30/J30),0,AH30/J30) -> 0 | AJ30: =IF(ISERROR(AH30/$AH$77),"-",AH30/$AH$77) -> 0
A31: TOTAL REGIÓN DEL LIBERTADOR GENERAL BERNARDO O'HIGGINS | J31: =SUM(J29:J30) -> 0 | K31: =SUM(K29:K30) -> 0 | M31: =SUM(M29:M30) -> 0 | N31: =SUM(N29:N30) -> 0 | O31: =SUM(O29:O30) -> 0 | R31: =SUM(R29:R30) -> 0 | S31: =SUM(S29:S30) -> 0 | T31: =SUM(T29:T30) -> 0 | U31: =SUM(U29:U30) -> 0 | V31: =SUM(V29:V30) -> 0 | W31: =SUM(W29:W30) -> 0 | X31: =SUM(X29:X30) -> 0 | Y31: =SUM(Y29:Y30) -> 0 | ... AH31: =SUM(AH29:AH30) -> 0 | AI31: =IF(ISERROR(AH31/J31),0,AH31/J31) -> 0 | AJ31: =IF(ISERROR(AH31/$AH$77),0,AH31/$AH$77) -> 0
A32: MAULE
A33: 1 | U33: =SUM(R33:T33) -> 0 | Y33: =SUM(V33:X33) -> 0 | AC33: =SUM(Z33:AB33) -> 0 | AG33: =SUM(AD33:AF33) -> 0 | AH33: =SUM(U33,Y33,AC33,AG33) -> 0 | AI33: =IF(ISERROR(AH33/J33),0,AH33/J33) -> 0 | AJ33: =IF(ISERROR(AH33/$AH$77),"-",AH33/$AH$77) -> 0
A34: 2 | U34: =SUM(R34:T34) -> 0 | Y34: =SUM(V34:X34) -> 0 | AC34: =SUM(Z34:AB34) -> 0 | AG34: =SUM(AD34:AF34) -> 0 | AH34: =SUM(U34,Y34,AC34,AG34) -> 0 | AI34: =IF(ISERROR(AH34/J34),0,AH34/J34) -> 0 | AJ34: =IF(ISERROR(AH34/$AH$77),"-",AH34/$AH$77) -> 0
A35: TOTAL REGIÓN DEL MAULE | J35: =SUM(J33:J34) -> 0 | K35: =SUM(K33:K34) -> 0 | M35: =SUM(M33:M34) -> 0 | N35: =SUM(N33:N34) -> 0 | O35: =SUM(O33:O34) -> 0 | R35: =SUM(R33:R34) -> 0 | S35: =SUM(S33:S34) -> 0 | T35: =SUM(T33:T34) -> 0 | U35: =SUM(U33:U34) -> 0 | V35: =SUM(V33:V34) -> 0 | W35: =SUM(W33:W34) -> 0 | X35: =SUM(X33:X34) -> 0 | Y35: =SUM(Y33:Y34) -> 0 | ... AH35: =SUM(AH33:AH34) -> 0 | AI35: =IF(ISERROR(AH35/J35),0,AH35/J35) -> 0 | AJ35: =IF(ISERROR(AH35/$AH$77),0,AH35/$AH$77) -> 0
A36: BIOBÍO
A37: 1 | U37: =SUM(R37:T37) -> 0 | Y37: =SUM(V37:X37) -> 0 | AC37: =SUM(Z37:AB37) -> 0 | AG37: =SUM(AD37:AF37) -> 0 | AH37: =SUM(U37,Y37,AC37,AG37) -> 0 | AI37: =IF(ISERROR(AH37/J37),0,AH37/J37) -> 0 | AJ37: =IF(ISERROR(AH37/$AH$77),"-",AH37/$AH$77) -> 0
A38: 2 | U38: =SUM(R38:T38) -> 0 | Y38: =SUM(V38:X38) -> 0 | AC38: =SUM(Z38:AB38) -> 0 | AG38: =SUM(AD38:AF38) -> 0 | AH38: =SUM(U38,Y38,AC38,AG38) -> 0 | AI38: =IF(ISERROR(AH38/J38),0,AH38/J38) -> 0 | AJ38: =IF(ISERROR(AH38/$AH$77),"-",AH38/$AH$77) -> 0
A39: TOTAL REGIÓN DEL BIOBÍO | J39: =SUM(J37:J38) -> 0 | K39: =SUM(K37:K38) -> 0 | M39: =SUM(M37:M38) -> 0 | N39: =SUM(N37:N38) -> 0 | O39: =SUM(O37:O38) -> 0 | R39: =SUM(R37:R38) -> 0 | S39: =SUM(S37:S38) -> 0 | T39: =SUM(T37:T38) -> 0 | U39: =SUM(U37:U38) -> 0 | V39: =SUM(V37:V38) -> 0 | W39: =SUM(W37:W38) -> 0 | X39: =SUM(X37:X38) -> 0 | Y39: =SUM(Y37:Y38) -> 0 | ... AH39: =SUM(AH37:AH38) -> 0 | AI39: =IF(ISERROR(AH39/J39),0,AH39/J39) -> 0 | AJ39: =IF(ISERROR(AH39/$AH$77),0,AH39/$AH$77) -> 0
A40: ARAUCANÍA
A41: 1 | U41: =SUM(R41:T41) -> 0 | Y41: =SUM(V41:X41) -> 0 | AC41: =SUM(Z41:AB41) -> 0 | AE41: 0 | AF41: 0 | AG41: =SUM(AD41:AF41) -> 0 | AH41: =SUM(U41,Y41,AC41,AG41) -> 0 | AI41: =IF(ISERROR(AH41/J40),0,AH41/J40) -> 0 | AJ41: =IF(ISERROR(AH41/$AH$77),"-",AH41/$AH$77) -> 0
A42: 2 | U42: =SUM(R42:T42) -> 0 | Y42: =SUM(V42:X42) -> 0 | AC42: =SUM(Z42:AB42) -> 0 | AG42: =SUM(AD42:AF42) -> 0 | AH42: =SUM(U42,Y42,AC42,AG42) -> 0 | AI42: =IF(ISERROR(AH42/J42),0,AH42/J42) -> 0 | AJ42: =IF(ISERROR(AH42/$AH$77),"-",AH42/$AH$77) -> 0
A43: TOTAL REGIÓN DE LA ARAUCANÍA | J43: =SUM(J40:J42) -> 0 | K43: =SUM(K41:K42) -> 0 | M43: =SUM(M41:M42) -> 0 | N43: =SUM(N41:N42) -> 0 | O43: =SUM(O41:O42) -> 0 | R43: =SUM(R41:R42) -> 0 | S43: =SUM(S41:S42) -> 0 | T43: =SUM(T41:T42) -> 0 | U43: =SUM(U41:U42) -> 0 | V43: =SUM(V41:V42) -> 0 | W43: =SUM(W41:W42) -> 0 | X43: =SUM(X41:X42) -> 0 | Y43: =SUM(Y41:Y42) -> 0 | ... AH43: =SUM(AH41:AH42) -> 0 | AI43: =IF(ISERROR(AH43/J43),0,AH43/J43) -> 0 | AJ43: =IF(ISERROR(AH43/$AH$77),0,AH43/$AH$77) -> 0
A44: LOS LAGOS
A45: 1 | R45: 0 | S45: 0 | T45: 0 | U45: =SUM(R45:T45) -> 0 | V45: 0 | W45: 0 | X45: 0 | Y45: =SUM(V45:X45) -> 0 | Z45: 0 | AA45: 0 | AB45: 0 | AC45: =SUM(Z45:AB45) -> 0 | AD45: 0 | AE45: 0 | AF45: 0 | AG45: =SUM(AD45:AF45) -> 0 | AH45: =SUM(U45,Y45,AC45,AG45) -> 0 | AI45: =IF(ISERROR(AH45/J45),0,AH45/J45) -> 0 | AJ45: =IF(ISERROR(AH45/$AH$77),"-",AH45/$AH$77) -> 0
A46: 2 | U46: =SUM(R46:T46) -> 0 | Y46: =SUM(V46:X46) -> 0 | AC46: =SUM(Z46:AB46) -> 0 | AG46: =SUM(AD46:AF46) -> 0 | AH46: =SUM(U46,Y46,AC46,AG46) -> 0 | AI46: =IF(ISERROR(AH46/J46),0,AH46/J46) -> 0 | AJ46: =IF(ISERROR(AH46/$AH$77),"-",AH46/$AH$77) -> 0
A47: TOTAL REGIÓN DE LOS LAGOS | J47: =SUM(J45:J46) -> 0 | K47: =SUM(K45:K46) -> 0 | M47: =SUM(M45:M46) -> 0 | N47: =SUM(N45:N46) -> 0 | O47: =SUM(O45:O46) -> 0 | R47: =SUM(R45:R46) -> 0 | S47: =SUM(S45:S46) -> 0 | T47: =SUM(T45:T46) -> 0 | U47: =SUM(U45:U46) -> 0 | V47: =SUM(V45:V46) -> 0 | W47: =SUM(W45:W46) -> 0 | X47: =SUM(X45:X46) -> 0 | Y47: =SUM(Y45:Y46) -> 0 | ... AH47: =SUM(AH45:AH46) -> 0 | AI47: =IF(ISERROR(AH47/J47),0,AH47/J47) -> 0 | AJ47: =IF(ISERROR(AH47/$AH$77),0,AH47/$AH$77) -> 0
A48: AYSÉN
A49: 1 | U49: =SUM(R49:T49) -> 0 | Y49: =SUM(V49:X49) -> 0 | AC49: =SUM(Z49:AB49) -> 0 | AG49: =SUM(AD49:AF49) -> 0 | AH49: =SUM(U49,Y49,AC49,AG49) -> 0 | AI49: =IF(ISERROR(AH49/J49),0,AH49/J49) -> 0 | AJ49: =IF(ISERROR(AH49/$AH$77),"-",AH49/$AH$77) -> 0
A50: 2 | U50: =SUM(R50:T50) -> 0 | Y50: =SUM(V50:X50) -> 0 | AC50: =SUM(Z50:AB50) -> 0 | AG50: =SUM(AD50:AF50) -> 0 | AH50: =SUM(U50,Y50,AC50,AG50) -> 0 | AI50: =IF(ISERROR(AH50/J50),0,AH50/J50) -> 0 | AJ50: =IF(ISERROR(AH50/$AH$77),"-",AH50/$AH$77) -> 0
A51: TOTAL REGIÓN AYSÉN DEL GENERAL CARLOS IBAÑEZ DEL CAMPO | J51: =J49 -> 0 | K51: 0 | M51: =SUM(M49:M50) -> 0 | N51: =SUM(N49:N50) -> 0 | O51: =SUM(O49:O50) -> 0 | R51: =SUM(R49:R50) -> 0 | S51: =SUM(S49:S50) -> 0 | T51: =SUM(T49:T50) -> 0 | U51: =SUM(U49:U50) -> 0 | V51: =SUM(V49:V50) -> 0 | W51: =SUM(W49:W50) -> 0 | X51: =SUM(X49:X50) -> 0 | Y51: =SUM(Y49:Y50) -> 0 | ... AH51: =SUM(AH49:AH50) -> 0 | AI51: =IF(ISERROR(AH51/J51),0,AH51/J51) -> 0 | AJ51: =IF(ISERROR(AH51/$AH$77),0,AH51/$AH$77) -> 0
A52: MAGALLANES
A53: 1 | U53: =SUM(R53:T53) -> 0 | Y53: =SUM(V53:X53) -> 0 | AC53: =SUM(Z53:AB53) -> 0 | AG53: =SUM(AD53:AF53) -> 0 | AH53: =SUM(U53,Y53,AC53,AG53) -> 0 | AI53: =IF(ISERROR(AH53/J53),0,AH53/J53) -> 0 | AJ53: =IF(ISERROR(AH53/$AH$77),"-",AH53/$AH$77) -> 0
A54: 2 | U54: =SUM(R54:T54) -> 0 | Y54: =SUM(V54:X54) -> 0 | AC54: =SUM(Z54:AB54) -> 0 | AG54: =SUM(AD54:AF54) -> 0 | AH54: =SUM(U54,Y54,AC54,AG54) -> 0 | AI54: =IF(ISERROR(AH54/J54),0,AH54/J54) -> 0 | AJ54: =IF(ISERROR(AH54/$AH$77),"-",AH54/$AH$77) -> 0
A55: TOTAL REGIÓN DE MAGALLANES Y ANTÁRTICA CHILENA | J55: =SUM(J53:J54) -> 0 | K55: =SUM(K53:K54) -> 0 | M55: =SUM(M53:M54) -> 0 | N55: =SUM(N53:N54) -> 0 | O55: =SUM(O53:O54) -> 0 | R55: =SUM(R53:R54) -> 0 | S55: =SUM(S53:S54) -> 0 | T55: =SUM(T53:T54) -> 0 | U55: =SUM(U53:U54) -> 0 | V55: =SUM(V53:V54) -> 0 | W55: =SUM(W53:W54) -> 0 | X55: =SUM(X53:X54) -> 0 | Y55: =SUM(Y53:Y54) -> 0 | ... AH55: =SUM(AH53:AH54) -> 0 | AI55: =IF(ISERROR(AH55/J55),0,AH55/J55) -> 0 | AJ55: =IF(ISERROR(AH55/$AH$77),0,AH55/$AH$77) -> 0
A56: LOS RÍOS
A57: 1 | U57: =SUM(R57:T57) -> 0 | Y57: =SUM(V57:X57) -> 0 | AC57: =SUM(Z57:AB57) -> 0 | AG57: =SUM(AD57:AF57) -> 0 | AH57: =SUM(U57,Y57,AC57,AG57) -> 0 | AI57: =IF(ISERROR(AH57/J57),0,AH57/J57) -> 0 | AJ57: =IF(ISERROR(AH57/$AH$77),"-",AH57/$AH$77) -> 0
A58: 2 | U58: =SUM(R58:T58) -> 0 | Y58: =SUM(V58:X58) -> 0 | AC58: =SUM(Z58:AB58) -> 0 | AG58: =SUM(AD58:AF58) -> 0 | AH58: =SUM(U58,Y58,AC58,AG58) -> 0 | AI58: =IF(ISERROR(AH58/J58),0,AH58/J58) -> 0 | AJ58: =IF(ISERROR(AH58/$AH$77),"-",AH58/$AH$77) -> 0
A59: TOTAL REGIÓN DE LOS RÍOS | J59: =SUM(J57:J58) -> 0 | K59: =SUM(K57:K58) -> 0 | M59: =SUM(M57:M58) -> 0 | N59: =SUM(N57:N58) -> 0 | O59: =SUM(O57:O58) -> 0 | R59: =SUM(R57:R58) -> 0 | S59: =SUM(S57:S58) -> 0 | T59: =SUM(T57:T58) -> 0 | U59: =SUM(U57:U58) -> 0 | V59: =SUM(V57:V58) -> 0 | W59: =SUM(W57:W58) -> 0 | X59: =SUM(X57:X58) -> 0 | Y59: =SUM(Y57:Y58) -> 0 | ... AH59: =SUM(AH57:AH58) -> 0 | AI59: =IF(ISERROR(AH59/J59),0,AH59/J59) -> 0 | AJ59: =IF(ISERROR(AH59/$AH$77),0,AH59/$AH$77) -> 0
A60: ARICA Y PARINACOTA
A61: 1 | U61: =SUM(R61:T61) -> 0 | Y61: =SUM(V61:X61) -> 0 | AC61: =SUM(Z61:AB61) -> 0 | AG61: =SUM(AD61:AF61) -> 0 | AH61: =SUM(U61,Y61,AC61,AG61) -> 0 | AI61: =IF(ISERROR(AH61/J61),0,AH61/J61) -> 0 | AJ61: =IF(ISERROR(AH61/$AH$77),"-",AH61/$AH$77) -> 0
A62: 2 | U62: =SUM(R62:T62) -> 0 | Y62: =SUM(V62:X62) -> 0 | AC62: =SUM(Z62:AB62) -> 0 | AG62: =SUM(AD62:AF62) -> 0 | AH62: =SUM(U62,Y62,AC62,AG62) -> 0 | AI62: =IF(ISERROR(AH62/J62),0,AH62/J62) -> 0 | AJ62: =IF(ISERROR(AH62/$AH$77),"-",AH62/$AH$77) -> 0
A63: TOTAL REGIÓN DE ARICA Y PARINACOTA | J63: =SUM(J61:J62) -> 0 | K63: =SUM(K61:K62) -> 0 | M63: =SUM(M61:M62) -> 0 | N63: =SUM(N61:N62) -> 0 | O63: =SUM(O61:O62) -> 0 | R63: =SUM(R61:R62) -> 0 | S63: =SUM(S61:S62) -> 0 | T63: =SUM(T61:T62) -> 0 | U63: =SUM(U61:U62) -> 0 | V63: =SUM(V61:V62) -> 0 | W63: =SUM(W61:W62) -> 0 | X63: =SUM(X61:X62) -> 0 | Y63: =SUM(Y61:Y62) -> 0 | ... AH63: =SUM(AH61:AH62) -> 0 | AI63: =IF(ISERROR(AH63/J63),0,AH63/J63) -> 0 | AJ63: =IF(ISERROR(AH63/$AH$77),0,AH63/$AH$77) -> 0
A64: ÑUBLE
A65: 1 | U65: =SUM(R65:T65) -> 0 | Y65: =SUM(V65:X65) -> 0 | AC65: =SUM(Z65:AB65) -> 0 | AG65: =SUM(AD65:AF65) -> 0 | AH65: =SUM(U65,Y65,AC65,AG65) -> 0 | AI65: =IF(ISERROR(AH65/J65),0,AH65/J65) -> 0 | AJ65: =IF(ISERROR(AH65/$AH$77),"-",AH65/$AH$77) -> 0
A66: 2 | U66: =SUM(R66:T66) -> 0 | Y66: =SUM(V66:X66) -> 0 | AC66: =SUM(Z66:AB66) -> 0 | AG66: =SUM(AD66:AF66) -> 0 | AH66: =SUM(U66,Y66,AC66,AG66) -> 0 | AI66: =IF(ISERROR(AH66/J66),0,AH66/J66) -> 0 | AJ66: =IF(ISERROR(AH66/$AH$77),"-",AH66/$AH$77) -> 0
A67: TOTAL REGIÓN ÑUBLE | J67: =SUM(J65:J66) -> 0 | K67: =SUM(K65:K66) -> 0 | M67: =SUM(M65:M66) -> 0 | N67: =SUM(N65:N66) -> 0 | O67: =SUM(O65:O66) -> 0 | R67: =SUM(R65:R66) -> 0 | S67: =SUM(S65:S66) -> 0 | T67: =SUM(T65:T66) -> 0 | U67: =SUM(U65:U66) -> 0 | V67: =SUM(V65:V66) -> 0 | W67: =SUM(W65:W66) -> 0 | X67: =SUM(X65:X66) -> 0 | Y67: =SUM(Y65:Y66) -> 0 | ... AH67: =SUM(AH65:AH66) -> 0 | AI67: =IF(ISERROR(AH67/J67),0,AH67/J67) -> 0 | AJ67: =IF(ISERROR(AH67/$AH$77),0,AH67/$AH$77) -> 0
A68: METROPOLITANA
A69: 1 | U69: =SUM(R69:T69) -> 0 | Y69: =SUM(V69:X69) -> 0 | AC69: =SUM(Z69:AB69) -> 0 | AG69: =SUM(AD69:AF69) -> 0 | AH69: =SUM(U69,Y69,AC69,AG69) -> 0 | AI69: =IF(ISERROR(AH69/J69),0,AH69/J69) -> 0 | AJ69: =IF(ISERROR(AH69/$AH$77),"-",AH69/$AH$77) -> 0
A70: 2 | U70: =SUM(R70:T70) -> 0 | Y70: =SUM(V70:X70) -> 0 | AC70: =SUM(Z70:AB70) -> 0 | AG70: =SUM(AD70:AF70) -> 0 | AH70: =SUM(U70,Y70,AC70,AG70) -> 0 | AI70: =IF(ISERROR(AH70/J70),0,AH70/J70) -> 0 | AJ70: =IF(ISERROR(AH70/$AH$77),"-",AH70/$AH$77) -> 0
A71: TOTAL REGIÓN METROPOLITANA | J71: =SUM(J69:J70) -> 0 | K71: =SUM(K69:K70) -> 0 | M71: =SUM(M69:M70) -> 0 | N71: =SUM(N69:N70) -> 0 | O71: =SUM(O69:O70) -> 0 | R71: =SUM(R69:R70) -> 0 | S71: =SUM(S69:S70) -> 0 | T71: =SUM(T69:T70) -> 0 | U71: =SUM(U69:U70) -> 0 | V71: =SUM(V69:V70) -> 0 | W71: =SUM(W69:W70) -> 0 | X71: =SUM(X69:X70) -> 0 | Y71: =SUM(Y69:Y70) -> 0 | ... AH71: =SUM(AH69:AH70) -> 0 | AI71: =IF(ISERROR(AH71/J71),0,AH71/J71) -> 0 | AJ71: =IF(ISERROR(AH71/$AH$77),0,AH71/$AH$77) -> 0
A72: NIVEL CENTRAL | J72: 69066443000
A73: 1 | K73: 169089647 | L73: Subtítulo 21 | R73: 11590281 | S73: 39124646 | T73: 17107562 | U73: =SUM(R73:T73) -> 67822489 | V73: 13771852 | W73: 13922086 | X73: 14084349 | Y73: =SUM(V73:X73) -> 41778287 | Z73: 14084349 | AA73: 14084349 | AB73: 14466219 | AC73: =SUM(Z73:AB73) -> 42634917 | AG73: =SUM(AD73:AF73) -> 0 | AH73: =SUM(U73,Y73,AC73,AG73) -> 152235693 | AI73: =IF(ISERROR(AH73/J72),0,AH73/J72) -> 0.0022041919 | AJ73: =IF(ISERROR(AH73/$AH$77),"-",AH73/$AH$77) -> 0.0027389211
A74: 2 | K74: 646290262 | L74: Subtítulo 22 | U74: =SUM(R74:T74) -> 0 | V74: 25071338 | W74: 20158057 | X74: 22150418 | Y74: =SUM(V74:X74) -> 67379813 | Z74: 29623088 | AA74: 52669468 | AB74: 49913056 | AC74: =SUM(Z74:AB74) -> 132205612 | AG74: =SUM(AD74:AF74) -> 0 | AH74: =SUM(U74,Y74,AC74,AG74) -> 199585425 | AI74: =IF(ISERROR(AH74/J72),0,AH74/J72) -> 0.0028897597 | AJ74: =IF(ISERROR(AH74/$AH$77),"-",AH74/$AH$77) -> 0.0035908053
A75: 3 | C75: DEC. N° 15 | D75: 45797 | E75: INSTITUTO DE PREVISION SOCIAL | F75: BONIFICACION LEY 20.595 | G75: 24-01-010 | K75: 68152176000 | L75: Subtítulo 24 | U75: =SUM(R75:T75) -> 0 | V75: 4083005029 | W75: 4079256696 | X75: 15954265284 | Y75: =SUM(V75:X75) -> 24116527009 | Z75: 3907260626 | AA75: 4054982722 | AB75: 23151475983 | AC75: =SUM(Z75:AB75) -> 31113719331 | AG75: =SUM(AD75:AF75) -> 0 | AH75: =SUM(U75,Y75,AC75,AG75) -> 55230246340 | AI75: =IF(ISERROR(AH75/J72),0,AH75/J72) -> 0.79966832 | AJ75: =IF(ISERROR(AH75/$AH$77),"-",AH75/$AH$77) -> 0.99366506
A76: TOTAL NIVEL CENTRAL | J76: =J72 -> 69066443000 | K76: =SUM(K73:K75) -> 68967555909 | M76: =SUM(M73:M73) -> 0 | N76: =SUM(N73:N73) -> 0 | O76: =SUM(O73:O73) -> 0 | R76: =SUM(R73:R75) -> 11590281 | S76: =SUM(S73:S75) -> 39124646 | T76: =SUM(T73:T75) -> 17107562 | U76: =SUM(U73:U75) -> 67822489 | V76: =SUM(V73:V75) -> 4121848219 | W76: =SUM(W73:W75) -> 4113336839 | X76: =SUM(X73:X75) -> 15990500051 | Y76: =SUM(Y73:Y75) -> 24225685109 | ... AH76: =SUM(AH73:AH75) -> 55582067458 | AI76: =IF(ISERROR(AH76/J76),0,AH76/J76) -> 0.80476227 | AJ76: =IF(ISERROR(AH76/$AH$77),0,AH76/$AH$77) -> 0.99999478
A77: ="TOTAL ASIG."&" "&$A$5 -> TOTAL ASIG. 24-01-010 "Programa Bonificación Ley N°20.595" | J77: =SUM(J11,J15,J19,J23,J27,J31,J35,J39,J43,J47,J51,J55,J59,J63,J67,J71,J76) -> 69066743000 | K77: =SUM(K11,K15,K19,K23,K27,K31,K35,K39,K43,K47,K51,K55,K59,K63,K67,K71,K76) -> 68967845960 | L77: =SUM(L11,L15,L19,L23,L27,L31,L35,L39,L43,L47,L51,L55,L59,L63,L67,L71,L76) -> 0 | M77: =SUM(M11,M15,M19,M23,M27,M31,M35,M39,M43,M47,M51,M55,M59,M63,M67,M71,M76) -> 0 | N77: =SUM(N11,N15,N19,N23,N27,N31,N35,N39,N43,N47,N51,N55,N59,N63,N67,N71,N76) -> 0 | O77: =SUM(O11,O15,O19,O23,O27,O31,O35,O39,O43,O47,O51,O55,O59,O63,O67,O71,O76) -> 0 | P77: =SUM(P11,P15,P19,P23,P27,P31,P35,P39,P43,P47,P51,P55,P59,P63,P67,P71,P76) -> 0 | Q77: =SUM(Q11,Q15,Q19,Q23,Q27,Q31,Q35,Q39,Q43,Q47,Q51,Q55,Q59,Q63,Q67,Q71,Q76) -> 0 | ... AJ77: =SUM(AJ11,AJ15,AJ19,AJ23,AJ27,AJ31,AJ35,AJ39,AJ43,AJ47,AJ51,AJ55,AJ59,AJ63,AJ67,AJ71,AJ76) -> 1

Sheet 24-01-010 Res. Prog. Bonif. 
A1: PARTIDA 21-01-05 "INGRESO ÉTICO FAMILIAR Y SISTEMA CHILE SOLIDARIO"
A2: INFORME POR PROGRAMA Y REGIÓN
A3: EJECUCIÓN AL 30 SEPTIEMBRE DE 2026
A4: En pesos
A5: 24-01-010 "Programa Bonificación Ley N°20.595"
A6: REGION | B6: Presupuesto por región | C6: Total Convenios | D6: Beneficiarios | G6: EJECUCION DEVENGADA | J6: 1er. Trimestre | K6: EJECUCION DEVENGADA | N6: 2do. Trimestre | O6: EJECUCION DEVENGADA | R6: 3er. Trimestre | S6: EJECUCION DEVENGADA | V6: 4to. Trimestre | W6: Total Anual | X6: Porcentaje de:
D7: Cobertura | E7: Universo | F7: Tipo de Beneficiarios | G7: Enero | H7: Febrero | I7: Marzo | K7: Abril | L7: Mayo | M7: Junio | O7: Julio | P7: Agosto | Q7: Septiembre | S7: Octubre | T7: Noviembre | U7: Diciembre | X7: Ejecución | Y7: Participación del Gasto
A8: TARAPACÁ | B8: =+'24-01-010 Ind. Prog. Bonif. '!J11 -> 0 | C8: =+'24-01-010 Ind. Prog. Bonif. '!K11 -> 0 | D8: =+'24-01-010 Ind. Prog. Bonif. '!M11 -> 0 | E8: =+'24-01-010 Ind. Prog. Bonif. '!N11 -> 0 | F8: =+'24-01-010 Ind. Prog. Bonif. '!O11 -> 0 | G8: =+'24-01-010 Ind. Prog. Bonif. '!R11 -> 0 | H8: =+'24-01-010 Ind. Prog. Bonif. '!S11 -> 0 | I8: =+'24-01-010 Ind. Prog. Bonif. '!T11 -> 0 | J8: =+'24-01-010 Ind. Prog. Bonif. '!U11 -> 0 | K8: =+'24-01-010 Ind. Prog. Bonif. '!V11 -> 0 | L8: =+'24-01-010 Ind. Prog. Bonif. '!W11 -> 0 | M8: =+'24-01-010 Ind. Prog. Bonif. '!X11 -> 0 | N8: =+'24-01-010 Ind. Prog. Bonif. '!Y11 -> 0 | ... Y8: =+'24-01-010 Ind. Prog. Bonif. '!AJ11 -> 0
A9: ANTOFAGASTA | B9: =+'24-01-010 Ind. Prog. Bonif. '!J15 -> 0 | C9: =+'24-01-010 Ind. Prog. Bonif. '!K15 -> 0 | D9: =+'24-01-010 Ind. Prog. Bonif. '!M15 -> 0 | E9: =+'24-01-010 Ind. Prog. Bonif. '!N15 -> 0 | F9: =+'24-01-010 Ind. Prog. Bonif. '!O15 -> 0 | G9: =+'24-01-010 Ind. Prog. Bonif. '!R15 -> 0 | H9: =+'24-01-010 Ind. Prog. Bonif. '!S15 -> 0 | I9: =+'24-01-010 Ind. Prog. Bonif. '!T15 -> 0 | J9: =+'24-01-010 Ind. Prog. Bonif. '!U15 -> 0 | K9: =+'24-01-010 Ind. Prog. Bonif. '!V15 -> 0 | L9: =+'24-01-010 Ind. Prog. Bonif. '!W15 -> 0 | M9: =+'24-01-010 Ind. Prog. Bonif. '!X15 -> 0 | N9: =+'24-01-010 Ind. Prog. Bonif. '!Y15 -> 0 | ... Y9: =+'24-01-010 Ind. Prog. Bonif. '!AJ15 -> 0
A10: ATACAMA | B10: =+'24-01-010 Ind. Prog. Bonif. '!J19 -> 0 | C10: =+'24-01-010 Ind. Prog. Bonif. '!K19 -> 0 | D10: =+'24-01-010 Ind. Prog. Bonif. '!M19 -> 0 | E10: =+'24-01-010 Ind. Prog. Bonif. '!N19 -> 0 | F10: =+'24-01-010 Ind. Prog. Bonif. '!O19 -> 0 | G10: =+'24-01-010 Ind. Prog. Bonif. '!R19 -> 0 | H10: =+'24-01-010 Ind. Prog. Bonif. '!S19 -> 0 | I10: =+'24-01-010 Ind. Prog. Bonif. '!T19 -> 0 | J10: =+'24-01-010 Ind. Prog. Bonif. '!U19 -> 0 | K10: =+'24-01-010 Ind. Prog. Bonif. '!V19 -> 0 | L10: =+'24-01-010 Ind. Prog. Bonif. '!W19 -> 0 | M10: =+'24-01-010 Ind. Prog. Bonif. '!X19 -> 0 | N10: =+'24-01-010 Ind. Prog. Bonif. '!Y19 -> 0 | ... Y10: =+'24-01-010 Ind. Prog. Bonif. '!AJ19 -> 0
A11: COQUIMBO | B11: =+'24-01-010 Ind. Prog. Bonif. '!J23 -> 0 | C11: =+'24-01-010 Ind. Prog. Bonif. '!K23 -> 0 | D11: =+'24-01-010 Ind. Prog. Bonif. '!M23 -> 0 | E11: =+'24-01-010 Ind. Prog. Bonif. '!N23 -> 0 | F11: =+'24-01-010 Ind. Prog. Bonif. '!O23 -> 0 | G11: =+'24-01-010 Ind. Prog. Bonif. '!R23 -> 0 | H11: =+'24-01-010 Ind. Prog. Bonif. '!S23 -> 0 | I11: =+'24-01-010 Ind. Prog. Bonif. '!T23 -> 0 | J11: =+'24-01-010 Ind. Prog. Bonif. '!U23 -> 0 | K11: =+'24-01-010 Ind. Prog. Bonif. '!V23 -> 0 | L11: =+'24-01-010 Ind. Prog. Bonif. '!W23 -> 0 | M11: =+'24-01-010 Ind. Prog. Bonif. '!X23 -> 0 | N11: =+'24-01-010 Ind. Prog. Bonif. '!Y23 -> 0 | ... Y11: =+'24-01-010 Ind. Prog. Bonif. '!AJ23 -> 0
A12: VALPARAÍSO | B12: =+'24-01-010 Ind. Prog. Bonif. '!J27 -> 300000 | C12: =+'24-01-010 Ind. Prog. Bonif. '!K27 -> 290051 | D12: =+'24-01-010 Ind. Prog. Bonif. '!M27 -> 0 | E12: =+'24-01-010 Ind. Prog. Bonif. '!N27 -> 0 | F12: =+'24-01-010 Ind. Prog. Bonif. '!O27 -> 0 | G12: =+'24-01-010 Ind. Prog. Bonif. '!R27 -> 0 | H12: =+'24-01-010 Ind. Prog. Bonif. '!S27 -> 0 | I12: =+'24-01-010 Ind. Prog. Bonif. '!T27 -> 0 | J12: =+'24-01-010 Ind. Prog. Bonif. '!U27 -> 0 | K12: =+'24-01-010 Ind. Prog. Bonif. '!V27 -> 0 | L12: =+'24-01-010 Ind. Prog. Bonif. '!W27 -> 199920 | M12: =+'24-01-010 Ind. Prog. Bonif. '!X27 -> 0 | N12: =+'24-01-010 Ind. Prog. Bonif. '!Y27 -> 199920 | ... Y12: =+'24-01-010 Ind. Prog. Bonif. '!AJ27 -> 5.2184005e-06
A13: LIBERTADOR B. O HIGGINS | B13: =+'24-01-010 Ind. Prog. Bonif. '!J31 -> 0 | C13: =+'24-01-010 Ind. Prog. Bonif. '!K31 -> 0 | D13: =+'24-01-010 Ind. Prog. Bonif. '!M31 -> 0 | E13: =+'24-01-010 Ind. Prog. Bonif. '!N31 -> 0 | F13: =+'24-01-010 Ind. Prog. Bonif. '!O31 -> 0 | G13: =+'24-01-010 Ind. Prog. Bonif. '!R31 -> 0 | H13: =+'24-01-010 Ind. Prog. Bonif. '!S31 -> 0 | I13: =+'24-01-010 Ind. Prog. Bonif. '!T31 -> 0 | J13: =+'24-01-010 Ind. Prog. Bonif. '!U31 -> 0 | K13: =+'24-01-010 Ind. Prog. Bonif. '!V31 -> 0 | L13: =+'24-01-010 Ind. Prog. Bonif. '!W31 -> 0 | M13: =+'24-01-010 Ind. Prog. Bonif. '!X31 -> 0 | N13: =+'24-01-010 Ind. Prog. Bonif. '!Y31 -> 0 | ... Y13: =+'24-01-010 Ind. Prog. Bonif. '!AJ31 -> 0
A14: MAULE | B14: =+'24-01-010 Ind. Prog. Bonif. '!J35 -> 0 | C14: =+'24-01-010 Ind. Prog. Bonif. '!K35 -> 0 | D14: =+'24-01-010 Ind. Prog. Bonif. '!M35 -> 0 | E14: =+'24-01-010 Ind. Prog. Bonif. '!N35 -> 0 | F14: =+'24-01-010 Ind. Prog. Bonif. '!O35 -> 0 | G14: =+'24-01-010 Ind. Prog. Bonif. '!R35 -> 0 | H14: =+'24-01-010 Ind. Prog. Bonif. '!S35 -> 0 | I14: =+'24-01-010 Ind. Prog. Bonif. '!T35 -> 0 | J14: =+'24-01-010 Ind. Prog. Bonif. '!U35 -> 0 | K14: =+'24-01-010 Ind. Prog. Bonif. '!V35 -> 0 | L14: =+'24-01-010 Ind. Prog. Bonif. '!W35 -> 0 | M14: =+'24-01-010 Ind. Prog. Bonif. '!X35 -> 0 | N14: =+'24-01-010 Ind. Prog. Bonif. '!Y35 -> 0 | ... Y14: =+'24-01-010 Ind. Prog. Bonif. '!AJ35 -> 0
A15: BIOBÍO | B15: =+'24-01-010 Ind. Prog. Bonif. '!J39 -> 0 | C15: =+'24-01-010 Ind. Prog. Bonif. '!K39 -> 0 | D15: =+'24-01-010 Ind. Prog. Bonif. '!M39 -> 0 | E15: =+'24-01-010 Ind. Prog. Bonif. '!N39 -> 0 | F15: =+'24-01-010 Ind. Prog. Bonif. '!O39 -> 0 | G15: =+'24-01-010 Ind. Prog. Bonif. '!R39 -> 0 | H15: =+'24-01-010 Ind. Prog. Bonif. '!S39 -> 0 | I15: =+'24-01-010 Ind. Prog. Bonif. '!T39 -> 0 | J15: =+'24-01-010 Ind. Prog. Bonif. '!U39 -> 0 | K15: =+'24-01-010 Ind. Prog. Bonif. '!V39 -> 0 | L15: =+'24-01-010 Ind. Prog. Bonif. '!W39 -> 0 | M15: =+'24-01-010 Ind. Prog. Bonif. '!X39 -> 0 | N15: =+'24-01-010 Ind. Prog. Bonif. '!Y39 -> 0 | ... Y15: =+'24-01-010 Ind. Prog. Bonif. '!AJ39 -> 0
A16: ARAUCANÍA | B16: =+'24-01-010 Ind. Prog. Bonif. '!J43 -> 0 | C16: =+'24-01-010 Ind. Prog. Bonif. '!K43 -> 0 | D16: =+'24-01-010 Ind. Prog. Bonif. '!M43 -> 0 | E16: =+'24-01-010 Ind. Prog. Bonif. '!N43 -> 0 | F16: =+'24-01-010 Ind. Prog. Bonif. '!O43 -> 0 | G16: =+'24-01-010 Ind. Prog. Bonif. '!R43 -> 0 | H16: =+'24-01-010 Ind. Prog. Bonif. '!S43 -> 0 | I16: =+'24-01-010 Ind. Prog. Bonif. '!T43 -> 0 | J16: =+'24-01-010 Ind. Prog. Bonif. '!U43 -> 0 | K16: =+'24-01-010 Ind. Prog. Bonif. '!V43 -> 0 | L16: =+'24-01-010 Ind. Prog. Bonif. '!W43 -> 0 | M16: =+'24-01-010 Ind. Prog. Bonif. '!X43 -> 0 | N16: =+'24-01-010 Ind. Prog. Bonif. '!Y43 -> 0 | ... Y16: =+'24-01-010 Ind. Prog. Bonif. '!AJ43 -> 0
A17: LOS LAGOS | B17: =+'24-01-010 Ind. Prog. Bonif. '!J47 -> 0 | C17: =+'24-01-010 Ind. Prog. Bonif. '!K47 -> 0 | D17: =+'24-01-010 Ind. Prog. Bonif. '!M47 -> 0 | E17: =+'24-01-010 Ind. Prog. Bonif. '!N47 -> 0 | F17: =+'24-01-010 Ind. Prog. Bonif. '!O47 -> 0 | G17: =+'24-01-010 Ind. Prog. Bonif. '!R47 -> 0 | H17: =+'24-01-010 Ind. Prog. Bonif. '!S47 -> 0 | I17: =+'24-01-010 Ind. Prog. Bonif. '!T47 -> 0 | J17: =+'24-01-010 Ind. Prog. Bonif. '!U47 -> 0 | K17: =+'24-01-010 Ind. Prog. Bonif. '!V47 -> 0 | L17: =+'24-01-010 Ind. Prog. Bonif. '!W47 -> 0 | M17: =+'24-01-010 Ind. Prog. Bonif. '!X47 -> 0 | N17: =+'24-01-010 Ind. Prog. Bonif. '!Y47 -> 0 | ... X17: =+'24-01-010 Ind. Prog. Bonif. '!AI47 -> 0 | Y17: =+'24-01-010 Ind. Prog. Bonif. '!AJ44 -> 0
A18: AYSÉN | B18: =+'24-01-010 Ind. Prog. Bonif. '!J51 -> 0 | C18: =+'24-01-010 Ind. Prog. Bonif. '!K51 -> 0 | D18: =+'24-01-010 Ind. Prog. Bonif. '!M51 -> 0 | E18: =+'24-01-010 Ind. Prog. Bonif. '!N51 -> 0 | F18: =+'24-01-010 Ind. Prog. Bonif. '!O51 -> 0 | G18: =+'24-01-010 Ind. Prog. Bonif. '!R51 -> 0 | H18: =+'24-01-010 Ind. Prog. Bonif. '!S51 -> 0 | I18: =+'24-01-010 Ind. Prog. Bonif. '!T51 -> 0 | J18: =+'24-01-010 Ind. Prog. Bonif. '!U51 -> 0 | K18: =+'24-01-010 Ind. Prog. Bonif. '!V51 -> 0 | L18: =+'24-01-010 Ind. Prog. Bonif. '!W51 -> 0 | M18: =+'24-01-010 Ind. Prog. Bonif. '!X51 -> 0 | N18: =+'24-01-010 Ind. Prog. Bonif. '!Y51 -> 0 | ... Y18: =+'24-01-010 Ind. Prog. Bonif. '!AJ51 -> 0
A19: MAGALLANES | B19: =+'24-01-010 Ind. Prog. Bonif. '!J55 -> 0 | C19: =+'24-01-010 Ind. Prog. Bonif. '!K55 -> 0 | D19: =+'24-01-010 Ind. Prog. Bonif. '!M55 -> 0 | E19: =+'24-01-010 Ind. Prog. Bonif. '!N55 -> 0 | F19: =+'24-01-010 Ind. Prog. Bonif. '!O55 -> 0 | G19: =+'24-01-010 Ind. Prog. Bonif. '!R55 -> 0 | H19: =+'24-01-010 Ind. Prog. Bonif. '!S55 -> 0 | I19: =+'24-01-010 Ind. Prog. Bonif. '!T55 -> 0 | J19: =+'24-01-010 Ind. Prog. Bonif. '!U55 -> 0 | K19: =+'24-01-010 Ind. Prog. Bonif. '!V55 -> 0 | L19: =+'24-01-010 Ind. Prog. Bonif. '!W55 -> 0 | M19: =+'24-01-010 Ind. Prog. Bonif. '!X55 -> 0 | N19: =+'24-01-010 Ind. Prog. Bonif. '!Y55 -> 0 | ... Y19: =+'24-01-010 Ind. Prog. Bonif. '!AJ55 -> 0
A20: LOS RÍOS | B20: =+'24-01-010 Ind. Prog. Bonif. '!J59 -> 0 | C20: =+'24-01-010 Ind. Prog. Bonif. '!K59 -> 0 | D20: =+'24-01-010 Ind. Prog. Bonif. '!M59 -> 0 | E20: =+'24-01-010 Ind. Prog. Bonif. '!N59 -> 0 | F20: =+'24-01-010 Ind. Prog. Bonif. '!O59 -> 0 | G20: =+'24-01-010 Ind. Prog. Bonif. '!R59 -> 0 | H20: =+'24-01-010 Ind. Prog. Bonif. '!S59 -> 0 | I20: =+'24-01-010 Ind. Prog. Bonif. '!T59 -> 0 | J20: =+'24-01-010 Ind. Prog. Bonif. '!U59 -> 0 | K20: =+'24-01-010 Ind. Prog. Bonif. '!V59 -> 0 | L20: =+'24-01-010 Ind. Prog. Bonif. '!W59 -> 0 | M20: =+'24-01-010 Ind. Prog. Bonif. '!X59 -> 0 | N20: =+'24-01-010 Ind. Prog. Bonif. '!Y59 -> 0 | ... Y20: =+'24-01-010 Ind. Prog. Bonif. '!AJ59 -> 0
A21: ARICA Y PARINACOTA | B21: =+'24-01-010 Ind. Prog. Bonif. '!J63 -> 0 | C21: =+'24-01-010 Ind. Prog. Bonif. '!K63 -> 0 | D21: =+'24-01-010 Ind. Prog. Bonif. '!M63 -> 0 | E21: =+'24-01-010 Ind. Prog. Bonif. '!N63 -> 0 | F21: =+'24-01-010 Ind. Prog. Bonif. '!O63 -> 0 | G21: =+'24-01-010 Ind. Prog. Bonif. '!R63 -> 0 | H21: =+'24-01-010 Ind. Prog. Bonif. '!S63 -> 0 | I21: =+'24-01-010 Ind. Prog. Bonif. '!T63 -> 0 | J21: =+'24-01-010 Ind. Prog. Bonif. '!U63 -> 0 | K21: =+'24-01-010 Ind. Prog. Bonif. '!V63 -> 0 | L21: =+'24-01-010 Ind. Prog. Bonif. '!W63 -> 0 | M21: =+'24-01-010 Ind. Prog. Bonif. '!X63 -> 0 | N21: =+'24-01-010 Ind. Prog. Bonif. '!Y63 -> 0 | ... Y21: =+'24-01-010 Ind. Prog. Bonif. '!AJ63 -> 0
A22: ÑUBLE | B22: =+'24-01-010 Ind. Prog. Bonif. '!J67 -> 0 | C22: =+'24-01-010 Ind. Prog. Bonif. '!K67 -> 0 | D22: =+'24-01-010 Ind. Prog. Bonif. '!M64 -> 0 | E22: =+'24-01-010 Ind. Prog. Bonif. '!N64 -> 0 | F22: =+'24-01-010 Ind. Prog. Bonif. '!O64 -> 0 | G22: =+'24-01-010 Ind. Prog. Bonif. '!R64 -> 0 | H22: =+'24-01-010 Ind. Prog. Bonif. '!S64 -> 0 | I22: =+'24-01-010 Ind. Prog. Bonif. '!T64 -> 0 | J22: =+'24-01-010 Ind. Prog. Bonif. '!U67 -> 0 | K22: =+'24-01-010 Ind. Prog. Bonif. '!V64 -> 0 | L22: =+'24-01-010 Ind. Prog. Bonif. '!W64 -> 0 | M22: =+'24-01-010 Ind. Prog. Bonif. '!X64 -> 0 | N22: =+'24-01-010 Ind. Prog. Bonif. '!Y67 -> 0 | O22: =+'24-01-010 Ind. Prog. Bonif. '!Z64 -> 0 | P22: =+'24-01-010 Ind. Prog. Bonif. '!AA64 -> 0 | Q22: =+'24-01-010 Ind. Prog. Bonif. '!AB64 -> 0 | R22: =+'24-01-010 Ind. Prog. Bonif. '!AC67 -> 0 | S22: =+'24-01-010 Ind. Prog. Bonif. '!AD64 -> 0 | T22: =+'24-01-010 Ind. Prog. Bonif. '!AE64 -> 0 | U22: =+'24-01-010 Ind. Prog. Bonif. '!AF64 -> 0 | V22: =+'24-01-010 Ind. Prog. Bonif. '!AG67 -> 0 | W22: =+'24-01-010 Ind. Prog. Bonif. '!AH67 -> 0 | X22: =+'24-01-010 Ind. Prog. Bonif. '!AI67 -> 0 | Y22: =+'24-01-010 Ind. Prog. Bonif. '!AJ67 -> 0
A23: METROPOLITANA | B23: =+'24-01-010 Ind. Prog. Bonif. '!J71 -> 0 | C23: =+'24-01-010 Ind. Prog. Bonif. '!K71 -> 0 | D23: =+'24-01-010 Ind. Prog. Bonif. '!M71 -> 0 | E23: =+'24-01-010 Ind. Prog. Bonif. '!N71 -> 0 | F23: =+'24-01-010 Ind. Prog. Bonif. '!O71 -> 0 | G23: =+'24-01-010 Ind. Prog. Bonif. '!R71 -> 0 | H23: =+'24-01-010 Ind. Prog. Bonif. '!S71 -> 0 | I23: =+'24-01-010 Ind. Prog. Bonif. '!T71 -> 0 | J23: =+'24-01-010 Ind. Prog. Bonif. '!U71 -> 0 | K23: =+'24-01-010 Ind. Prog. Bonif. '!V71 -> 0 | L23: =+'24-01-010 Ind. Prog. Bonif. '!W71 -> 0 | M23: =+'24-01-010 Ind. Prog. Bonif. '!X71 -> 0 | N23: =+'24-01-010 Ind. Prog. Bonif. '!Y71 -> 0 | ... Y23: =+'24-01-010 Ind. Prog. Bonif. '!AJ71 -> 0
A24: NIVEL CENTRAL | B24: =+'24-01-010 Ind. Prog. Bonif. '!J76 -> 69066443000 | C24: =+'24-01-010 Ind. Prog. Bonif. '!K76 -> 68967555909 | D24: =+'24-01-010 Ind. Prog. Bonif. '!M76 -> 0 | E24: =+'24-01-010 Ind. Prog. Bonif. '!N76 -> 0 | F24: =+'24-01-010 Ind. Prog. Bonif. '!O76 -> 0 | G24: =+'24-01-010 Ind. Prog. Bonif. '!R76 -> 11590281 | H24: =+'24-01-010 Ind. Prog. Bonif. '!S76 -> 39124646 | I24: =+'24-01-010 Ind. Prog. Bonif. '!T76 -> 17107562 | J24: =+'24-01-010 Ind. Prog. Bonif. '!U76 -> 67822489 | K24: =+'24-01-010 Ind. Prog. Bonif. '!V76 -> 4121848219 | L24: =+'24-01-010 Ind. Prog. Bonif. '!W76 -> 4113336839 | M24: =+'24-01-010 Ind. Prog. Bonif. '!X76 -> 15990500051 | N24: =+'24-01-010 Ind. Prog. Bonif. '!Y76 -> 24225685109 | ... Y24: =+'24-01-010 Ind. Prog. Bonif. '!AJ76 -> 0.99999478
A25: ="TOTAL ASIG."&" "&$A$5 -> TOTAL ASIG. 24-01-010 "Programa Bonificación Ley N°20.595" | B25: =SUM(B8:B24) -> 69066743000 | C25: =SUM(C8:C24) -> 68967845960 | D25: =SUM(D8:D24) -> 0 | E25: =SUM(E8:E24) -> 0 | F25: =SUM(F8:F24) -> 0 | G25: =SUM(G8:G24) -> 11590281 | H25: =SUM(H8:H24) -> 39124646 | I25: =SUM(I8:I24) -> 17107562 | ... W25: =SUM(W8:W24) -> 55582357509 | X25: =+'24-01-010 Ind. Prog. Bonif. '!AI77 -> 1.7715989 | Y25: ='24-01-010 Ind. Prog. Bonif. '!AJ77 -> 1

Sheet 24-01-337 Ind. Bonos Art. 2
A1: PARTIDA 21-01-05 "INGRESO ÉTICO FAMILIAR Y SISTEMA CHILE SOLIDARIO"
A2: INFORME POR PROGRAMA Y REGIÓN
A3: EJECUCIÓN AL 30 SEPTIEMBRE DE 2026
A4: En pesos
A5: 24-01-337 "Bonos Art. 2 Transitorio, Ley N°19,949"
A6: Nº | B6: Código Proyecto | C6: REGION | D6: Fecha | E6: Nombre y Razón Social del Ejecutor | F6: Denominación del Programa- Convenio o Transferencia | G6: Modalidad de Asignación | H6: Vigencia del Convenio | J6: Presupuesto por región | K6: Monto del convenio | L6: Productos/y/o Actividades | M6: Beneficiarios | P6: Modalidad de Pago | Q6: Observaciones | R6: EJECUCION DEVENGADA | U6: 1er. Trimestre | V6: EJECUCION DEVENGADA | Y6: 2do. Trimestre | Z6: EJECUCION DEVENGADA | AC6: 3er. Trimestre | AD6: EJECUCION DEVENGADA | AG6: 4to. Trimestre | AH6: Total Anual | AI6: Porcentaje de Participación:
C7: Resolución o Decreto | H7: Inicio | I7: Término | M7: Cobertura | N7: Universo | O7: Tipo de Beneficiarios | R7: Enero | S7: Febrero | T7: Marzo | V7: Abril | W7: Mayo | X7: Junio | Z7: Julio | AA7: Agosto | AB7: Septiembre | AD7: Octubre | AE7: Noviembre | AF7: Diciembre | AI7: Ejecución | AJ7: Del Gasto
A8: TARAPACÁ
A9: 1 | U9: =SUM(R9:T9) -> 0 | Y9: =SUM(V9:X9) -> 0 | AC9: =SUM(Z9:AB9) -> 0 | AG9: =SUM(AD9:AF9) -> 0 | AH9: =SUM(U9,Y9,AC9,AG9) -> 0 | AI9: =IF(ISERROR(AH9/J9),0,AH9/J9) -> 0 | AJ9: =IF(ISERROR(AH9/$AH$75),"-",AH9/$AH$75) -> 0
A10: 2 | U10: =SUM(R10:T10) -> 0 | Y10: =SUM(V10:X10) -> 0 | AC10: =SUM(Z10:AB10) -> 0 | AG10: =SUM(AD10:AF10) -> 0 | AH10: =SUM(U10,Y10,AC10,AG10) -> 0 | AI10: =IF(ISERROR(AH10/J10),0,AH10/J10) -> 0 | AJ10: =IF(ISERROR(AH10/$AH$75),"-",AH10/$AH$75) -> 0
A11: TOTAL REGIÓN DE TARAPACÁ | J11: =SUM(J9:J10) -> 0 | K11: =SUM(K9:K10) -> 0 | M11: =SUM(M9:M10) -> 0 | N11: =SUM(N9:N10) -> 0 | O11: =SUM(O9:O10) -> 0 | R11: =SUM(R9:R10) -> 0 | S11: =SUM(S9:S10) -> 0 | T11: =SUM(T9:T10) -> 0 | U11: =SUM(U9:U10) -> 0 | V11: =SUM(V9:V10) -> 0 | W11: =SUM(W9:W10) -> 0 | X11: =SUM(X9:X10) -> 0 | Y11: =SUM(Y9:Y10) -> 0 | ... AH11: =SUM(AH9:AH10) -> 0 | AI11: =IF(ISERROR(AH11/J11),0,AH11/J11) -> 0 | AJ11: =IF(ISERROR(AH11/$AH$75),0,AH11/$AH$75) -> 0
A12: ANTOFAGASTA
A13: 1 | U13: =SUM(R13:T13) -> 0 | Y13: =SUM(V13:X13) -> 0 | AC13: =SUM(Z13:AB13) -> 0 | AG13: =SUM(AD13:AF13) -> 0 | AH13: =SUM(U13,Y13,AC13,AG13) -> 0 | AI13: =IF(ISERROR(AH13/J13),0,AH13/J13) -> 0 | AJ13: =IF(ISERROR(AH13/$AH$75),"-",AH13/$AH$75) -> 0
A14: 2 | U14: =SUM(R14:T14) -> 0 | Y14: =SUM(V14:X14) -> 0 | AC14: =SUM(Z14:AB14) -> 0 | AG14: =SUM(AD14:AF14) -> 0 | AH14: =SUM(U14,Y14,AC14,AG14) -> 0 | AI14: =IF(ISERROR(AH14/J14),0,AH14/J14) -> 0 | AJ14: =IF(ISERROR(AH14/$AH$75),"-",AH14/$AH$75) -> 0
A15: TOTAL REGIÓN DE ANTOFAGASTA | J15: =SUM(J13:J14) -> 0 | K15: =SUM(K13:K14) -> 0 | M15: =SUM(M13:M14) -> 0 | N15: =SUM(N13:N14) -> 0 | O15: =SUM(O13:O14) -> 0 | R15: =SUM(R13:R14) -> 0 | S15: =SUM(S13:S14) -> 0 | T15: =SUM(T13:T14) -> 0 | U15: =SUM(U13:U14) -> 0 | V15: =SUM(V13:V14) -> 0 | W15: =SUM(W13:W14) -> 0 | X15: =SUM(X13:X14) -> 0 | Y15: =SUM(Y13:Y14) -> 0 | ... AH15: =SUM(AH13:AH14) -> 0 | AI15: =IF(ISERROR(AH15/J15),0,AH15/J15) -> 0 | AJ15: =IF(ISERROR(AH15/$AH$75),0,AH15/$AH$75) -> 0
A16: ATACAMA
A17: 1 | U17: =SUM(R17:T17) -> 0 | Y17: =SUM(V17:X17) -> 0 | AC17: =SUM(Z17:AB17) -> 0 | AG17: =SUM(AD17:AF17) -> 0 | AH17: =SUM(U17,Y17,AC17,AG17) -> 0 | AI17: =IF(ISERROR(AH17/J17),0,AH17/J17) -> 0 | AJ17: =IF(ISERROR(AH17/$AH$75),"-",AH17/$AH$75) -> 0
A18: 2 | U18: =SUM(R18:T18) -> 0 | Y18: =SUM(V18:X18) -> 0 | AC18: =SUM(Z18:AB18) -> 0 | AG18: =SUM(AD18:AF18) -> 0 | AH18: =SUM(U18,Y18,AC18,AG18) -> 0 | AI18: =IF(ISERROR(AH18/J18),0,AH18/J18) -> 0 | AJ18: =IF(ISERROR(AH18/$AH$75),"-",AH18/$AH$75) -> 0
A19: TOTAL REGIÓN DE ATACAMA | J19: =SUM(J17:J18) -> 0 | K19: =SUM(K17:K18) -> 0 | M19: =SUM(M17:M18) -> 0 | N19: =SUM(N17:N18) -> 0 | O19: =SUM(O17:O18) -> 0 | R19: =SUM(R17:R18) -> 0 | S19: =SUM(S17:S18) -> 0 | T19: =SUM(T17:T18) -> 0 | U19: =SUM(U17:U18) -> 0 | V19: =SUM(V17:V18) -> 0 | W19: =SUM(W17:W18) -> 0 | X19: =SUM(X17:X18) -> 0 | Y19: =SUM(Y17:Y18) -> 0 | ... AH19: =SUM(AH17:AH18) -> 0 | AI19: =IF(ISERROR(AH19/J19),0,AH19/J19) -> 0 | AJ19: =IF(ISERROR(AH19/$AH$75),0,AH19/$AH$75) -> 0
A20: COQUIMBO
A21: 1 | U21: =SUM(R21:T21) -> 0 | Y21: =SUM(V21:X21) -> 0 | AC21: =SUM(Z21:AB21) -> 0 | AG21: =SUM(AD21:AF21) -> 0 | AH21: =SUM(U21,Y21,AC21,AG21) -> 0 | AI21: =IF(ISERROR(AH21/J21),0,AH21/J21) -> 0 | AJ21: =IF(ISERROR(AH21/$AH$75),"-",AH21/$AH$75) -> 0
A22: 2 | U22: =SUM(R22:T22) -> 0 | Y22: =SUM(V22:X22) -> 0 | AC22: =SUM(Z22:AB22) -> 0 | AG22: =SUM(AD22:AF22) -> 0 | AH22: =SUM(U22,Y22,AC22,AG22) -> 0 | AI22: =IF(ISERROR(AH22/J22),0,AH22/J22) -> 0 | AJ22: =IF(ISERROR(AH22/$AH$75),"-",AH22/$AH$75) -> 0
A23: TOTAL REGIÓN DE COQUIMBO | J23: =SUM(J21:J22) -> 0 | K23: =SUM(K21:K22) -> 0 | M23: =SUM(M21:M22) -> 0 | N23: =SUM(N21:N22) -> 0 | O23: =SUM(O21:O22) -> 0 | R23: =SUM(R21:R22) -> 0 | S23: =SUM(S21:S22) -> 0 | T23: =SUM(T21:T22) -> 0 | U23: =SUM(U21:U22) -> 0 | V23: =SUM(V21:V22) -> 0 | W23: =SUM(W21:W22) -> 0 | X23: =SUM(X21:X22) -> 0 | Y23: =SUM(Y21:Y22) -> 0 | ... AH23: =SUM(AH21:AH22) -> 0 | AI23: =IF(ISERROR(AH23/J23),0,AH23/J23) -> 0 | AJ23: =IF(ISERROR(AH23/$AH$75),0,AH23/$AH$75) -> 0
A24: VALPARAÍSO
A25: 1 | U25: =SUM(R25:T25) -> 0 | Y25: =SUM(V25:X25) -> 0 | AC25: =SUM(Z25:AB25) -> 0 | AE25: 0 | AF25: 0 | AG25: =SUM(AD25:AF25) -> 0 | AH25: =SUM(U25,Y25,AC25,AG25) -> 0 | AI25: =IF(ISERROR(AH25/J25),0,AH25/J25) -> 0 | AJ25: =IF(ISERROR(AH25/$AH$75),"-",AH25/$AH$75) -> 0
A26: 2 | U26: =SUM(R26:T26) -> 0 | Y26: =SUM(V26:X26) -> 0 | AC26: =SUM(Z26:AB26) -> 0 | AE26: 0 | AF26: 0 | AG26: =SUM(AD26:AF26) -> 0 | AH26: =SUM(U26,Y26,AC26,AG26) -> 0 | AI26: =IF(ISERROR(AH26/J26),0,AH26/J26) -> 0 | AJ26: =IF(ISERROR(AH26/$AH$75),"-",AH26/$AH$75) -> 0
A27: TOTAL REGIÓN DE VALPARAÍSO | J27: =SUM(J25:J26) -> 0 | K27: =SUM(K25:K26) -> 0 | M27: =SUM(M25:M26) -> 0 | N27: =SUM(N25:N26) -> 0 | O27: =SUM(O25:O26) -> 0 | R27: =SUM(R25:R26) -> 0 | S27: =SUM(S25:S26) -> 0 | T27: =SUM(T25:T26) -> 0 | U27: =SUM(U25:U26) -> 0 | V27: =SUM(V25:V26) -> 0 | W27: =SUM(W25:W26) -> 0 | X27: =SUM(X25:X26) -> 0 | Y27: =SUM(Y25:Y26) -> 0 | ... AH27: =SUM(AH25:AH26) -> 0 | AI27: =IF(ISERROR(AH27/J27),0,AH27/J27) -> 0 | AJ27: =IF(ISERROR(AH27/$AH$75),0,AH27/$AH$75) -> 0
A28: LIBERTADOR B. O HIGGINS
A29: 1 | U29: =SUM(R29:T29) -> 0 | Y29: =SUM(V29:X29) -> 0 | AC29: =SUM(Z29:AB29) -> 0 | AG29: =SUM(AD29:AF29) -> 0 | AH29: =SUM(U29,Y29,AC29,AG29) -> 0 | AI29: =IF(ISERROR(AH29/J29),0,AH29/J29) -> 0 | AJ29: =IF(ISERROR(AH29/$AH$75),"-",AH29/$AH$75) -> 0
A30: 2 | U30: =SUM(R30:T30) -> 0 | Y30: =SUM(V30:X30) -> 0 | AC30: =SUM(Z30:AB30) -> 0 | AG30: =SUM(AD30:AF30) -> 0 | AH30: =SUM(U30,Y30,AC30,AG30) -> 0 | AI30: =IF(ISERROR(AH30/J30),0,AH30/J30) -> 0 | AJ30: =IF(ISERROR(AH30/$AH$75),"-",AH30/$AH$75) -> 0
A31: TOTAL REGIÓN DEL LIBERTADOR GENERAL BERNARDO O'HIGGINS | J31: =SUM(J29:J30) -> 0 | K31: =SUM(K29:K30) -> 0 | M31: =SUM(M29:M30) -> 0 | N31: =SUM(N29:N30) -> 0 | O31: =SUM(O29:O30) -> 0 | R31: =SUM(R29:R30) -> 0 | S31: =SUM(S29:S30) -> 0 | T31: =SUM(T29:T30) -> 0 | U31: =SUM(U29:U30) -> 0 | V31: =SUM(V29:V30) -> 0 | W31: =SUM(W29:W30) -> 0 | X31: =SUM(X29:X30) -> 0 | Y31: =SUM(Y29:Y30) -> 0 | ... AH31: =SUM(AH29:AH30) -> 0 | AI31: =IF(ISERROR(AH31/J31),0,AH31/J31) -> 0 | AJ31: =IF(ISERROR(AH31/$AH$75),0,AH31/$AH$75) -> 0
A32: MAULE
A33: 1 | U33: =SUM(R33:T33) -> 0 | Y33: =SUM(V33:X33) -> 0 | AC33: =SUM(Z33:AB33) -> 0 | AG33: =SUM(AD33:AF33) -> 0 | AH33: =SUM(U33,Y33,AC33,AG33) -> 0 | AI33: =IF(ISERROR(AH33/J33),0,AH33/J33) -> 0 | AJ33: =IF(ISERROR(AH33/$AH$75),"-",AH33/$AH$75) -> 0
A34: 2 | U34: =SUM(R34:T34) -> 0 | Y34: =SUM(V34:X34) -> 0 | AC34: =SUM(Z34:AB34) -> 0 | AG34: =SUM(AD34:AF34) -> 0 | AH34: =SUM(U34,Y34,AC34,AG34) -> 0 | AI34: =IF(ISERROR(AH34/J34),0,AH34/J34) -> 0 | AJ34: =IF(ISERROR(AH34/$AH$75),"-",AH34/$AH$75) -> 0
A35: TOTAL REGIÓN DEL MAULE | J35: =SUM(J33:J34) -> 0 | K35: =SUM(K33:K34) -> 0 | M35: =SUM(M33:M34) -> 0 | N35: =SUM(N33:N34) -> 0 | O35: =SUM(O33:O34) -> 0 | R35: =SUM(R33:R34) -> 0 | S35: =SUM(S33:S34) -> 0 | T35: =SUM(T33:T34) -> 0 | U35: =SUM(U33:U34) -> 0 | V35: =SUM(V33:V34) -> 0 | W35: =SUM(W33:W34) -> 0 | X35: =SUM(X33:X34) -> 0 | Y35: =SUM(Y33:Y34) -> 0 | ... AH35: =SUM(AH33:AH34) -> 0 | AI35: =IF(ISERROR(AH35/J35),0,AH35/J35) -> 0 | AJ35: =IF(ISERROR(AH35/$AH$75),0,AH35/$AH$75) -> 0
A36: BIOBÍO
A37: 1 | U37: =SUM(R37:T37) -> 0 | Y37: =SUM(V37:X37) -> 0 | AC37: =SUM(Z37:AB37) -> 0 | AG37: =SUM(AD37:AF37) -> 0 | AH37: =SUM(U37,Y37,AC37,AG37) -> 0 | AI37: =IF(ISERROR(AH37/J37),0,AH37/J37) -> 0 | AJ37: =IF(ISERROR(AH37/$AH$75),"-",AH37/$AH$75) -> 0
A38: 2 | U38: =SUM(R38:T38) -> 0 | Y38: =SUM(V38:X38) -> 0 | AC38: =SUM(Z38:AB38) -> 0 | AG38: =SUM(AD38:AF38) -> 0 | AH38: =SUM(U38,Y38,AC38,AG38) -> 0 | AI38: =IF(ISERROR(AH38/J38),0,AH38/J38) -> 0 | AJ38: =IF(ISERROR(AH38/$AH$75),"-",AH38/$AH$75) -> 0
A39: TOTAL REGIÓN DEL BIOBÍO | J39: =SUM(J37:J38) -> 0 | K39: =SUM(K37:K38) -> 0 | M39: =SUM(M37:M38) -> 0 | N39: =SUM(N37:N38) -> 0 | O39: =SUM(O37:O38) -> 0 | R39: =SUM(R37:R38) -> 0 | S39: =SUM(S37:S38) -> 0 | T39: =SUM(T37:T38) -> 0 | U39: =SUM(U37:U38) -> 0 | V39: =SUM(V37:V38) -> 0 | W39: =SUM(W37:W38) -> 0 | X39: =SUM(X37:X38) -> 0 | Y39: =SUM(Y37:Y38) -> 0 | ... AH39: =SUM(AH37:AH38) -> 0 | AI39: =IF(ISERROR(AH39/J39),0,AH39/J39) -> 0 | AJ39: =IF(ISERROR(AH39/$AH$75),0,AH39/$AH$75) -> 0
A40: ARAUCANÍA
A41: 1 | U41: =SUM(R41:T41) -> 0 | Y41: =SUM(V41:X41) -> 0 | AC41: =SUM(Z41:AB41) -> 0 | AE41: 0 | AF41: 0 | AG41: =SUM(AD41:AF41) -> 0 | AH41: =SUM(U41,Y41,AC41,AG41) -> 0 | AI41: =IF(ISERROR(AH41/J41),0,AH41/J41) -> 0 | AJ41: =IF(ISERROR(AH41/$AH$75),"-",AH41/$AH$75) -> 0
A42: 2 | U42: =SUM(R42:T42) -> 0 | Y42: =SUM(V42:X42) -> 0 | AC42: =SUM(Z42:AB42) -> 0 | AG42: =SUM(AD42:AF42) -> 0 | AH42: =SUM(U42,Y42,AC42,AG42) -> 0 | AI42: =IF(ISERROR(AH42/J42),0,AH42/J42) -> 0 | AJ42: =IF(ISERROR(AH42/$AH$75),"-",AH42/$AH$75) -> 0
A43: TOTAL REGIÓN DE LA ARAUCANÍA | J43: =SUM(J41:J42) -> 0 | K43: =SUM(K41:K42) -> 0 | M43: =SUM(M41:M42) -> 0 | N43: =SUM(N41:N42) -> 0 | O43: =SUM(O41:O42) -> 0 | R43: =SUM(R41:R42) -> 0 | S43: =SUM(S41:S42) -> 0 | T43: =SUM(T41:T42) -> 0 | U43: =SUM(U41:U42) -> 0 | V43: =SUM(V41:V42) -> 0 | W43: =SUM(W41:W42) -> 0 | X43: =SUM(X41:X42) -> 0 | Y43: =SUM(Y41:Y42) -> 0 | ... AH43: =SUM(AH41:AH42) -> 0 | AI43: =IF(ISERROR(AH43/J43),0,AH43/J43) -> 0 | AJ43: =IF(ISERROR(AH43/$AH$75),0,AH43/$AH$75) -> 0
A44: LOS LAGOS
A45: 1 | R45: 0 | S45: 0 | T45: 0 | U45: =SUM(R45:T45) -> 0 | V45: 0 | W45: 0 | X45: 0 | Y45: =SUM(V45:X45) -> 0 | Z45: 0 | AA45: 0 | AB45: 0 | AC45: =SUM(Z45:AB45) -> 0 | AD45: 0 | AE45: 0 | AF45: 0 | AG45: =SUM(AD45:AF45) -> 0 | AH45: =SUM(U45,Y45,AC45,AG45) -> 0 | AI45: =IF(ISERROR(AH45/J45),0,AH45/J45) -> 0 | AJ45: =IF(ISERROR(AH45/$AH$75),"-",AH45/$AH$75) -> 0
A46: 2 | U46: =SUM(R46:T46) -> 0 | Y46: =SUM(V46:X46) -> 0 | AC46: =SUM(Z46:AB46) -> 0 | AG46: =SUM(AD46:AF46) -> 0 | AH46: =SUM(U46,Y46,AC46,AG46) -> 0 | AI46: =IF(ISERROR(AH46/J46),0,AH46/J46) -> 0 | AJ46: =IF(ISERROR(AH46/$AH$75),"-",AH46/$AH$75) -> 0
A47: TOTAL REGIÓN DE LOS LAGOS | J47: =SUM(J45:J46) -> 0 | K47: =SUM(K45:K46) -> 0 | M47: =SUM(M45:M46) -> 0 | N47: =SUM(N45:N46) -> 0 | O47: =SUM(O45:O46) -> 0 | R47: =SUM(R45:R46) -> 0 | S47: =SUM(S45:S46) -> 0 | T47: =SUM(T45:T46) -> 0 | U47: =SUM(U45:U46) -> 0 | V47: =SUM(V45:V46) -> 0 | W47: =SUM(W45:W46) -> 0 | X47: =SUM(X45:X46) -> 0 | Y47: =SUM(Y45:Y46) -> 0 | ... AH47: =SUM(AH45:AH46) -> 0 | AI47: =IF(ISERROR(AH47/J47),0,AH47/J47) -> 0 | AJ47: =IF(ISERROR(AH47/$AH$75),0,AH47/$AH$75) -> 0
A48: AYSÉN
A49: 1 | U49: =SUM(R49:T49) -> 0 | Y49: =SUM(V49:X49) -> 0 | AC49: =SUM(Z49:AB49) -> 0 | AG49: =SUM(AD49:AF49) -> 0 | AH49: =SUM(U49,Y49,AC49,AG49) -> 0 | AI49: =IF(ISERROR(AH49/J49),0,AH49/J49) -> 0 | AJ49: =IF(ISERROR(AH49/$AH$75),"-",AH49/$AH$75) -> 0
A50: 2 | U50: =SUM(R50:T50) -> 0 | Y50: =SUM(V50:X50) -> 0 | AC50: =SUM(Z50:AB50) -> 0 | AG50: =SUM(AD50:AF50) -> 0 | AH50: =SUM(U50,Y50,AC50,AG50) -> 0 | AI50: =IF(ISERROR(AH50/J50),0,AH50/J50) -> 0 | AJ50: =IF(ISERROR(AH50/$AH$75),"-",AH50/$AH$75) -> 0
A51: TOTAL REGIÓN AYSÉN DEL GENERAL CARLOS IBAÑEZ DEL CAMPO | J51: =J49 -> 0 | K51: 0 | M51: =SUM(M49:M50) -> 0 | N51: =SUM(N49:N50) -> 0 | O51: =SUM(O49:O50) -> 0 | R51: =SUM(R49:R50) -> 0 | S51: =SUM(S49:S50) -> 0 | T51: =SUM(T49:T50) -> 0 | U51: =SUM(U49:U50) -> 0 | V51: =SUM(V49:V50) -> 0 | W51: =SUM(W49:W50) -> 0 | X51: =SUM(X49:X50) -> 0 | Y51: =SUM(Y49:Y50) -> 0 | ... AH51: =SUM(AH49:AH50) -> 0 | AI51: =IF(ISERROR(AH51/J51),0,AH51/J51) -> 0 | AJ51: =IF(ISERROR(AH51/$AH$75),0,AH51/$AH$75) -> 0
A52: MAGALLANES
A53: 1 | U53: =SUM(R53:T53) -> 0 | Y53: =SUM(V53:X53) -> 0 | AC53: =SUM(Z53:AB53) -> 0 | AG53: =SUM(AD53:AF53) -> 0 | AH53: =SUM(U53,Y53,AC53,AG53) -> 0 | AI53: =IF(ISERROR(AH53/J53),0,AH53/J53) -> 0 | AJ53: =IF(ISERROR(AH53/$AH$75),"-",AH53/$AH$75) -> 0
A54: 2 | U54: =SUM(R54:T54) -> 0 | Y54: =SUM(V54:X54) -> 0 | AC54: =SUM(Z54:AB54) -> 0 | AG54: =SUM(AD54:AF54) -> 0 | AH54: =SUM(U54,Y54,AC54,AG54) -> 0 | AI54: =IF(ISERROR(AH54/J54),0,AH54/J54) -> 0 | AJ54: =IF(ISERROR(AH54/$AH$75),"-",AH54/$AH$75) -> 0
A55: TOTAL REGIÓN DE MAGALLANES Y ANTÁRTICA CHILENA | J55: =SUM(J53:J54) -> 0 | K55: =SUM(K53:K54) -> 0 | M55: =SUM(M53:M54) -> 0 | N55: =SUM(N53:N54) -> 0 | O55: =SUM(O53:O54) -> 0 | R55: =SUM(R53:R54) -> 0 | S55: =SUM(S53:S54) -> 0 | T55: =SUM(T53:T54) -> 0 | U55: =SUM(U53:U54) -> 0 | V55: =SUM(V53:V54) -> 0 | W55: =SUM(W53:W54) -> 0 | X55: =SUM(X53:X54) -> 0 | Y55: =SUM(Y53:Y54) -> 0 | ... AH55: =SUM(AH53:AH54) -> 0 | AI55: =IF(ISERROR(AH55/J55),0,AH55/J55) -> 0 | AJ55: =IF(ISERROR(AH55/$AH$75),0,AH55/$AH$75) -> 0
A56: LOS RÍOS
A57: 1 | U57: =SUM(R57:T57) -> 0 | Y57: =SUM(V57:X57) -> 0 | AC57: =SUM(Z57:AB57) -> 0 | AG57: =SUM(AD57:AF57) -> 0 | AH57: =SUM(U57,Y57,AC57,AG57) -> 0 | AI57: =IF(ISERROR(AH57/J57),0,AH57/J57) -> 0 | AJ57: =IF(ISERROR(AH57/$AH$75),"-",AH57/$AH$75) -> 0
A58: 2 | U58: =SUM(R58:T58) -> 0 | Y58: =SUM(V58:X58) -> 0 | AC58: =SUM(Z58:AB58) -> 0 | AG58: =SUM(AD58:AF58) -> 0 | AH58: =SUM(U58,Y58,AC58,AG58) -> 0 | AI58: =IF(ISERROR(AH58/J58),0,AH58/J58) -> 0 | AJ58: =IF(ISERROR(AH58/$AH$75),"-",AH58/$AH$75) -> 0
A59: TOTAL REGIÓN DE LOS RÍOS | J59: =SUM(J57:J58) -> 0 | K59: =SUM(K57:K58) -> 0 | M59: =SUM(M57:M58) -> 0 | N59: =SUM(N57:N58) -> 0 | O59: =SUM(O57:O58) -> 0 | R59: =SUM(R57:R58) -> 0 | S59: =SUM(S57:S58) -> 0 | T59: =SUM(T57:T58) -> 0 | U59: =SUM(U57:U58) -> 0 | V59: =SUM(V57:V58) -> 0 | W59: =SUM(W57:W58) -> 0 | X59: =SUM(X57:X58) -> 0 | Y59: =SUM(Y57:Y58) -> 0 | ... AH59: =SUM(AH57:AH58) -> 0 | AI59: =IF(ISERROR(AH59/J59),0,AH59/J59) -> 0 | AJ59: =IF(ISERROR(AH59/$AH$75),0,AH59/$AH$75) -> 0
A60: ARICA Y PARINACOTA
A61: 1 | U61: =SUM(R61:T61) -> 0 | Y61: =SUM(V61:X61) -> 0 | AC61: =SUM(Z61:AB61) -> 0 | AG61: =SUM(AD61:AF61) -> 0 | AH61: =SUM(U61,Y61,AC61,AG61) -> 0 | AI61: =IF(ISERROR(AH61/J61),0,AH61/J61) -> 0 | AJ61: =IF(ISERROR(AH61/$AH$75),"-",AH61/$AH$75) -> 0
A62: 2 | U62: =SUM(R62:T62) -> 0 | Y62: =SUM(V62:X62) -> 0 | AC62: =SUM(Z62:AB62) -> 0 | AG62: =SUM(AD62:AF62) -> 0 | AH62: =SUM(U62,Y62,AC62,AG62) -> 0 | AI62: =IF(ISERROR(AH62/J62),0,AH62/J62) -> 0 | AJ62: =IF(ISERROR(AH62/$AH$75),"-",AH62/$AH$75) -> 0
A63: TOTAL REGIÓN DE ARICA Y PARINACOTA | J63: =SUM(J61:J62) -> 0 | K63: =SUM(K61:K62) -> 0 | M63: =SUM(M61:M62) -> 0 | N63: =SUM(N61:N62) -> 0 | O63: =SUM(O61:O62) -> 0 | R63: =SUM(R61:R62) -> 0 | S63: =SUM(S61:S62) -> 0 | T63: =SUM(T61:T62) -> 0 | U63: =SUM(U61:U62) -> 0 | V63: =SUM(V61:V62) -> 0 | W63: =SUM(W61:W62) -> 0 | X63: =SUM(X61:X62) -> 0 | Y63: =SUM(Y61:Y62) -> 0 | ... AH63: =SUM(AH61:AH62) -> 0 | AI63: =IF(ISERROR(AH63/J63),0,AH63/J63) -> 0 | AJ63: =IF(ISERROR(AH63/$AH$75),0,AH63/$AH$75) -> 0
A64: ÑUBLE
A65: 1 | U65: =SUM(R65:T65) -> 0 | Y65: =SUM(V65:X65) -> 0 | AC65: =SUM(Z65:AB65) -> 0 | AG65: =SUM(AD65:AF65) -> 0 | AH65: =SUM(U65,Y65,AC65,AG65) -> 0 | AI65: =IF(ISERROR(AH65/J65),0,AH65/J65) -> 0 | AJ65: =IF(ISERROR(AH65/$AH$75),"-",AH65/$AH$75) -> 0
A66: 2 | U66: =SUM(R66:T66) -> 0 | Y66: =SUM(V66:X66) -> 0 | AC66: =SUM(Z66:AB66) -> 0 | AG66: =SUM(AD66:AF66) -> 0 | AH66: =SUM(U66,Y66,AC66,AG66) -> 0 | AI66: =IF(ISERROR(AH66/J66),0,AH66/J66) -> 0 | AJ66: =IF(ISERROR(AH66/$AH$75),"-",AH66/$AH$75) -> 0
A67: TOTAL REGIÓN ÑUBLE | J67: =SUM(J65:J66) -> 0 | K67: =SUM(K65:K66) -> 0 | M67: =SUM(M65:M66) -> 0 | N67: =SUM(N65:N66) -> 0 | O67: =SUM(O65:O66) -> 0 | R67: =SUM(R65:R66) -> 0 | S67: =SUM(S65:S66) -> 0 | T67: =SUM(T65:T66) -> 0 | U67: =SUM(U65:U66) -> 0 | V67: =SUM(V65:V66) -> 0 | W67: =SUM(W65:W66) -> 0 | X67: =SUM(X65:X66) -> 0 | Y67: =SUM(Y65:Y66) -> 0 | ... AH67: =SUM(AH65:AH66) -> 0 | AI67: =IF(ISERROR(AH67/J67),0,AH67/J67) -> 0 | AJ67: =IF(ISERROR(AH67/$AH$75),0,AH67/$AH$75) -> 0
A68: METROPOLITANA
A69: 1 | U69: =SUM(R69:T69) -> 0 | Y69: =SUM(V69:X69) -> 0 | AC69: =SUM(Z69:AB69) -> 0 | AG69: =SUM(AD69:AF69) -> 0 | AH69: =SUM(U69,Y69,AC69,AG69) -> 0 | AI69: =IF(ISERROR(AH69/J69),0,AH69/J69) -> 0 | AJ69: =IF(ISERROR(AH69/$AH$75),"-",AH69/$AH$75) -> 0
A70: 2 | U70: =SUM(R70:T70) -> 0 | Y70: =SUM(V70:X70) -> 0 | AC70: =SUM(Z70:AB70) -> 0 | AG70: =SUM(AD70:AF70) -> 0 | AH70: =SUM(U70,Y70,AC70,AG70) -> 0 | AI70: =IF(ISERROR(AH70/J70),0,AH70/J70) -> 0 | AJ70: =IF(ISERROR(AH70/$AH$75),"-",AH70/$AH$75) -> 0
A71: TOTAL REGIÓN METROPOLITANA | J71: =SUM(J69:J70) -> 0 | K71: =SUM(K69:K70) -> 0 | M71: =SUM(M69:M70) -> 0 | N71: =SUM(N69:N70) -> 0 | O71: =SUM(O69:O70) -> 0 | R71: =SUM(R69:R70) -> 0 | S71: =SUM(S69:S70) -> 0 | T71: =SUM(T69:T70) -> 0 | U71: =SUM(U69:U70) -> 0 | V71: =SUM(V69:V70) -> 0 | W71: =SUM(W69:W70) -> 0 | X71: =SUM(X69:X70) -> 0 | Y71: =SUM(Y69:Y70) -> 0 | ... AH71: =SUM(AH69:AH70) -> 0 | AI71: =IF(ISERROR(AH71/J71),0,AH71/J71) -> 0 | AJ71: =IF(ISERROR(AH71/$AH$75),0,AH71/$AH$75) -> 0
A72: NIVEL CENTRAL | J72: 27769375000
A73: 2 | C73: DEC. N° 22 | D73: 46160 | E73: INSTITUTO DE PREVISION SOCIAL | F73: BONOS ART. 2° TRANSITORIO, LEY 19949 | G73: 24-03-337 | K73: 27769375000 | U73: =SUM(R73:T73) -> 0 | V73: 2303600677 | W73: 2326891401 | X73: 2384280673 | Y73: =SUM(V73:X73) -> 7014772751 | Z73: 9365202177 | AA73: 2323644947 | AB73: 2277737069 | AC73: =SUM(Z73:AB73) -> 13966584193 | AE73: 0 | AF73: 0 | AG73: =SUM(AD73:AF73) -> 0 | AH73: =SUM(U73,Y73,AC73,AG73) -> 20981356944 | AI73: =IF(ISERROR(AH73/J72),0,AH73/J72) -> 0.75555741 | AJ73: =IF(ISERROR(AH73/$AH$75),"-",AH73/$AH$75) -> 1
A74: TOTAL NIVEL CENTRAL | J74: =J72 -> 27769375000 | K74: =+K73 -> 27769375000 | M74: =SUM(#REF!) -> #REF! | N74: =SUM(#REF!) -> #REF! | O74: =SUM(#REF!) -> #REF! | R74: =+R73 -> 0 | S74: =+S73 -> 0 | T74: =+T73 -> 0 | U74: =+U73 -> 0 | V74: =+V73 -> 2303600677 | W74: =+W73 -> 2326891401 | X74: =+X73 -> 2384280673 | Y74: =+Y73 -> 7014772751 | ... AC74: =+AC73 -> 13966584193 | AD74: =SUM(#REF!) -> #REF! | AE74: =SUM(#REF!) -> #REF! | AF74: =SUM(#REF!) -> #REF! | AG74: =+AG73 -> 0 | AH74: =+AH73 -> 20981356944 | AI74: =IF(ISERROR(AH74/J74),0,AH74/J74) -> 0.75555741 | AJ74: =IF(ISERROR(AH74/$AH$75),0,AH74/$AH$75) -> 1
A75: ="TOTAL ASIG."&" "&$A$5 -> TOTAL ASIG. 24-01-337 "Bonos Art. 2 Transitorio, Ley N°19,949" | J75: =SUM(J11,J15,J19,J23,J27,J31,J35,J39,J43,J47,J51,J55,J59,J63,J67,J71,J74) -> 27769375000 | K75: =SUM(K11,K15,K19,K23,K27,K31,K35,K39,K43,K47,K51,K55,K59,K63,K67,K71,K74) -> 27769375000 | L75: =SUM(L11,L15,L19,L23,L27,L31,L35,L39,L43,L47,L51,L55,L59,L63,L67,L71,L74) -> 0 | M75: =SUM(M11,M15,M19,M23,M27,M31,M35,M39,M43,M47,M51,M55,M59,M63,M67,M71,M74) -> #REF! | N75: =SUM(N11,N15,N19,N23,N27,N31,N35,N39,N43,N47,N51,N55,N59,N63,N67,N71,N74) -> #REF! | O75: =SUM(O11,O15,O19,O23,O27,O31,O35,O39,O43,O47,O51,O55,O59,O63,O67,O71,O74) -> #REF! | P75: =SUM(P11,P15,P19,P23,P27,P31,P35,P39,P43,P47,P51,P55,P59,P63,P67,P71,P74) -> 0 | Q75: =SUM(Q11,Q15,Q19,Q23,Q27,Q31,Q35,Q39,Q43,Q47,Q51,Q55,Q59,Q63,Q67,Q71,Q74) -> 0 | ... AJ75: =SUM(AJ11,AJ15,AJ19,AJ23,AJ27,AJ31,AJ35,AJ39,AJ43,AJ47,AJ51,AJ55,AJ59,AJ63,AJ67,AJ71,AJ74) -> 1

Sheet 24-01-337 Res. Bonos Art. 2
A1: PARTIDA 21-01-05 "INGRESO ÉTICO FAMILIAR Y SISTEMA CHILE SOLIDARIO"
A2: INFORME POR PROGRAMA Y REGIÓN
A3: EJECUCIÓN AL 30 SEPTIEMBRE DE 2026
A4: En pesos
A5: 24-01-337 "Bonos Art. 2 Transitorio, Ley N°19,949"
A6: REGION | B6: Presupuesto por región | C6: Total Convenios | D6: Beneficiarios | G6: EJECUCION DEVENGADA | J6: 1er. Trimestre | K6: EJECUCION DEVENGADA | N6: 2do. Trimestre | O6: EJECUCION DEVENGADA | R6: 3er. Trimestre | S6: EJECUCION DEVENGADA | V6: 4to. Trimestre | W6: Total Anual | X6: Porcentaje de:
D7: Cobertura | E7: Universo | F7: Tipo de Beneficiarios | G7: Enero | H7: Febrero | I7: Marzo | K7: Abril | L7: Mayo | M7: Junio | O7: Julio | P7: Agosto | Q7: Septiembre | S7: Octubre | T7: Noviembre | U7: Diciembre | X7: Ejecución | Y7: Participación del Gasto
A8: TARAPACÁ | B8: =+'24-01-337 Ind. Bonos Art. 2'!J11 -> 0 | C8: =+'24-01-337 Ind. Bonos Art. 2'!K11 -> 0 | D8: =+'24-01-337 Ind. Bonos Art. 2'!M11 -> 0 | E8: =+'24-01-337 Ind. Bonos Art. 2'!N11 -> 0 | F8: =+'24-01-337 Ind. Bonos Art. 2'!O11 -> 0 | G8: =+'24-01-337 Ind. Bonos Art. 2'!R11 -> 0 | H8: =+'24-01-337 Ind. Bonos Art. 2'!S11 -> 0 | I8: =+'24-01-337 Ind. Bonos Art. 2'!T11 -> 0 | J8: =+'24-01-337 Ind. Bonos Art. 2'!U11 -> 0 | K8: =+'24-01-337 Ind. Bonos Art. 2'!V11 -> 0 | L8: =+'24-01-337 Ind. Bonos Art. 2'!W11 -> 0 | M8: =+'24-01-337 Ind. Bonos Art. 2'!X11 -> 0 | N8: =+'24-01-337 Ind. Bonos Art. 2'!Y11 -> 0 | ... Y8: =+'24-01-337 Ind. Bonos Art. 2'!AJ11 -> 0
A9: ANTOFAGASTA | B9: =+'24-01-337 Ind. Bonos Art. 2'!J15 -> 0 | C9: =+'24-01-337 Ind. Bonos Art. 2'!K15 -> 0 | D9: =+'24-01-337 Ind. Bonos Art. 2'!M15 -> 0 | E9: =+'24-01-337 Ind. Bonos Art. 2'!N15 -> 0 | F9: =+'24-01-337 Ind. Bonos Art. 2'!O15 -> 0 | G9: =+'24-01-337 Ind. Bonos Art. 2'!R15 -> 0 | H9: =+'24-01-337 Ind. Bonos Art. 2'!S15 -> 0 | I9: =+'24-01-337 Ind. Bonos Art. 2'!T15 -> 0 | J9: =+'24-01-337 Ind. Bonos Art. 2'!U15 -> 0 | K9: =+'24-01-337 Ind. Bonos Art. 2'!V15 -> 0 | L9: =+'24-01-337 Ind. Bonos Art. 2'!W15 -> 0 | M9: =+'24-01-337 Ind. Bonos Art. 2'!X15 -> 0 | N9: =+'24-01-337 Ind. Bonos Art. 2'!Y15 -> 0 | ... Y9: =+'24-01-337 Ind. Bonos Art. 2'!AJ15 -> 0
A10: ATACAMA | B10: =+'24-01-337 Ind. Bonos Art. 2'!J19 -> 0 | C10: =+'24-01-337 Ind. Bonos Art. 2'!K19 -> 0 | D10: =+'24-01-337 Ind. Bonos Art. 2'!M19 -> 0 | E10: =+'24-01-337 Ind. Bonos Art. 2'!N19 -> 0 | F10: =+'24-01-337 Ind. Bonos Art. 2'!O19 -> 0 | G10: =+'24-01-337 Ind. Bonos Art. 2'!R19 -> 0 | H10: =+'24-01-337 Ind. Bonos Art. 2'!S19 -> 0 | I10: =+'24-01-337 Ind. Bonos Art. 2'!T19 -> 0 | J10: =+'24-01-337 Ind. Bonos Art. 2'!U19 -> 0 | K10: =+'24-01-337 Ind. Bonos Art. 2'!V19 -> 0 | L10: =+'24-01-337 Ind. Bonos Art. 2'!W19 -> 0 | M10: =+'24-01-337 Ind. Bonos Art. 2'!X19 -> 0 | N10: =+'24-01-337 Ind. Bonos Art. 2'!Y19 -> 0 | ... Y10: =+'24-01-337 Ind. Bonos Art. 2'!AJ19 -> 0
A11: COQUIMBO | B11: =+'24-01-337 Ind. Bonos Art. 2'!J23 -> 0 | C11: =+'24-01-337 Ind. Bonos Art. 2'!K23 -> 0 | D11: =+'24-01-337 Ind. Bonos Art. 2'!M23 -> 0 | E11: =+'24-01-337 Ind. Bonos Art. 2'!N23 -> 0 | F11: =+'24-01-337 Ind. Bonos Art. 2'!O23 -> 0 | G11: =+'24-01-337 Ind. Bonos Art. 2'!R23 -> 0 | H11: =+'24-01-337 Ind. Bonos Art. 2'!S23 -> 0 | I11: =+'24-01-337 Ind. Bonos Art. 2'!T23 -> 0 | J11: =+'24-01-337 Ind. Bonos Art. 2'!U23 -> 0 | K11: =+'24-01-337 Ind. Bonos Art. 2'!V23 -> 0 | L11: =+'24-01-337 Ind. Bonos Art. 2'!W23 -> 0 | M11: =+'24-01-337 Ind. Bonos Art. 2'!X23 -> 0 | N11: =+'24-01-337 Ind. Bonos Art. 2'!Y23 -> 0 | ... Y11: =+'24-01-337 Ind. Bonos Art. 2'!AJ23 -> 0
A12: VALPARAÍSO | B12: =+'24-01-337 Ind. Bonos Art. 2'!J27 -> 0 | C12: =+'24-01-337 Ind. Bonos Art. 2'!K27 -> 0 | D12: =+'24-01-337 Ind. Bonos Art. 2'!M27 -> 0 | E12: =+'24-01-337 Ind. Bonos Art. 2'!N27 -> 0 | F12: =+'24-01-337 Ind. Bonos Art. 2'!O27 -> 0 | G12: =+'24-01-337 Ind. Bonos Art. 2'!R27 -> 0 | H12: =+'24-01-337 Ind. Bonos Art. 2'!S27 -> 0 | I12: =+'24-01-337 Ind. Bonos Art. 2'!T27 -> 0 | J12: =+'24-01-337 Ind. Bonos Art. 2'!U27 -> 0 | K12: =+'24-01-337 Ind. Bonos Art. 2'!V27 -> 0 | L12: =+'24-01-337 Ind. Bonos Art. 2'!W27 -> 0 | M12: =+'24-01-337 Ind. Bonos Art. 2'!X27 -> 0 | N12: =+'24-01-337 Ind. Bonos Art. 2'!Y27 -> 0 | ... Y12: =+'24-01-337 Ind. Bonos Art. 2'!AJ27 -> 0
A13: LIBERTADOR B. O HIGGINS | B13: =+'24-01-337 Ind. Bonos Art. 2'!J31 -> 0 | C13: =+'24-01-337 Ind. Bonos Art. 2'!K31 -> 0 | D13: =+'24-01-337 Ind. Bonos Art. 2'!M31 -> 0 | E13: =+'24-01-337 Ind. Bonos Art. 2'!N31 -> 0 | F13: =+'24-01-337 Ind. Bonos Art. 2'!O31 -> 0 | G13: =+'24-01-337 Ind. Bonos Art. 2'!R31 -> 0 | H13: =+'24-01-337 Ind. Bonos Art. 2'!S31 -> 0 | I13: =+'24-01-337 Ind. Bonos Art. 2'!T31 -> 0 | J13: =+'24-01-337 Ind. Bonos Art. 2'!U31 -> 0 | K13: =+'24-01-337 Ind. Bonos Art. 2'!V31 -> 0 | L13: =+'24-01-337 Ind. Bonos Art. 2'!W31 -> 0 | M13: =+'24-01-337 Ind. Bonos Art. 2'!X31 -> 0 | N13: =+'24-01-337 Ind. Bonos Art. 2'!Y31 -> 0 | ... Y13: =+'24-01-337 Ind. Bonos Art. 2'!AJ31 -> 0
A14: MAULE | B14: =+'24-01-337 Ind. Bonos Art. 2'!J35 -> 0 | C14: =+'24-01-337 Ind. Bonos Art. 2'!K35 -> 0 | D14: =+'24-01-337 Ind. Bonos Art. 2'!M35 -> 0 | E14: =+'24-01-337 Ind. Bonos Art. 2'!N35 -> 0 | F14: =+'24-01-337 Ind. Bonos Art. 2'!O35 -> 0 | G14: =+'24-01-337 Ind. Bonos Art. 2'!R35 -> 0 | H14: =+'24-01-337 Ind. Bonos Art. 2'!S35 -> 0 | I14: =+'24-01-337 Ind. Bonos Art. 2'!T35 -> 0 | J14: =+'24-01-337 Ind. Bonos Art. 2'!U35 -> 0 | K14: =+'24-01-337 Ind. Bonos Art. 2'!V35 -> 0 | L14: =+'24-01-337 Ind. Bonos Art. 2'!W35 -> 0 | M14: =+'24-01-337 Ind. Bonos Art. 2'!X35 -> 0 | N14: =+'24-01-337 Ind. Bonos Art. 2'!Y35 -> 0 | ... Y14: =+'24-01-337 Ind. Bonos Art. 2'!AJ35 -> 0
A15: BIOBÍO | B15: =+'24-01-337 Ind. Bonos Art. 2'!J39 -> 0 | C15: =+'24-01-337 Ind. Bonos Art. 2'!K39 -> 0 | D15: =+'24-01-337 Ind. Bonos Art. 2'!M39 -> 0 | E15: =+'24-01-337 Ind. Bonos Art. 2'!N39 -> 0 | F15: =+'24-01-337 Ind. Bonos Art. 2'!O39 -> 0 | G15: =+'24-01-337 Ind. Bonos Art. 2'!R39 -> 0 | H15: =+'24-01-337 Ind. Bonos Art. 2'!S39 -> 0 | I15: =+'24-01-337 Ind. Bonos Art. 2'!T39 -> 0 | J15: =+'24-01-337 Ind. Bonos Art. 2'!U39 -> 0 | K15: =+'24-01-337 Ind. Bonos Art. 2'!V39 -> 0 | L15: =+'24-01-337 Ind. Bonos Art. 2'!W39 -> 0 | M15: =+'24-01-337 Ind. Bonos Art. 2'!X39 -> 0 | N15: =+'24-01-337 Ind. Bonos Art. 2'!Y39 -> 0 | ... Y15: =+'24-01-337 Ind. Bonos Art. 2'!AJ39 -> 0
A16: ARAUCANÍA | B16: =+'24-01-337 Ind. Bonos Art. 2'!J43 -> 0 | C16: =+'24-01-337 Ind. Bonos Art. 2'!K43 -> 0 | D16: =+'24-01-337 Ind. Bonos Art. 2'!M43 -> 0 | E16: =+'24-01-337 Ind. Bonos Art. 2'!N43 -> 0 | F16: =+'24-01-337 Ind. Bonos Art. 2'!O43 -> 0 | G16: =+'24-01-337 Ind. Bonos Art. 2'!R43 -> 0 | H16: =+'24-01-337 Ind. Bonos Art. 2'!S43 -> 0 | I16: =+'24-01-337 Ind. Bonos Art. 2'!T43 -> 0 | J16: =+'24-01-337 Ind. Bonos Art. 2'!U43 -> 0 | K16: =+'24-01-337 Ind. Bonos Art. 2'!V43 -> 0 | L16: =+'24-01-337 Ind. Bonos Art. 2'!W43 -> 0 | M16: =+'24-01-337 Ind. Bonos Art. 2'!X43 -> 0 | N16: =+'24-01-337 Ind. Bonos Art. 2'!Y43 -> 0 | ... Y16: =+'24-01-337 Ind. Bonos Art. 2'!AJ43 -> 0
A17: LOS LAGOS | B17: =+'24-01-337 Ind. Bonos Art. 2'!J47 -> 0 | C17: =+'24-01-337 Ind. Bonos Art. 2'!K47 -> 0 | D17: =+'24-01-337 Ind. Bonos Art. 2'!M47 -> 0 | E17: =+'24-01-337 Ind. Bonos Art. 2'!N47 -> 0 | F17: =+'24-01-337 Ind. Bonos Art. 2'!O47 -> 0 | G17: =+'24-01-337 Ind. Bonos Art. 2'!R47 -> 0 | H17: =+'24-01-337 Ind. Bonos Art. 2'!S47 -> 0 | I17: =+'24-01-337 Ind. Bonos Art. 2'!T47 -> 0 | J17: =+'24-01-337 Ind. Bonos Art. 2'!U47 -> 0 | K17: =+'24-01-337 Ind. Bonos Art. 2'!V47 -> 0 | L17: =+'24-01-337 Ind. Bonos Art. 2'!W47 -> 0 | M17: =+'24-01-337 Ind. Bonos Art. 2'!X47 -> 0 | N17: =+'24-01-337 Ind. Bonos Art. 2'!Y47 -> 0 | ... X17: =+'24-01-337 Ind. Bonos Art. 2'!AI47 -> 0 | Y17: =+'24-01-337 Ind. Bonos Art. 2'!AJ44 -> 0
A18: AYSÉN | B18: =+'24-01-337 Ind. Bonos Art. 2'!J51 -> 0 | C18: =+'24-01-337 Ind. Bonos Art. 2'!K51 -> 0 | D18: =+'24-01-337 Ind. Bonos Art. 2'!M51 -> 0 | E18: =+'24-01-337 Ind. Bonos Art. 2'!N51 -> 0 | F18: =+'24-01-337 Ind. Bonos Art. 2'!O51 -> 0 | G18: =+'24-01-337 Ind. Bonos Art. 2'!R51 -> 0 | H18: =+'24-01-337 Ind. Bonos Art. 2'!S51 -> 0 | I18: =+'24-01-337 Ind. Bonos Art. 2'!T51 -> 0 | J18: =+'24-01-337 Ind. Bonos Art. 2'!U51 -> 0 | K18: =+'24-01-337 Ind. Bonos Art. 2'!V51 -> 0 | L18: =+'24-01-337 Ind. Bonos Art. 2'!W51 -> 0 | M18: =+'24-01-337 Ind. Bonos Art. 2'!X51 -> 0 | N18: =+'24-01-337 Ind. Bonos Art. 2'!Y51 -> 0 | ... Y18: =+'24-01-337 Ind. Bonos Art. 2'!AJ51 -> 0
A19: MAGALLANES | B19: =+'24-01-337 Ind. Bonos Art. 2'!J55 -> 0 | C19: =+'24-01-337 Ind. Bonos Art. 2'!K55 -> 0 | D19: =+'24-01-337 Ind. Bonos Art. 2'!M55 -> 0 | E19: =+'24-01-337 Ind. Bonos Art. 2'!N55 -> 0 | F19: =+'24-01-337 Ind. Bonos Art. 2'!O55 -> 0 | G19: =+'24-01-337 Ind. Bonos Art. 2'!R55 -> 0 | H19: =+'24-01-337 Ind. Bonos Art. 2'!S55 -> 0 | I19: =+'24-01-337 Ind. Bonos Art. 2'!T55 -> 0 | J19: =+'24-01-337 Ind. Bonos Art. 2'!U55 -> 0 | K19: =+'24-01-337 Ind. Bonos Art. 2'!V55 -> 0 | L19: =+'24-01-337 Ind. Bonos Art. 2'!W55 -> 0 | M19: =+'24-01-337 Ind. Bonos Art. 2'!X55 -> 0 | N19: =+'24-01-337 Ind. Bonos Art. 2'!Y55 -> 0 | ... Y19: =+'24-01-337 Ind. Bonos Art. 2'!AJ55 -> 0
A20: LOS RÍOS | B20: =+'24-01-337 Ind. Bonos Art. 2'!J59 -> 0 | C20: =+'24-01-337 Ind. Bonos Art. 2'!K59 -> 0 | D20: =+'24-01-337 Ind. Bonos Art. 2'!M59 -> 0 | E20: =+'24-01-337 Ind. Bonos Art. 2'!N59 -> 0 | F20: =+'24-01-337 Ind. Bonos Art. 2'!O59 -> 0 | G20: =+'24-01-337 Ind. Bonos Art. 2'!R59 -> 0 | H20: =+'24-01-337 Ind. Bonos Art. 2'!S59 -> 0 | I20: =+'24-01-337 Ind. Bonos Art. 2'!T59 -> 0 | J20: =+'24-01-337 Ind. Bonos Art. 2'!U59 -> 0 | K20: =+'24-01-337 Ind. Bonos Art. 2'!V59 -> 0 | L20: =+'24-01-337 Ind. Bonos Art. 2'!W59 -> 0 | M20: =+'24-01-337 Ind. Bonos Art. 2'!X59 -> 0 | N20: =+'24-01-337 Ind. Bonos Art. 2'!Y59 -> 0 | ... Y20: =+'24-01-337 Ind. Bonos Art. 2'!AJ59 -> 0
A21: ARICA Y PARINACOTA | B21: =+'24-01-337 Ind. Bonos Art. 2'!J63 -> 0 | C21: =+'24-01-337 Ind. Bonos Art. 2'!K63 -> 0 | D21: =+'24-01-337 Ind. Bonos Art. 2'!M63 -> 0 | E21: =+'24-01-337 Ind. Bonos Art. 2'!N63 -> 0 | F21: =+'24-01-337 Ind. Bonos Art. 2'!O63 -> 0 | G21: =+'24-01-337 Ind. Bonos Art. 2'!R63 -> 0 | H21: =+'24-01-337 Ind. Bonos Art. 2'!S63 -> 0 | I21: =+'24-01-337 Ind. Bonos Art. 2'!T63 -> 0 | J21: =+'24-01-337 Ind. Bonos Art. 2'!U63 -> 0 | K21: =+'24-01-337 Ind. Bonos Art. 2'!V63 -> 0 | L21: =+'24-01-337 Ind. Bonos Art. 2'!W63 -> 0 | M21: =+'24-01-337 Ind. Bonos Art. 2'!X63 -> 0 | N21: =+'24-01-337 Ind. Bonos Art. 2'!Y63 -> 0 | ... Y21: =+'24-01-337 Ind. Bonos Art. 2'!AJ63 -> 0
A22: ÑUBLE | B22: =+'24-01-337 Ind. Bonos Art. 2'!J67 -> 0 | C22: =+'24-01-337 Ind. Bonos Art. 2'!K64 -> 0 | D22: =+'24-01-337 Ind. Bonos Art. 2'!M64 -> 0 | E22: =+'24-01-337 Ind. Bonos Art. 2'!N64 -> 0 | F22: =+'24-01-337 Ind. Bonos Art. 2'!O64 -> 0 | G22: =+'24-01-337 Ind. Bonos Art. 2'!R64 -> 0 | H22: =+'24-01-337 Ind. Bonos Art. 2'!S64 -> 0 | I22: =+'24-01-337 Ind. Bonos Art. 2'!T64 -> 0 | J22: =+'24-01-337 Ind. Bonos Art. 2'!U67 -> 0 | K22: =+'24-01-337 Ind. Bonos Art. 2'!V64 -> 0 | L22: =+'24-01-337 Ind. Bonos Art. 2'!W64 -> 0 | M22: =+'24-01-337 Ind. Bonos Art. 2'!X64 -> 0 | N22: =+'24-01-337 Ind. Bonos Art. 2'!Y67 -> 0 | O22: =+'24-01-337 Ind. Bonos Art. 2'!Z64 -> 0 | P22: =+'24-01-337 Ind. Bonos Art. 2'!AA64 -> 0 | Q22: =+'24-01-337 Ind. Bonos Art. 2'!AB64 -> 0 | R22: =+'24-01-337 Ind. Bonos Art. 2'!AC67 -> 0 | S22: =+'24-01-337 Ind. Bonos Art. 2'!AD64 -> 0 | T22: =+'24-01-337 Ind. Bonos Art. 2'!AE64 -> 0 | U22: =+'24-01-337 Ind. Bonos Art. 2'!AF64 -> 0 | V22: =+'24-01-337 Ind. Bonos Art. 2'!AG67 -> 0 | W22: =+'24-01-337 Ind. Bonos Art. 2'!AH67 -> 0 | X22: =+'24-01-337 Ind. Bonos Art. 2'!AI67 -> 0 | Y22: =+'24-01-337 Ind. Bonos Art. 2'!AJ67 -> 0
A23: METROPOLITANA | B23: =+'24-01-337 Ind. Bonos Art. 2'!J71 -> 0 | C23: =+'24-01-337 Ind. Bonos Art. 2'!K71 -> 0 | D23: =+'24-01-337 Ind. Bonos Art. 2'!M71 -> 0 | E23: =+'24-01-337 Ind. Bonos Art. 2'!N71 -> 0 | F23: =+'24-01-337 Ind. Bonos Art. 2'!O71 -> 0 | G23: =+'24-01-337 Ind. Bonos Art. 2'!R71 -> 0 | H23: =+'24-01-337 Ind. Bonos Art. 2'!S71 -> 0 | I23: =+'24-01-337 Ind. Bonos Art. 2'!T71 -> 0 | J23: =+'24-01-337 Ind. Bonos Art. 2'!U71 -> 0 | K23: =+'24-01-337 Ind. Bonos Art. 2'!V71 -> 0 | L23: =+'24-01-337 Ind. Bonos Art. 2'!W71 -> 0 | M23: =+'24-01-337 Ind. Bonos Art. 2'!X71 -> 0 | N23: =+'24-01-337 Ind. Bonos Art. 2'!Y71 -> 0 | ... Y23: =+'24-01-337 Ind. Bonos Art. 2'!AJ71 -> 0
A24: NIVEL CENTRAL | B24: =+'24-01-337 Ind. Bonos Art. 2'!J74 -> 27769375000 | C24: =+'24-01-337 Ind. Bonos Art. 2'!K74 -> 27769375000 | D24: =+'24-01-337 Ind. Bonos Art. 2'!M74 -> #REF! | E24: =+'24-01-337 Ind. Bonos Art. 2'!N74 -> #REF! | F24: =+'24-01-337 Ind. Bonos Art. 2'!O74 -> #REF! | G24: =+'24-01-337 Ind. Bonos Art. 2'!R74 -> 0 | H24: =+'24-01-337 Ind. Bonos Art. 2'!S74 -> 0 | I24: =+'24-01-337 Ind. Bonos Art. 2'!T74 -> 0 | J24: =+'24-01-337 Ind. Bonos Art. 2'!U74 -> 0 | K24: =+'24-01-337 Ind. Bonos Art. 2'!V74 -> 2303600677 | L24: =+'24-01-337 Ind. Bonos Art. 2'!W74 -> 2326891401 | M24: =+'24-01-337 Ind. Bonos Art. 2'!X74 -> 2384280673 | N24: =+'24-01-337 Ind. Bonos Art. 2'!Y74 -> 7014772751 | ... Y24: =+'24-01-337 Ind. Bonos Art. 2'!AJ74 -> 1
A25: ="TOTAL ASIG."&" "&$A$5 -> TOTAL ASIG. 24-01-337 "Bonos Art. 2 Transitorio, Ley N°19,949" | B25: =SUM(B8:B24) -> 27769375000 | C25: =SUM(C8:C24) -> 27769375000 | D25: =SUM(D8:D24) -> #REF! | E25: =SUM(E8:E24) -> #REF! | F25: =SUM(F8:F24) -> #REF! | G25: =SUM(G8:G24) -> 0 | H25: =SUM(H8:H24) -> 0 | I25: =SUM(I8:I24) -> 0 | ... W25: =SUM(W8:W24) -> 20981356944 | X25: =+'24-01-337 Ind. Bonos Art. 2'!AI75 -> 0.75555741 | Y25: ='24-01-337 Ind. Bonos Art. 2'!AJ75 -> 1

Sheet 24-02-010 Ind. A.Téc SENADIS
A1: PARTIDA 21-01-05 "INGRESO ÉTICO FAMILIAR Y SISTEMA CHILE SOLIDARIO"
A2: INFORME POR PROGRAMA Y REGIÓN
A3: EJECUCIÓN AL 30 SEPTIEMBRE DE 2026
A4: En pesos
A5: 24-02-010 "Programa de Ayudas Técnicas - SENADIS"
A6: Nº | B6: Código Proyecto | C6: REGION | D6: Fecha | E6: Nombre y Razón Social del Ejecutor | F6: Denominación del Programa- Convenio o Transferencia | G6: Modalidad de Asignación | H6: Vigencia del Convenio | J6: Presupuesto por región | K6: Monto del convenio | L6: Productos/y/o Actividades | M6: Beneficiarios | P6: Modalidad de Pago | Q6: Observaciones | R6: EJECUCION DEVENGADA | U6: 1er. Trimestre | V6: EJECUCION DEVENGADA | Y6: 2do. Trimestre | Z6: EJECUCION DEVENGADA | AC6: 3er. Trimestre | AD6: EJECUCION DEVENGADA | AG6: 4to. Trimestre | AH6: Total Anual | AI6: Porcentaje de Participación:
C7: Resolución o Decreto | H7: Inicio | I7: Término | M7: Cobertura | N7: Universo | O7: Tipo de Beneficiarios | R7: Enero | S7: Febrero | T7: Marzo | V7: Abril | W7: Mayo | X7: Junio | Z7: Julio | AA7: Agosto | AB7: Septiembre | AD7: Octubre | AE7: Noviembre | AF7: Diciembre | AI7: Ejecución | AJ7: Del Gasto
A8: TARAPACÁ
A9: 1 | U9: =SUM(R9:T9) -> 0 | Y9: =SUM(V9:X9) -> 0 | AC9: =SUM(Z9:AB9) -> 0 | AG9: =SUM(AD9:AF9) -> 0 | AH9: =SUM(U9,Y9,AC9,AG9) -> 0 | AI9: =IF(ISERROR(AH9/J9),0,AH9/J9) -> 0 | AJ9: =IF(ISERROR(AH9/$AH$76),"-",AH9/$AH$76) -> 0
A10: 2 | U10: =SUM(R10:T10) -> 0 | Y10: =SUM(V10:X10) -> 0 | AC10: =SUM(Z10:AB10) -> 0 | AG10: =SUM(AD10:AF10) -> 0 | AH10: =SUM(U10,Y10,AC10,AG10) -> 0 | AI10: =IF(ISERROR(AH10/J10),0,AH10/J10) -> 0 | AJ10: =IF(ISERROR(AH10/$AH$76),"-",AH10/$AH$76) -> 0
A11: TOTAL REGIÓN DE TARAPACÁ | J11: =SUM(J9:J10) -> 0 | K11: =SUM(K9:K10) -> 0 | M11: =SUM(M9:M10) -> 0 | N11: =SUM(N9:N10) -> 0 | O11: =SUM(O9:O10) -> 0 | R11: =SUM(R9:R10) -> 0 | S11: =SUM(S9:S10) -> 0 | T11: =SUM(T9:T10) -> 0 | U11: =SUM(U9:U10) -> 0 | V11: =SUM(V9:V10) -> 0 | W11: =SUM(W9:W10) -> 0 | X11: =SUM(X9:X10) -> 0 | Y11: =SUM(Y9:Y10) -> 0 | ... AH11: =SUM(AH9:AH10) -> 0 | AI11: =IF(ISERROR(AH11/J11),0,AH11/J11) -> 0 | AJ11: =IF(ISERROR(AH11/$AH$76),0,AH11/$AH$76) -> 0
A12: ANTOFAGASTA
A13: 1 | U13: =SUM(R13:T13) -> 0 | Y13: =SUM(V13:X13) -> 0 | AC13: =SUM(Z13:AB13) -> 0 | AG13: =SUM(AD13:AF13) -> 0 | AH13: =SUM(U13,Y13,AC13,AG13) -> 0 | AI13: =IF(ISERROR(AH13/J13),0,AH13/J13) -> 0 | AJ13: =IF(ISERROR(AH13/$AH$76),"-",AH13/$AH$76) -> 0
A14: 2 | U14: =SUM(R14:T14) -> 0 | Y14: =SUM(V14:X14) -> 0 | AC14: =SUM(Z14:AB14) -> 0 | AG14: =SUM(AD14:AF14) -> 0 | AH14: =SUM(U14,Y14,AC14,AG14) -> 0 | AI14: =IF(ISERROR(AH14/J14),0,AH14/J14) -> 0 | AJ14: =IF(ISERROR(AH14/$AH$76),"-",AH14/$AH$76) -> 0
A15: TOTAL REGIÓN DE ANTOFAGASTA | J15: =SUM(J13:J14) -> 0 | K15: =SUM(K13:K14) -> 0 | M15: =SUM(M13:M14) -> 0 | N15: =SUM(N13:N14) -> 0 | O15: =SUM(O13:O14) -> 0 | R15: =SUM(R13:R14) -> 0 | S15: =SUM(S13:S14) -> 0 | T15: =SUM(T13:T14) -> 0 | U15: =SUM(U13:U14) -> 0 | V15: =SUM(V13:V14) -> 0 | W15: =SUM(W13:W14) -> 0 | X15: =SUM(X13:X14) -> 0 | Y15: =SUM(Y13:Y14) -> 0 | ... AH15: =SUM(AH13:AH14) -> 0 | AI15: =IF(ISERROR(AH15/J15),0,AH15/J15) -> 0 | AJ15: =IF(ISERROR(AH15/$AH$76),0,AH15/$AH$76) -> 0
A16: ATACAMA
A17: 1 | U17: =SUM(R17:T17) -> 0 | Y17: =SUM(V17:X17) -> 0 | AC17: =SUM(Z17:AB17) -> 0 | AG17: =SUM(AD17:AF17) -> 0 | AH17: =SUM(U17,Y17,AC17,AG17) -> 0 | AI17: =IF(ISERROR(AH17/J17),0,AH17/J17) -> 0 | AJ17: =IF(ISERROR(AH17/$AH$76),"-",AH17/$AH$76) -> 0
A18: 2 | U18: =SUM(R18:T18) -> 0 | Y18: =SUM(V18:X18) -> 0 | AC18: =SUM(Z18:AB18) -> 0 | AG18: =SUM(AD18:AF18) -> 0 | AH18: =SUM(U18,Y18,AC18,AG18) -> 0 | AI18: =IF(ISERROR(AH18/J18),0,AH18/J18) -> 0 | AJ18: =IF(ISERROR(AH18/$AH$76),"-",AH18/$AH$76) -> 0
A19: TOTAL REGIÓN DE ATACAMA | J19: =SUM(J17:J18) -> 0 | K19: =SUM(K17:K18) -> 0 | M19: =SUM(M17:M18) -> 0 | N19: =SUM(N17:N18) -> 0 | O19: =SUM(O17:O18) -> 0 | R19: =SUM(R17:R18) -> 0 | S19: =SUM(S17:S18) -> 0 | T19: =SUM(T17:T18) -> 0 | U19: =SUM(U17:U18) -> 0 | V19: =SUM(V17:V18) -> 0 | W19: =SUM(W17:W18) -> 0 | X19: =SUM(X17:X18) -> 0 | Y19: =SUM(Y17:Y18) -> 0 | ... AH19: =SUM(AH17:AH18) -> 0 | AI19: =IF(ISERROR(AH19/J19),0,AH19/J19) -> 0 | AJ19: =IF(ISERROR(AH19/$AH$76),0,AH19/$AH$76) -> 0
A20: COQUIMBO
A21: 1 | U21: =SUM(R21:T21) -> 0 | Y21: =SUM(V21:X21) -> 0 | AC21: =SUM(Z21:AB21) -> 0 | AG21: =SUM(AD21:AF21) -> 0 | AH21: =SUM(U21,Y21,AC21,AG21) -> 0 | AI21: =IF(ISERROR(AH21/J21),0,AH21/J21) -> 0 | AJ21: =IF(ISERROR(AH21/$AH$76),"-",AH21/$AH$76) -> 0
A22: 2 | U22: =SUM(R22:T22) -> 0 | Y22: =SUM(V22:X22) -> 0 | AC22: =SUM(Z22:AB22) -> 0 | AG22: =SUM(AD22:AF22) -> 0 | AH22: =SUM(U22,Y22,AC22,AG22) -> 0 | AI22: =IF(ISERROR(AH22/J22),0,AH22/J22) -> 0 | AJ22: =IF(ISERROR(AH22/$AH$76),"-",AH22/$AH$76) -> 0
A23: TOTAL REGIÓN DE COQUIMBO | J23: =SUM(J21:J22) -> 0 | K23: =SUM(K21:K22) -> 0 | M23: =SUM(M21:M22) -> 0 | N23: =SUM(N21:N22) -> 0 | O23: =SUM(O21:O22) -> 0 | R23: =SUM(R21:R22) -> 0 | S23: =SUM(S21:S22) -> 0 | T23: =SUM(T21:T22) -> 0 | U23: =SUM(U21:U22) -> 0 | V23: =SUM(V21:V22) -> 0 | W23: =SUM(W21:W22) -> 0 | X23: =SUM(X21:X22) -> 0 | Y23: =SUM(Y21:Y22) -> 0 | ... AH23: =SUM(AH21:AH22) -> 0 | AI23: =IF(ISERROR(AH23/J23),0,AH23/J23) -> 0 | AJ23: =IF(ISERROR(AH23/$AH$76),0,AH23/$AH$76) -> 0
A24: VALPARAÍSO
A25: 1 | U25: =SUM(R25:T25) -> 0 | Y25: =SUM(V25:X25) -> 0 | AC25: =SUM(Z25:AB25) -> 0 | AE25: 0 | AF25: 0 | AG25: =SUM(AD25:AF25) -> 0 | AH25: =SUM(U25,Y25,AC25,AG25) -> 0 | AI25: =IF(ISERROR(AH25/J25),0,AH25/J25) -> 0 | AJ25: =IF(ISERROR(AH25/$AH$76),"-",AH25/$AH$76) -> 0
A26: 2 | U26: =SUM(R26:T26) -> 0 | Y26: =SUM(V26:X26) -> 0 | AC26: =SUM(Z26:AB26) -> 0 | AE26: 0 | AF26: 0 | AG26: =SUM(AD26:AF26) -> 0 | AH26: =SUM(U26,Y26,AC26,AG26) -> 0 | AI26: =IF(ISERROR(AH26/J26),0,AH26/J26) -> 0 | AJ26: =IF(ISERROR(AH26/$AH$76),"-",AH26/$AH$76) -> 0
A27: TOTAL REGIÓN DE VALPARAÍSO | J27: =SUM(J25:J26) -> 0 | K27: =SUM(K25:K26) -> 0 | M27: =SUM(M25:M26) -> 0 | N27: =SUM(N25:N26) -> 0 | O27: =SUM(O25:O26) -> 0 | R27: =SUM(R25:R26) -> 0 | S27: =SUM(S25:S26) -> 0 | T27: =SUM(T25:T26) -> 0 | U27: =SUM(U25:U26) -> 0 | V27: =SUM(V25:V26) -> 0 | W27: =SUM(W25:W26) -> 0 | X27: =SUM(X25:X26) -> 0 | Y27: =SUM(Y25:Y26) -> 0 | ... AH27: =SUM(AH25:AH26) -> 0 | AI27: =IF(ISERROR(AH27/J27),0,AH27/J27) -> 0 | AJ27: =IF(ISERROR(AH27/$AH$76),0,AH27/$AH$76) -> 0
A28: LIBERTADOR B. O HIGGINS
A29: 1 | U29: =SUM(R29:T29) -> 0 | Y29: =SUM(V29:X29) -> 0 | AC29: =SUM(Z29:AB29) -> 0 | AG29: =SUM(AD29:AF29) -> 0 | AH29: =SUM(U29,Y29,AC29,AG29) -> 0 | AI29: =IF(ISERROR(AH29/J29),0,AH29/J29) -> 0 | AJ29: =IF(ISERROR(AH29/$AH$76),"-",AH29/$AH$76) -> 0
A30: 2 | U30: =SUM(R30:T30) -> 0 | Y30: =SUM(V30:X30) -> 0 | AC30: =SUM(Z30:AB30) -> 0 | AG30: =SUM(AD30:AF30) -> 0 | AH30: =SUM(U30,Y30,AC30,AG30) -> 0 | AI30: =IF(ISERROR(AH30/J30),0,AH30/J30) -> 0 | AJ30: =IF(ISERROR(AH30/$AH$76),"-",AH30/$AH$76) -> 0
A31: TOTAL REGIÓN DEL LIBERTADOR GENERAL BERNARDO O'HIGGINS | J31: =SUM(J29:J30) -> 0 | K31: =SUM(K29:K30) -> 0 | M31: =SUM(M29:M30) -> 0 | N31: =SUM(N29:N30) -> 0 | O31: =SUM(O29:O30) -> 0 | R31: =SUM(R29:R30) -> 0 | S31: =SUM(S29:S30) -> 0 | T31: =SUM(T29:T30) -> 0 | U31: =SUM(U29:U30) -> 0 | V31: =SUM(V29:V30) -> 0 | W31: =SUM(W29:W30) -> 0 | X31: =SUM(X29:X30) -> 0 | Y31: =SUM(Y29:Y30) -> 0 | ... AH31: =SUM(AH29:AH30) -> 0 | AI31: =IF(ISERROR(AH31/J31),0,AH31/J31) -> 0 | AJ31: =IF(ISERROR(AH31/$AH$76),0,AH31/$AH$76) -> 0
A32: MAULE
A33: 1 | U33: =SUM(R33:T33) -> 0 | Y33: =SUM(V33:X33) -> 0 | AC33: =SUM(Z33:AB33) -> 0 | AG33: =SUM(AD33:AF33) -> 0 | AH33: =SUM(U33,Y33,AC33,AG33) -> 0 | AI33: =IF(ISERROR(AH33/J33),0,AH33/J33) -> 0 | AJ33: =IF(ISERROR(AH33/$AH$76),"-",AH33/$AH$76) -> 0
A34: 2 | U34: =SUM(R34:T34) -> 0 | Y34: =SUM(V34:X34) -> 0 | AC34: =SUM(Z34:AB34) -> 0 | AG34: =SUM(AD34:AF34) -> 0 | AH34: =SUM(U34,Y34,AC34,AG34) -> 0 | AI34: =IF(ISERROR(AH34/J34),0,AH34/J34) -> 0 | AJ34: =IF(ISERROR(AH34/$AH$76),"-",AH34/$AH$76) -> 0
A35: TOTAL REGIÓN DEL MAULE | J35: =SUM(J33:J34) -> 0 | K35: =SUM(K33:K34) -> 0 | M35: =SUM(M33:M34) -> 0 | N35: =SUM(N33:N34) -> 0 | O35: =SUM(O33:O34) -> 0 | R35: =SUM(R33:R34) -> 0 | S35: =SUM(S33:S34) -> 0 | T35: =SUM(T33:T34) -> 0 | U35: =SUM(U33:U34) -> 0 | V35: =SUM(V33:V34) -> 0 | W35: =SUM(W33:W34) -> 0 | X35: =SUM(X33:X34) -> 0 | Y35: =SUM(Y33:Y34) -> 0 | ... AH35: =SUM(AH33:AH34) -> 0 | AI35: =IF(ISERROR(AH35/J35),0,AH35/J35) -> 0 | AJ35: =IF(ISERROR(AH35/$AH$76),0,AH35/$AH$76) -> 0
A36: BIOBÍO
A37: 1 | U37: =SUM(R37:T37) -> 0 | Y37: =SUM(V37:X37) -> 0 | AC37: =SUM(Z37:AB37) -> 0 | AG37: =SUM(AD37:AF37) -> 0 | AH37: =SUM(U37,Y37,AC37,AG37) -> 0 | AI37: =IF(ISERROR(AH37/J37),0,AH37/J37) -> 0 | AJ37: =IF(ISERROR(AH37/$AH$76),"-",AH37/$AH$76) -> 0
A38: 2 | U38: =SUM(R38:T38) -> 0 | Y38: =SUM(V38:X38) -> 0 | AC38: =SUM(Z38:AB38) -> 0 | AG38: =SUM(AD38:AF38) -> 0 | AH38: =SUM(U38,Y38,AC38,AG38) -> 0 | AI38: =IF(ISERROR(AH38/J38),0,AH38/J38) -> 0 | AJ38: =IF(ISERROR(AH38/$AH$76),"-",AH38/$AH$76) -> 0
A39: TOTAL REGIÓN DEL BIOBÍO | J39: =SUM(J37:J38) -> 0 | K39: =SUM(K37:K38) -> 0 | M39: =SUM(M37:M38) -> 0 | N39: =SUM(N37:N38) -> 0 | O39: =SUM(O37:O38) -> 0 | R39: =SUM(R37:R38) -> 0 | S39: =SUM(S37:S38) -> 0 | T39: =SUM(T37:T38) -> 0 | U39: =SUM(U37:U38) -> 0 | V39: =SUM(V37:V38) -> 0 | W39: =SUM(W37:W38) -> 0 | X39: =SUM(X37:X38) -> 0 | Y39: =SUM(Y37:Y38) -> 0 | ... AH39: =SUM(AH37:AH38) -> 0 | AI39: =IF(ISERROR(AH39/J39),0,AH39/J39) -> 0 | AJ39: =IF(ISERROR(AH39/$AH$76),0,AH39/$AH$76) -> 0
A40: ARAUCANÍA
A41: 1 | U41: =SUM(R41:T41) -> 0 | Y41: =SUM(V41:X41) -> 0 | AC41: =SUM(Z41:AB41) -> 0 | AE41: 0 | AF41: 0 | AG41: =SUM(AD41:AF41) -> 0 | AH41: =SUM(U41,Y41,AC41,AG41) -> 0 | AI41: =IF(ISERROR(AH41/J41),0,AH41/J41) -> 0 | AJ41: =IF(ISERROR(AH41/$AH$76),"-",AH41/$AH$76) -> 0
A42: 2 | U42: =SUM(R42:T42) -> 0 | Y42: =SUM(V42:X42) -> 0 | AC42: =SUM(Z42:AB42) -> 0 | AG42: =SUM(AD42:AF42) -> 0 | AH42: =SUM(U42,Y42,AC42,AG42) -> 0 | AI42: =IF(ISERROR(AH42/J42),0,AH42/J42) -> 0 | AJ42: =IF(ISERROR(AH42/$AH$76),"-",AH42/$AH$76) -> 0
A43: TOTAL REGIÓN DE LA ARAUCANÍA | J43: =SUM(J41:J42) -> 0 | K43: =SUM(K41:K42) -> 0 | M43: =SUM(M41:M42) -> 0 | N43: =SUM(N41:N42) -> 0 | O43: =SUM(O41:O42) -> 0 | R43: =SUM(R41:R42) -> 0 | S43: =SUM(S41:S42) -> 0 | T43: =SUM(T41:T42) -> 0 | U43: =SUM(U41:U42) -> 0 | V43: =SUM(V41:V42) -> 0 | W43: =SUM(W41:W42) -> 0 | X43: =SUM(X41:X42) -> 0 | Y43: =SUM(Y41:Y42) -> 0 | ... AH43: =SUM(AH41:AH42) -> 0 | AI43: =IF(ISERROR(AH43/J43),0,AH43/J43) -> 0 | AJ43: =IF(ISERROR(AH43/$AH$76),0,AH43/$AH$76) -> 0
A44: LOS LAGOS
A45: 1 | R45: 0 | S45: 0 | T45: 0 | U45: =SUM(R45:T45) -> 0 | V45: 0 | W45: 0 | X45: 0 | Y45: =SUM(V45:X45) -> 0 | Z45: 0 | AA45: 0 | AB45: 0 | AC45: =SUM(Z45:AB45) -> 0 | AD45: 0 | AE45: 0 | AF45: 0 | AG45: =SUM(AD45:AF45) -> 0 | AH45: =SUM(U45,Y45,AC45,AG45) -> 0 | AI45: =IF(ISERROR(AH45/J45),0,AH45/J45) -> 0 | AJ45: =IF(ISERROR(AH45/$AH$76),"-",AH45/$AH$76) -> 0
A46: 2 | U46: =SUM(R46:T46) -> 0 | Y46: =SUM(V46:X46) -> 0 | AC46: =SUM(Z46:AB46) -> 0 | AG46: =SUM(AD46:AF46) -> 0 | AH46: =SUM(U46,Y46,AC46,AG46) -> 0 | AI46: =IF(ISERROR(AH46/J46),0,AH46/J46) -> 0 | AJ46: =IF(ISERROR(AH46/$AH$76),"-",AH46/$AH$76) -> 0
A47: TOTAL REGIÓN DE LOS LAGOS | J47: =SUM(J45:J46) -> 0 | K47: =SUM(K45:K46) -> 0 | M47: =SUM(M45:M46) -> 0 | N47: =SUM(N45:N46) -> 0 | O47: =SUM(O45:O46) -> 0 | R47: =SUM(R45:R46) -> 0 | S47: =SUM(S45:S46) -> 0 | T47: =SUM(T45:T46) -> 0 | U47: =SUM(U45:U46) -> 0 | V47: =SUM(V45:V46) -> 0 | W47: =SUM(W45:W46) -> 0 | X47: =SUM(X45:X46) -> 0 | Y47: =SUM(Y45:Y46) -> 0 | ... AH47: =SUM(AH45:AH46) -> 0 | AI47: =IF(ISERROR(AH47/J47),0,AH47/J47) -> 0 | AJ47: =IF(ISERROR(AH47/$AH$76),0,AH47/$AH$76) -> 0
A48: AYSÉN
A49: 1 | U49: =SUM(R49:T49) -> 0 | Y49: =SUM(V49:X49) -> 0 | AC49: =SUM(Z49:AB49) -> 0 | AG49: =SUM(AD49:AF49) -> 0 | AH49: =SUM(U49,Y49,AC49,AG49) -> 0 | AI49: =IF(ISERROR(AH49/J49),0,AH49/J49) -> 0 | AJ49: =IF(ISERROR(AH49/$AH$76),"-",AH49/$AH$76) -> 0
A50: 2 | U50: =SUM(R50:T50) -> 0 | Y50: =SUM(V50:X50) -> 0 | AC50: =SUM(Z50:AB50) -> 0 | AG50: =SUM(AD50:AF50) -> 0 | AH50: =SUM(U50,Y50,AC50,AG50) -> 0 | AI50: =IF(ISERROR(AH50/J50),0,AH50/J50) -> 0 | AJ50: =IF(ISERROR(AH50/$AH$76),"-",AH50/$AH$76) -> 0
A51: TOTAL REGIÓN AYSÉN DEL GENERAL CARLOS IBAÑEZ DEL CAMPO | J51: =J49 -> 0 | K51: 0 | M51: =SUM(M49:M50) -> 0 | N51: =SUM(N49:N50) -> 0 | O51: =SUM(O49:O50) -> 0 | R51: =SUM(R49:R50) -> 0 | S51: =SUM(S49:S50) -> 0 | T51: =SUM(T49:T50) -> 0 | U51: =SUM(U49:U50) -> 0 | V51: =SUM(V49:V50) -> 0 | W51: =SUM(W49:W50) -> 0 | X51: =SUM(X49:X50) -> 0 | Y51: =SUM(Y49:Y50) -> 0 | ... AH51: =SUM(AH49:AH50) -> 0 | AI51: =IF(ISERROR(AH51/J51),0,AH51/J51) -> 0 | AJ51: =IF(ISERROR(AH51/$AH$76),0,AH51/$AH$76) -> 0
A52: MAGALLANES
A53: 1 | U53: =SUM(R53:T53) -> 0 | Y53: =SUM(V53:X53) -> 0 | AC53: =SUM(Z53:AB53) -> 0 | AG53: =SUM(AD53:AF53) -> 0 | AH53: =SUM(U53,Y53,AC53,AG53) -> 0 | AI53: =IF(ISERROR(AH53/J53),0,AH53/J53) -> 0 | AJ53: =IF(ISERROR(AH53/$AH$76),"-",AH53/$AH$76) -> 0
A54: 2 | U54: =SUM(R54:T54) -> 0 | Y54: =SUM(V54:X54) -> 0 | AC54: =SUM(Z54:AB54) -> 0 | AG54: =SUM(AD54:AF54) -> 0 | AH54: =SUM(U54,Y54,AC54,AG54) -> 0 | AI54: =IF(ISERROR(AH54/J54),0,AH54/J54) -> 0 | AJ54: =IF(ISERROR(AH54/$AH$76),"-",AH54/$AH$76) -> 0
A55: TOTAL REGIÓN DE MAGALLANES Y ANTÁRTICA CHILENA | J55: =SUM(J53:J54) -> 0 | K55: =SUM(K53:K54) -> 0 | M55: =SUM(M53:M54) -> 0 | N55: =SUM(N53:N54) -> 0 | O55: =SUM(O53:O54) -> 0 | R55: =SUM(R53:R54) -> 0 | S55: =SUM(S53:S54) -> 0 | T55: =SUM(T53:T54) -> 0 | U55: =SUM(U53:U54) -> 0 | V55: =SUM(V53:V54) -> 0 | W55: =SUM(W53:W54) -> 0 | X55: =SUM(X53:X54) -> 0 | Y55: =SUM(Y53:Y54) -> 0 | ... AH55: =SUM(AH53:AH54) -> 0 | AI55: =IF(ISERROR(AH55/J55),0,AH55/J55) -> 0 | AJ55: =IF(ISERROR(AH55/$AH$76),0,AH55/$AH$76) -> 0
A56: LOS RÍOS
A57: 1 | U57: =SUM(R57:T57) -> 0 | Y57: =SUM(V57:X57) -> 0 | AC57: =SUM(Z57:AB57) -> 0 | AG57: =SUM(AD57:AF57) -> 0 | AH57: =SUM(U57,Y57,AC57,AG57) -> 0 | AI57: =IF(ISERROR(AH57/J57),0,AH57/J57) -> 0 | AJ57: =IF(ISERROR(AH57/$AH$76),"-",AH57/$AH$76) -> 0
A58: 2 | U58: =SUM(R58:T58) -> 0 | Y58: =SUM(V58:X58) -> 0 | AC58: =SUM(Z58:AB58) -> 0 | AG58: =SUM(AD58:AF58) -> 0 | AH58: =SUM(U58,Y58,AC58,AG58) -> 0 | AI58: =IF(ISERROR(AH58/J58),0,AH58/J58) -> 0 | AJ58: =IF(ISERROR(AH58/$AH$76),"-",AH58/$AH$76) -> 0
A59: TOTAL REGIÓN DE LOS RÍOS | J59: =SUM(J57:J58) -> 0 | K59: =SUM(K57:K58) -> 0 | M59: =SUM(M57:M58) -> 0 | N59: =SUM(N57:N58) -> 0 | O59: =SUM(O57:O58) -> 0 | R59: =SUM(R57:R58) -> 0 | S59: =SUM(S57:S58) -> 0 | T59: =SUM(T57:T58) -> 0 | U59: =SUM(U57:U58) -> 0 | V59: =SUM(V57:V58) -> 0 | W59: =SUM(W57:W58) -> 0 | X59: =SUM(X57:X58) -> 0 | Y59: =SUM(Y57:Y58) -> 0 | ... AH59: =SUM(AH57:AH58) -> 0 | AI59: =IF(ISERROR(AH59/J59),0,AH59/J59) -> 0 | AJ59: =IF(ISERROR(AH59/$AH$76),0,AH59/$AH$76) -> 0
A60: ARICA Y PARINACOTA
A61: 1 | U61: =SUM(R61:T61) -> 0 | Y61: =SUM(V61:X61) -> 0 | AC61: =SUM(Z61:AB61) -> 0 | AG61: =SUM(AD61:AF61) -> 0 | AH61: =SUM(U61,Y61,AC61,AG61) -> 0 | AI61: =IF(ISERROR(AH61/J61),0,AH61/J61) -> 0 | AJ61: =IF(ISERROR(AH61/$AH$76),"-",AH61/$AH$76) -> 0
A62: 2 | U62: =SUM(R62:T62) -> 0 | Y62: =SUM(V62:X62) -> 0 | AC62: =SUM(Z62:AB62) -> 0 | AG62: =SUM(AD62:AF62) -> 0 | AH62: =SUM(U62,Y62,AC62,AG62) -> 0 | AI62: =IF(ISERROR(AH62/J62),0,AH62/J62) -> 0 | AJ62: =IF(ISERROR(AH62/$AH$76),"-",AH62/$AH$76) -> 0
A63: TOTAL REGIÓN DE ARICA Y PARINACOTA | J63: =SUM(J61:J62) -> 0 | K63: =SUM(K61:K62) -> 0 | M63: =SUM(M61:M62) -> 0 | N63: =SUM(N61:N62) -> 0 | O63: =SUM(O61:O62) -> 0 | R63: =SUM(R61:R62) -> 0 | S63: =SUM(S61:S62) -> 0 | T63: =SUM(T61:T62) -> 0 | U63: =SUM(U61:U62) -> 0 | V63: =SUM(V61:V62) -> 0 | W63: =SUM(W61:W62) -> 0 | X63: =SUM(X61:X62) -> 0 | Y63: =SUM(Y61:Y62) -> 0 | ... AH63: =SUM(AH61:AH62) -> 0 | AI63: =IF(ISERROR(AH63/J63),0,AH63/J63) -> 0 | AJ63: =IF(ISERROR(AH63/$AH$76),0,AH63/$AH$76) -> 0
A64: ÑUBLE
A65: 1 | U65: =SUM(R65:T65) -> 0 | Y65: =SUM(V65:X65) -> 0 | AC65: =SUM(Z65:AB65) -> 0 | AG65: =SUM(AD65:AF65) -> 0 | AH65: =SUM(U65,Y65,AC65,AG65) -> 0 | AI65: =IF(ISERROR(AH65/J65),0,AH65/J65) -> 0 | AJ65: =IF(ISERROR(AH65/$AH$76),"-",AH65/$AH$76) -> 0
A66: 2 | U66: =SUM(R66:T66) -> 0 | Y66: =SUM(V66:X66) -> 0 | AC66: =SUM(Z66:AB66) -> 0 | AG66: =SUM(AD66:AF66) -> 0 | AH66: =SUM(U66,Y66,AC66,AG66) -> 0 | AI66: =IF(ISERROR(AH66/J66),0,AH66/J66) -> 0 | AJ66: =IF(ISERROR(AH66/$AH$76),"-",AH66/$AH$76) -> 0
A67: TOTAL REGIÓN DEL ÑUBLE | J67: =SUM(J65:J66) -> 0 | K67: =SUM(K65:K66) -> 0 | M67: =SUM(M65:M66) -> 0 | N67: =SUM(N65:N66) -> 0 | O67: =SUM(O65:O66) -> 0 | R67: =SUM(R65:R66) -> 0 | S67: =SUM(S65:S66) -> 0 | T67: =SUM(T65:T66) -> 0 | U67: =SUM(U65:U66) -> 0 | V67: =SUM(V65:V66) -> 0 | W67: =SUM(W65:W66) -> 0 | X67: =SUM(X65:X66) -> 0 | Y67: =SUM(Y65:Y66) -> 0 | ... AH67: =SUM(AH65:AH66) -> 0 | AI67: =IF(ISERROR(AH67/J67),0,AH67/J67) -> 0 | AJ67: =IF(ISERROR(AH67/$AH$76),0,AH67/$AH$76) -> 0
A68: METROPOLITANA
A69: 1 | U69: =SUM(R69:T69) -> 0 | Y69: =SUM(V69:X69) -> 0 | AC69: =SUM(Z69:AB69) -> 0 | AG69: =SUM(AD69:AF69) -> 0 | AH69: =SUM(U69,Y69,AC69,AG69) -> 0 | AI69: =IF(ISERROR(AH69/J69),0,AH69/J69) -> 0 | AJ69: =IF(ISERROR(AH69/$AH$76),"-",AH69/$AH$76) -> 0
A70: 2 | U70: =SUM(R70:T70) -> 0 | Y70: =SUM(V70:X70) -> 0 | AC70: =SUM(Z70:AB70) -> 0 | AG70: =SUM(AD70:AF70) -> 0 | AH70: =SUM(U70,Y70,AC70,AG70) -> 0 | AI70: =IF(ISERROR(AH70/J70),0,AH70/J70) -> 0 | AJ70: =IF(ISERROR(AH70/$AH$76),"-",AH70/$AH$76) -> 0
A71: TOTAL REGIÓN METROPOLITANA | J71: =SUM(J69:J70) -> 0 | K71: =SUM(K69:K70) -> 0 | M71: =SUM(M69:M70) -> 0 | N71: =SUM(N69:N70) -> 0 | O71: =SUM(O69:O70) -> 0 | R71: =SUM(R69:R70) -> 0 | S71: =SUM(S69:S70) -> 0 | T71: =SUM(T69:T70) -> 0 | U71: =SUM(U69:U70) -> 0 | V71: =SUM(V69:V70) -> 0 | W71: =SUM(W69:W70) -> 0 | X71: =SUM(X69:X70) -> 0 | Y71: =SUM(Y69:Y70) -> 0 | ... AH71: =SUM(AH69:AH70) -> 0 | AI71: =IF(ISERROR(AH71/J71),0,AH71/J71) -> 0 | AJ71: =IF(ISERROR(AH71/$AH$76),0,AH71/$AH$76) -> 0
A72: NIVEL CENTRAL | J72: 1237487000
A73: 1 | C73: REX. 0100 | D73: 46145 | E73: SERVICIO NACIONAL DE LA DISCAPACIDAD | F73: 24-02-010 | K73: 1237487000 | T73: 618743500 | U73: =SUM(R73:T73) -> 618743500 | Y73: =SUM(V73:X73) -> 0 | AB73: 618743500 | AC73: =SUM(Z73:AB73) -> 618743500 | AE73: 0 | AG73: =SUM(AD73:AF73) -> 0 | AH73: =SUM(U73,Y73,AC73,AG73) -> 1237487000 | AI73: =IF(ISERROR(AH73/J72),0,AH73/J72) -> 1 | AJ73: =IF(ISERROR(AH73/$AH$76),"-",AH73/$AH$76) -> 1
A74: 2 | U74: =SUM(R74:T74) -> 0 | Y74: =SUM(V74:X74) -> 0 | AC74: =SUM(Z74:AB74) -> 0 | AE74: 0 | AF74: 0 | AG74: =SUM(AD74:AF74) -> 0 | AH74: =SUM(U74,Y74,AC74,AG74) -> 0 | AI74: =IF(ISERROR(AH74/J73),0,AH74/J73) -> 0 | AJ74: =IF(ISERROR(AH74/$AH$76),"-",AH74/$AH$76) -> 0
A75: TOTAL NIVEL CENTRAL | J75: =J72 -> 1237487000 | K75: =SUM(K73:K73) -> 1237487000 | M75: =SUM(M73:M73) -> 0 | N75: =SUM(N73:N73) -> 0 | O75: =SUM(O73:O73) -> 0 | R75: =SUM(R73:R73) -> 0 | S75: =SUM(S73:S73) -> 0 | T75: =SUM(T73:T73) -> 618743500 | U75: =SUM(U73:U73) -> 618743500 | V75: =SUM(V73:V73) -> 0 | W75: =SUM(W73:W73) -> 0 | X75: =SUM(X73:X73) -> 0 | Y75: =SUM(Y73:Y73) -> 0 | ... AH75: =SUM(AH73:AH73) -> 1237487000 | AI75: =IF(ISERROR(AH75/J75),0,AH75/J75) -> 1 | AJ75: =IF(ISERROR(AH75/$AH$76),0,AH75/$AH$76) -> 1
A76: ="TOTAL ASIG."&" "&$A$5 -> TOTAL ASIG. 24-02-010 "Programa de Ayudas Técnicas - SENADIS" | J76: =SUM(J11,J15,J19,J23,J27,J31,J35,J39,J43,J47,J51,J55,J59,J63,J67,J71,J75) -> 1237487000 | K76: =SUM(K11,K15,K19,K23,K27,K31,K35,K39,K43,K47,K51,K55,K59,K63,K67,K71,K75) -> 1237487000 | L76: =SUM(L11,L15,L19,L23,L27,L31,L35,L39,L43,L47,L51,L55,L59,L63,L67,L71,L75) -> 0 | M76: =SUM(M11,M15,M19,M23,M27,M31,M35,M39,M43,M47,M51,M55,M59,M63,M67,M71,M75) -> 0 | N76: =SUM(N11,N15,N19,N23,N27,N31,N35,N39,N43,N47,N51,N55,N59,N63,N67,N71,N75) -> 0 | O76: =SUM(O11,O15,O19,O23,O27,O31,O35,O39,O43,O47,O51,O55,O59,O63,O67,O71,O75) -> 0 | P76: =SUM(P11,P15,P19,P23,P27,P31,P35,P39,P43,P47,P51,P55,P59,P63,P67,P71,P75) -> 0 | Q76: =SUM(Q11,Q15,Q19,Q23,Q27,Q31,Q35,Q39,Q43,Q47,Q51,Q55,Q59,Q63,Q67,Q71,Q75) -> 0 | ... AH76: =SUM(AH11,AH15,AH19,AH23,AH27,AH31,AH35,AH39,AH43,AH47,AH51,AH55,AH59,AH63,AH67,AH71,AH75) -> 1237487000 | AI76: =IF(ISERROR(AH76/J76),0,AH76/J76) -> 1 | AJ76: =IF(ISERROR(AH76/$AH$76),0,AH76/$AH$76) -> 1

Sheet 24-02-010 Res. A.Téc SENADIS
A1: PARTIDA 21-01-05 "INGRESO ÉTICO FAMILIAR Y SISTEMA CHILE SOLIDARIO"
A2: INFORME POR PROGRAMA Y REGIÓN
A3: EJECUCIÓN AL 30 SEPTIEMBRE DE 2026
A4: En pesos
A5: 24-02-010 "Programa de Ayudas Técnicas - SENADIS"
A6: REGION | B6: Presupuesto por región | C6: Total Convenios | D6: Beneficiarios | G6: EJECUCION DEVENGADA | J6: 1er. Trimestre | K6: EJECUCION DEVENGADA | N6: 2do. Trimestre | O6: EJECUCION DEVENGADA | R6: 3er. Trimestre | S6: EJECUCION DEVENGADA | V6: 4to. Trimestre | W6: Total Anual | X6: Porcentaje de:
D7: Cobertura | E7: Universo | F7: Tipo de Beneficiarios | G7: Enero | H7: Febrero | I7: Marzo | K7: Abril | L7: Mayo | M7: Junio | O7: Julio | P7: Agosto | Q7: Septiembre | S7: Octubre | T7: Noviembre | U7: Diciembre | X7: Ejecución | Y7: Participación del Gasto
A8: TARAPACÁ | B8: =+'24-02-010 Ind. A.Téc SENADIS'!J11 -> 0 | C8: =+'24-02-010 Ind. A.Téc SENADIS'!K11 -> 0 | D8: =+'24-02-010 Ind. A.Téc SENADIS'!M11 -> 0 | E8: =+'24-02-010 Ind. A.Téc SENADIS'!N11 -> 0 | F8: =+'24-02-010 Ind. A.Téc SENADIS'!O11 -> 0 | G8: =+'24-02-010 Ind. A.Téc SENADIS'!R11 -> 0 | H8: =+'24-02-010 Ind. A.Téc SENADIS'!S11 -> 0 | I8: =+'24-02-010 Ind. A.Téc SENADIS'!T11 -> 0 | J8: =+'24-02-010 Ind. A.Téc SENADIS'!U11 -> 0 | K8: =+'24-02-010 Ind. A.Téc SENADIS'!V11 -> 0 | L8: =+'24-02-010 Ind. A.Téc SENADIS'!W11 -> 0 | M8: =+'24-02-010 Ind. A.Téc SENADIS'!X11 -> 0 | N8: =+'24-02-010 Ind. A.Téc SENADIS'!Y11 -> 0 | ... Y8: =+'24-02-010 Ind. A.Téc SENADIS'!AJ11 -> 0
A9: ANTOFAGASTA | B9: =+'24-02-010 Ind. A.Téc SENADIS'!J15 -> 0 | C9: =+'24-02-010 Ind. A.Téc SENADIS'!K15 -> 0 | D9: =+'24-02-010 Ind. A.Téc SENADIS'!M15 -> 0 | E9: =+'24-02-010 Ind. A.Téc SENADIS'!N15 -> 0 | F9: =+'24-02-010 Ind. A.Téc SENADIS'!O15 -> 0 | G9: =+'24-02-010 Ind. A.Téc SENADIS'!R15 -> 0 | H9: =+'24-02-010 Ind. A.Téc SENADIS'!S15 -> 0 | I9: =+'24-02-010 Ind. A.Téc SENADIS'!T15 -> 0 | J9: =+'24-02-010 Ind. A.Téc SENADIS'!U15 -> 0 | K9: =+'24-02-010 Ind. A.Téc SENADIS'!V15 -> 0 | L9: =+'24-02-010 Ind. A.Téc SENADIS'!W15 -> 0 | M9: =+'24-02-010 Ind. A.Téc SENADIS'!X15 -> 0 | N9: =+'24-02-010 Ind. A.Téc SENADIS'!Y15 -> 0 | ... Y9: =+'24-02-010 Ind. A.Téc SENADIS'!AJ15 -> 0
A10: ATACAMA | B10: =+'24-02-010 Ind. A.Téc SENADIS'!J19 -> 0 | C10: =+'24-02-010 Ind. A.Téc SENADIS'!K19 -> 0 | D10: =+'24-02-010 Ind. A.Téc SENADIS'!M19 -> 0 | E10: =+'24-02-010 Ind. A.Téc SENADIS'!N19 -> 0 | F10: =+'24-02-010 Ind. A.Téc SENADIS'!O19 -> 0 | G10: =+'24-02-010 Ind. A.Téc SENADIS'!R19 -> 0 | H10: =+'24-02-010 Ind. A.Téc SENADIS'!S19 -> 0 | I10: =+'24-02-010 Ind. A.Téc SENADIS'!T19 -> 0 | J10: =+'24-02-010 Ind. A.Téc SENADIS'!U19 -> 0 | K10: =+'24-02-010 Ind. A.Téc SENADIS'!V19 -> 0 | L10: =+'24-02-010 Ind. A.Téc SENADIS'!W19 -> 0 | M10: =+'24-02-010 Ind. A.Téc SENADIS'!X19 -> 0 | N10: =+'24-02-010 Ind. A.Téc SENADIS'!Y19 -> 0 | ... Y10: =+'24-02-010 Ind. A.Téc SENADIS'!AJ19 -> 0
A11: COQUIMBO | B11: =+'24-02-010 Ind. A.Téc SENADIS'!J23 -> 0 | C11: =+'24-02-010 Ind. A.Téc SENADIS'!K23 -> 0 | D11: =+'24-02-010 Ind. A.Téc SENADIS'!M23 -> 0 | E11: =+'24-02-010 Ind. A.Téc SENADIS'!N23 -> 0 | F11: =+'24-02-010 Ind. A.Téc SENADIS'!O23 -> 0 | G11: =+'24-02-010 Ind. A.Téc SENADIS'!R23 -> 0 | H11: =+'24-02-010 Ind. A.Téc SENADIS'!S23 -> 0 | I11: =+'24-02-010 Ind. A.Téc SENADIS'!T23 -> 0 | J11: =+'24-02-010 Ind. A.Téc SENADIS'!U23 -> 0 | K11: =+'24-02-010 Ind. A.Téc SENADIS'!V23 -> 0 | L11: =+'24-02-010 Ind. A.Téc SENADIS'!W23 -> 0 | M11: =+'24-02-010 Ind. A.Téc SENADIS'!X23 -> 0 | N11: =+'24-02-010 Ind. A.Téc SENADIS'!Y23 -> 0 | ... Y11: =+'24-02-010 Ind. A.Téc SENADIS'!AJ23 -> 0
A12: VALPARAÍSO | B12: =+'24-02-010 Ind. A.Téc SENADIS'!J27 -> 0 | C12: =+'24-02-010 Ind. A.Téc SENADIS'!K27 -> 0 | D12: =+'24-02-010 Ind. A.Téc SENADIS'!M27 -> 0 | E12: =+'24-02-010 Ind. A.Téc SENADIS'!N27 -> 0 | F12: =+'24-02-010 Ind. A.Téc SENADIS'!O27 -> 0 | G12: =+'24-02-010 Ind. A.Téc SENADIS'!R27 -> 0 | H12: =+'24-02-010 Ind. A.Téc SENADIS'!S27 -> 0 | I12: =+'24-02-010 Ind. A.Téc SENADIS'!T27 -> 0 | J12: =+'24-02-010 Ind. A.Téc SENADIS'!U27 -> 0 | K12: =+'24-02-010 Ind. A.Téc SENADIS'!V27 -> 0 | L12: =+'24-02-010 Ind. A.Téc SENADIS'!W27 -> 0 | M12: =+'24-02-010 Ind. A.Téc SENADIS'!X27 -> 0 | N12: =+'24-02-010 Ind. A.Téc SENADIS'!Y27 -> 0 | ... Y12: =+'24-02-010 Ind. A.Téc SENADIS'!AJ27 -> 0
A13: LIBERTADOR B. O HIGGINS | B13: =+'24-02-010 Ind. A.Téc SENADIS'!J31 -> 0 | C13: =+'24-02-010 Ind. A.Téc SENADIS'!K31 -> 0 | D13: =+'24-02-010 Ind. A.Téc SENADIS'!M31 -> 0 | E13: =+'24-02-010 Ind. A.Téc SENADIS'!N31 -> 0 | F13: =+'24-02-010 Ind. A.Téc SENADIS'!O31 -> 0 | G13: =+'24-02-010 Ind. A.Téc SENADIS'!R31 -> 0 | H13: =+'24-02-010 Ind. A.Téc SENADIS'!S31 -> 0 | I13: =+'24-02-010 Ind. A.Téc SENADIS'!T31 -> 0 | J13: =+'24-02-010 Ind. A.Téc SENADIS'!U31 -> 0 | K13: =+'24-02-010 Ind. A.Téc SENADIS'!V31 -> 0 | L13: =+'24-02-010 Ind. A.Téc SENADIS'!W31 -> 0 | M13: =+'24-02-010 Ind. A.Téc SENADIS'!X31 -> 0 | N13: =+'24-02-010 Ind. A.Téc SENADIS'!Y31 -> 0 | ... Y13: =+'24-02-010 Ind. A.Téc SENADIS'!AJ31 -> 0
A14: MAULE | B14: =+'24-02-010 Ind. A.Téc SENADIS'!J35 -> 0 | C14: =+'24-02-010 Ind. A.Téc SENADIS'!K35 -> 0 | D14: =+'24-02-010 Ind. A.Téc SENADIS'!M35 -> 0 | E14: =+'24-02-010 Ind. A.Téc SENADIS'!N35 -> 0 | F14: =+'24-02-010 Ind. A.Téc SENADIS'!O35 -> 0 | G14: =+'24-02-010 Ind. A.Téc SENADIS'!R35 -> 0 | H14: =+'24-02-010 Ind. A.Téc SENADIS'!S35 -> 0 | I14: =+'24-02-010 Ind. A.Téc SENADIS'!T35 -> 0 | J14: =+'24-02-010 Ind. A.Téc SENADIS'!U35 -> 0 | K14: =+'24-02-010 Ind. A.Téc SENADIS'!V35 -> 0 | L14: =+'24-02-010 Ind. A.Téc SENADIS'!W35 -> 0 | M14: =+'24-02-010 Ind. A.Téc SENADIS'!X35 -> 0 | N14: =+'24-02-010 Ind. A.Téc SENADIS'!Y35 -> 0 | ... Y14: =+'24-02-010 Ind. A.Téc SENADIS'!AJ35 -> 0
A15: BIOBÍO | B15: =+'24-02-010 Ind. A.Téc SENADIS'!J39 -> 0 | C15: =+'24-02-010 Ind. A.Téc SENADIS'!K39 -> 0 | D15: =+'24-02-010 Ind. A.Téc SENADIS'!M39 -> 0 | E15: =+'24-02-010 Ind. A.Téc SENADIS'!N39 -> 0 | F15: =+'24-02-010 Ind. A.Téc SENADIS'!O39 -> 0 | G15: =+'24-02-010 Ind. A.Téc SENADIS'!R39 -> 0 | H15: =+'24-02-010 Ind. A.Téc SENADIS'!S39 -> 0 | I15: =+'24-02-010 Ind. A.Téc SENADIS'!T39 -> 0 | J15: =+'24-02-010 Ind. A.Téc SENADIS'!U39 -> 0 | K15: =+'24-02-010 Ind. A.Téc SENADIS'!V39 -> 0 | L15: =+'24-02-010 Ind. A.Téc SENADIS'!W39 -> 0 | M15: =+'24-02-010 Ind. A.Téc SENADIS'!X39 -> 0 | N15: =+'24-02-010 Ind. A.Téc SENADIS'!Y39 -> 0 | ... Y15: =+'24-02-010 Ind. A.Téc SENADIS'!AJ39 -> 0
A16: ARAUCANÍA | B16: =+'24-02-010 Ind. A.Téc SENADIS'!J43 -> 0 | C16: =+'24-02-010 Ind. A.Téc SENADIS'!K43 -> 0 | D16: =+'24-02-010 Ind. A.Téc SENADIS'!M43 -> 0 | E16: =+'24-02-010 Ind. A.Téc SENADIS'!N43 -> 0 | F16: =+'24-02-010 Ind. A.Téc SENADIS'!O43 -> 0 | G16: =+'24-02-010 Ind. A.Téc SENADIS'!R43 -> 0 | H16: =+'24-02-010 Ind. A.Téc SENADIS'!S43 -> 0 | I16: =+'24-02-010 Ind. A.Téc SENADIS'!T43 -> 0 | J16: =+'24-02-010 Ind. A.Téc SENADIS'!U43 -> 0 | K16: =+'24-02-010 Ind. A.Téc SENADIS'!V43 -> 0 | L16: =+'24-02-010 Ind. A.Téc SENADIS'!W43 -> 0 | M16: =+'24-02-010 Ind. A.Téc SENADIS'!X43 -> 0 | N16: =+'24-02-010 Ind. A.Téc SENADIS'!Y43 -> 0 | ... Y16: =+'24-02-010 Ind. A.Téc SENADIS'!AJ43 -> 0
A17: LOS LAGOS | B17: =+'24-02-010 Ind. A.Téc SENADIS'!J47 -> 0 | C17: =+'24-02-010 Ind. A.Téc SENADIS'!K47 -> 0 | D17: =+'24-02-010 Ind. A.Téc SENADIS'!M47 -> 0 | E17: =+'24-02-010 Ind. A.Téc SENADIS'!N47 -> 0 | F17: =+'24-02-010 Ind. A.Téc SENADIS'!O47 -> 0 | G17: =+'24-02-010 Ind. A.Téc SENADIS'!R47 -> 0 | H17: =+'24-02-010 Ind. A.Téc SENADIS'!S47 -> 0 | I17: =+'24-02-010 Ind. A.Téc SENADIS'!T47 -> 0 | J17: =+'24-02-010 Ind. A.Téc SENADIS'!U47 -> 0 | K17: =+'24-02-010 Ind. A.Téc SENADIS'!V47 -> 0 | L17: =+'24-02-010 Ind. A.Téc SENADIS'!W47 -> 0 | M17: =+'24-02-010 Ind. A.Téc SENADIS'!X47 -> 0 | N17: =+'24-02-010 Ind. A.Téc SENADIS'!Y47 -> 0 | ... X17: =+'24-02-010 Ind. A.Téc SENADIS'!AI47 -> 0 | Y17: =+'24-02-010 Ind. A.Téc SENADIS'!AJ44 -> 0
A18: AYSÉN | B18: =+'24-02-010 Ind. A.Téc SENADIS'!J51 -> 0 | C18: =+'24-02-010 Ind. A.Téc SENADIS'!K51 -> 0 | D18: =+'24-02-010 Ind. A.Téc SENADIS'!M51 -> 0 | E18: =+'24-02-010 Ind. A.Téc SENADIS'!N51 -> 0 | F18: =+'24-02-010 Ind. A.Téc SENADIS'!O51 -> 0 | G18: =+'24-02-010 Ind. A.Téc SENADIS'!R51 -> 0 | H18: =+'24-02-010 Ind. A.Téc SENADIS'!S51 -> 0 | I18: =+'24-02-010 Ind. A.Téc SENADIS'!T51 -> 0 | J18: =+'24-02-010 Ind. A.Téc SENADIS'!U51 -> 0 | K18: =+'24-02-010 Ind. A.Téc SENADIS'!V51 -> 0 | L18: =+'24-02-010 Ind. A.Téc SENADIS'!W51 -> 0 | M18: =+'24-02-010 Ind. A.Téc SENADIS'!X51 -> 0 | N18: =+'24-02-010 Ind. A.Téc SENADIS'!Y51 -> 0 | ... Y18: =+'24-02-010 Ind. A.Téc SENADIS'!AJ51 -> 0
A19: MAGALLANES | B19: =+'24-02-010 Ind. A.Téc SENADIS'!J55 -> 0 | C19: =+'24-02-010 Ind. A.Téc SENADIS'!K55 -> 0 | D19: =+'24-02-010 Ind. A.Téc SENADIS'!M55 -> 0 | E19: =+'24-02-010 Ind. A.Téc SENADIS'!N55 -> 0 | F19: =+'24-02-010 Ind. A.Téc SENADIS'!O55 -> 0 | G19: =+'24-02-010 Ind. A.Téc SENADIS'!R55 -> 0 | H19: =+'24-02-010 Ind. A.Téc SENADIS'!S55 -> 0 | I19: =+'24-02-010 Ind. A.Téc SENADIS'!T55 -> 0 | J19: =+'24-02-010 Ind. A.Téc SENADIS'!U55 -> 0 | K19: =+'24-02-010 Ind. A.Téc SENADIS'!V55 -> 0 | L19: =+'24-02-010 Ind. A.Téc SENADIS'!W55 -> 0 | M19: =+'24-02-010 Ind. A.Téc SENADIS'!X55 -> 0 | N19: =+'24-02-010 Ind. A.Téc SENADIS'!Y55 -> 0 | ... Y19: =+'24-02-010 Ind. A.Téc SENADIS'!AJ55 -> 0
A20: LOS RÍOS | B20: =+'24-02-010 Ind. A.Téc SENADIS'!J59 -> 0 | C20: =+'24-02-010 Ind. A.Téc SENADIS'!K59 -> 0 | D20: =+'24-02-010 Ind. A.Téc SENADIS'!M59 -> 0 | E20: =+'24-02-010 Ind. A.Téc SENADIS'!N59 -> 0 | F20: =+'24-02-010 Ind. A.Téc SENADIS'!O59 -> 0 | G20: =+'24-02-010 Ind. A.Téc SENADIS'!R59 -> 0 | H20: =+'24-02-010 Ind. A.Téc SENADIS'!S59 -> 0 | I20: =+'24-02-010 Ind. A.Téc SENADIS'!T59 -> 0 | J20: =+'24-02-010 Ind. A.Téc SENADIS'!U59 -> 0 | K20: =+'24-02-010 Ind. A.Téc SENADIS'!V59 -> 0 | L20: =+'24-02-010 Ind. A.Téc SENADIS'!W59 -> 0 | M20: =+'24-02-010 Ind. A.Téc SENADIS'!X59 -> 0 | N20: =+'24-02-010 Ind. A.Téc SENADIS'!Y59 -> 0 | ... Y20: =+'24-02-010 Ind. A.Téc SENADIS'!AJ59 -> 0
A21: ARICA Y PARINACOTA | B21: =+'24-02-010 Ind. A.Téc SENADIS'!J63 -> 0 | C21: =+'24-02-010 Ind. A.Téc SENADIS'!K63 -> 0 | D21: =+'24-02-010 Ind. A.Téc SENADIS'!M63 -> 0 | E21: =+'24-02-010 Ind. A.Téc SENADIS'!N63 -> 0 | F21: =+'24-02-010 Ind. A.Téc SENADIS'!O63 -> 0 | G21: =+'24-02-010 Ind. A.Téc SENADIS'!R63 -> 0 | H21: =+'24-02-010 Ind. A.Téc SENADIS'!S63 -> 0 | I21: =+'24-02-010 Ind. A.Téc SENADIS'!T63 -> 0 | J21: =+'24-02-010 Ind. A.Téc SENADIS'!U63 -> 0 | K21: =+'24-02-010 Ind. A.Téc SENADIS'!V63 -> 0 | L21: =+'24-02-010 Ind. A.Téc SENADIS'!W63 -> 0 | M21: =+'24-02-010 Ind. A.Téc SENADIS'!X63 -> 0 | N21: =+'24-02-010 Ind. A.Téc SENADIS'!Y63 -> 0 | ... Y21: =+'24-02-010 Ind. A.Téc SENADIS'!AJ63 -> 0
A22: ÑUBLE | B22: =+'24-02-010 Ind. A.Téc SENADIS'!J67 -> 0 | C22: =+'24-02-010 Ind. A.Téc SENADIS'!K67 -> 0 | D22: =+'24-02-010 Ind. A.Téc SENADIS'!M64 -> 0 | E22: =+'24-02-010 Ind. A.Téc SENADIS'!N64 -> 0 | F22: =+'24-02-010 Ind. A.Téc SENADIS'!O64 -> 0 | G22: =+'24-02-010 Ind. A.Téc SENADIS'!R64 -> 0 | H22: =+'24-02-010 Ind. A.Téc SENADIS'!S64 -> 0 | I22: =+'24-02-010 Ind. A.Téc SENADIS'!T64 -> 0 | J22: =+'24-02-010 Ind. A.Téc SENADIS'!U67 -> 0 | K22: =+'24-02-010 Ind. A.Téc SENADIS'!V64 -> 0 | L22: =+'24-02-010 Ind. A.Téc SENADIS'!W64 -> 0 | M22: =+'24-02-010 Ind. A.Téc SENADIS'!X64 -> 0 | N22: =+'24-02-010 Ind. A.Téc SENADIS'!Y67 -> 0 | O22: =+'24-02-010 Ind. A.Téc SENADIS'!Z64 -> 0 | P22: =+'24-02-010 Ind. A.Téc SENADIS'!AA64 -> 0 | Q22: =+'24-02-010 Ind. A.Téc SENADIS'!AB64 -> 0 | R22: =+'24-02-010 Ind. A.Téc SENADIS'!AC67 -> 0 | S22: =+'24-02-010 Ind. A.Téc SENADIS'!AD64 -> 0 | T22: =+'24-02-010 Ind. A.Téc SENADIS'!AE64 -> 0 | U22: =+'24-02-010 Ind. A.Téc SENADIS'!AF64 -> 0 | V22: =+'24-02-010 Ind. A.Téc SENADIS'!AG67 -> 0 | W22: =+'24-02-010 Ind. A.Téc SENADIS'!AH67 -> 0 | X22: =+'24-02-010 Ind. A.Téc SENADIS'!AI67 -> 0 | Y22: =+'24-02-010 Ind. A.Téc SENADIS'!AJ67 -> 0
A23: METROPOLITANA | B23: =+'24-02-010 Ind. A.Téc SENADIS'!J71 -> 0 | C23: =+'24-02-010 Ind. A.Téc SENADIS'!K71 -> 0 | D23: =+'24-02-010 Ind. A.Téc SENADIS'!M71 -> 0 | E23: =+'24-02-010 Ind. A.Téc SENADIS'!N71 -> 0 | F23: =+'24-02-010 Ind. A.Téc SENADIS'!O71 -> 0 | G23: =+'24-02-010 Ind. A.Téc SENADIS'!R71 -> 0 | H23: =+'24-02-010 Ind. A.Téc SENADIS'!S71 -> 0 | I23: =+'24-02-010 Ind. A.Téc SENADIS'!T71 -> 0 | J23: =+'24-02-010 Ind. A.Téc SENADIS'!U71 -> 0 | K23: =+'24-02-010 Ind. A.Téc SENADIS'!V71 -> 0 | L23: =+'24-02-010 Ind. A.Téc SENADIS'!W71 -> 0 | M23: =+'24-02-010 Ind. A.Téc SENADIS'!X71 -> 0 | N23: =+'24-02-010 Ind. A.Téc SENADIS'!Y71 -> 0 | ... Y23: =+'24-02-010 Ind. A.Téc SENADIS'!AJ71 -> 0
A24: NIVEL CENTRAL | B24: =+'24-02-010 Ind. A.Téc SENADIS'!J75 -> 1237487000 | C24: =+'24-02-010 Ind. A.Téc SENADIS'!K75 -> 1237487000 | D24: =+'24-02-010 Ind. A.Téc SENADIS'!M75 -> 0 | E24: =+'24-02-010 Ind. A.Téc SENADIS'!N75 -> 0 | F24: =+'24-02-010 Ind. A.Téc SENADIS'!O75 -> 0 | G24: =+'24-02-010 Ind. A.Téc SENADIS'!R75 -> 0 | H24: =+'24-02-010 Ind. A.Téc SENADIS'!S75 -> 0 | I24: =+'24-02-010 Ind. A.Téc SENADIS'!T75 -> 618743500 | J24: =+'24-02-010 Ind. A.Téc SENADIS'!U75 -> 618743500 | K24: =+'24-02-010 Ind. A.Téc SENADIS'!V75 -> 0 | L24: =+'24-02-010 Ind. A.Téc SENADIS'!W75 -> 0 | M24: =+'24-02-010 Ind. A.Téc SENADIS'!X75 -> 0 | N24: =+'24-02-010 Ind. A.Téc SENADIS'!Y75 -> 0 | ... Y24: =+'24-02-010 Ind. A.Téc SENADIS'!AJ75 -> 1
A25: ="TOTAL ASIG."&" "&$A$5 -> TOTAL ASIG. 24-02-010 "Programa de Ayudas Técnicas - SENADIS" | B25: =SUM(B8:B24) -> 1237487000 | C25: =SUM(C8:C24) -> 1237487000 | D25: =SUM(D8:D24) -> 0 | E25: =SUM(E8:E24) -> 0 | F25: =SUM(F8:F24) -> 0 | G25: =SUM(G8:G24) -> 0 | H25: =SUM(H8:H24) -> 0 | I25: =SUM(I8:I24) -> 618743500 | ... W25: =SUM(W8:W24) -> 1237487000 | X25: =+'24-02-010 Ind. A.Téc SENADIS'!AI76 -> 1 | Y25: ='24-02-010 Ind. A.Téc SENADIS'!AJ76 -> 1

Sheet 24-02-012 Ind. Alim - JUNAEB
A1: PARTIDA 21-01-05 "INGRESO ÉTICO FAMILIAR Y SISTEMA CHILE SOLIDARIO"
A2: INFORME POR PROGRAMA Y REGIÓN
A3: EJECUCIÓN AL 30 SEPTIEMBRE DE 2026
A4: En pesos
A5: 24-02-012 "Programas de Alimentación - JUNAEB"
A6: Nº | B6: Código Proyecto | C6: REGION | D6: Fecha | E6: Nombre y Razón Social del Ejecutor | F6: Denominación del Programa- Convenio o Transferencia | G6: Modalidad de Asignación | H6: Vigencia del Convenio | J6: Presupuesto por región | K6: Monto del convenio | L6: Productos/y/o Actividades | M6: Beneficiarios | P6: Modalidad de Pago | Q6: Observaciones | R6: EJECUCION DEVENGADA | U6: 1er. Trimestre | V6: EJECUCION DEVENGADA | Y6: 2do. Trimestre | Z6: EJECUCION DEVENGADA | AC6: 3er. Trimestre | AD6: EJECUCION DEVENGADA | AG6: 4to. Trimestre | AH6: Total Anual | AI6: Porcentaje de Participación:
C7: Resolución o Decreto | H7: Inicio | I7: Término | M7: Cobertura | N7: Universo | O7: Tipo de Beneficiarios | R7: Enero | S7: Febrero | T7: Marzo | V7: Abril | W7: Mayo | X7: Junio | Z7: Julio | AA7: Agosto | AB7: Septiembre | AD7: Octubre | AE7: Noviembre | AF7: Diciembre | AI7: Ejecución | AJ7: Del Gasto
A8: TARAPACÁ
A9: 1 | U9: =SUM(R9:T9) -> 0 | Y9: =SUM(V9:X9) -> 0 | AC9: =SUM(Z9:AB9) -> 0 | AG9: =SUM(AD9:AF9) -> 0 | AH9: =SUM(U9,Y9,AC9,AG9) -> 0 | AI9: =IF(ISERROR(AH9/J9),0,AH9/J9) -> 0 | AJ9: =IF(ISERROR(AH9/$AH$75),"-",AH9/$AH$75) -> 0
A10: 2 | U10: =SUM(R10:T10) -> 0 | Y10: =SUM(V10:X10) -> 0 | AC10: =SUM(Z10:AB10) -> 0 | AG10: =SUM(AD10:AF10) -> 0 | AH10: =SUM(U10,Y10,AC10,AG10) -> 0 | AI10: =IF(ISERROR(AH10/J10),0,AH10/J10) -> 0 | AJ10: =IF(ISERROR(AH10/$AH$75),"-",AH10/$AH$75) -> 0
A11: TOTAL REGIÓN DE TARAPACÁ | J11: =SUM(J9:J10) -> 0 | K11: =SUM(K9:K10) -> 0 | M11: =SUM(M9:M10) -> 0 | N11: =SUM(N9:N10) -> 0 | O11: =SUM(O9:O10) -> 0 | R11: =SUM(R9:R10) -> 0 | S11: =SUM(S9:S10) -> 0 | T11: =SUM(T9:T10) -> 0 | U11: =SUM(U9:U10) -> 0 | V11: =SUM(V9:V10) -> 0 | W11: =SUM(W9:W10) -> 0 | X11: =SUM(X9:X10) -> 0 | Y11: =SUM(Y9:Y10) -> 0 | ... AH11: =SUM(AH9:AH10) -> 0 | AI11: =IF(ISERROR(AH11/J11),0,AH11/J11) -> 0 | AJ11: =IF(ISERROR(AH11/$AH$75),0,AH11/$AH$75) -> 0
A12: ANTOFAGASTA
A13: 1 | U13: =SUM(R13:T13) -> 0 | Y13: =SUM(V13:X13) -> 0 | AC13: =SUM(Z13:AB13) -> 0 | AG13: =SUM(AD13:AF13) -> 0 | AH13: =SUM(U13,Y13,AC13,AG13) -> 0 | AI13: =IF(ISERROR(AH13/J13),0,AH13/J13) -> 0 | AJ13: =IF(ISERROR(AH13/$AH$75),"-",AH13/$AH$75) -> 0
A14: 2 | U14: =SUM(R14:T14) -> 0 | Y14: =SUM(V14:X14) -> 0 | AC14: =SUM(Z14:AB14) -> 0 | AG14: =SUM(AD14:AF14) -> 0 | AH14: =SUM(U14,Y14,AC14,AG14) -> 0 | AI14: =IF(ISERROR(AH14/J14),0,AH14/J14) -> 0 | AJ14: =IF(ISERROR(AH14/$AH$75),"-",AH14/$AH$75) -> 0
A15: TOTAL REGIÓN DE ANTOFAGASTA | J15: =SUM(J13:J14) -> 0 | K15: =SUM(K13:K14) -> 0 | M15: =SUM(M13:M14) -> 0 | N15: =SUM(N13:N14) -> 0 | O15: =SUM(O13:O14) -> 0 | R15: =SUM(R13:R14) -> 0 | S15: =SUM(S13:S14) -> 0 | T15: =SUM(T13:T14) -> 0 | U15: =SUM(U13:U14) -> 0 | V15: =SUM(V13:V14) -> 0 | W15: =SUM(W13:W14) -> 0 | X15: =SUM(X13:X14) -> 0 | Y15: =SUM(Y13:Y14) -> 0 | ... AH15: =SUM(AH13:AH14) -> 0 | AI15: =IF(ISERROR(AH15/J15),0,AH15/J15) -> 0 | AJ15: =IF(ISERROR(AH15/$AH$75),0,AH15/$AH$75) -> 0
A16: ATACAMA
A17: 1 | U17: =SUM(R17:T17) -> 0 | Y17: =SUM(V17:X17) -> 0 | AC17: =SUM(Z17:AB17) -> 0 | AG17: =SUM(AD17:AF17) -> 0 | AH17: =SUM(U17,Y17,AC17,AG17) -> 0 | AI17: =IF(ISERROR(AH17/J17),0,AH17/J17) -> 0 | AJ17: =IF(ISERROR(AH17/$AH$75),"-",AH17/$AH$75) -> 0
A18: 2 | U18: =SUM(R18:T18) -> 0 | Y18: =SUM(V18:X18) -> 0 | AC18: =SUM(Z18:AB18) -> 0 | AG18: =SUM(AD18:AF18) -> 0 | AH18: =SUM(U18,Y18,AC18,AG18) -> 0 | AI18: =IF(ISERROR(AH18/J18),0,AH18/J18) -> 0 | AJ18: =IF(ISERROR(AH18/$AH$75),"-",AH18/$AH$75) -> 0
A19: TOTAL REGIÓN DE ATACAMA | J19: =SUM(J17:J18) -> 0 | K19: =SUM(K17:K18) -> 0 | M19: =SUM(M17:M18) -> 0 | N19: =SUM(N17:N18) -> 0 | O19: =SUM(O17:O18) -> 0 | R19: =SUM(R17:R18) -> 0 | S19: =SUM(S17:S18) -> 0 | T19: =SUM(T17:T18) -> 0 | U19: =SUM(U17:U18) -> 0 | V19: =SUM(V17:V18) -> 0 | W19: =SUM(W17:W18) -> 0 | X19: =SUM(X17:X18) -> 0 | Y19: =SUM(Y17:Y18) -> 0 | ... AH19: =SUM(AH17:AH18) -> 0 | AI19: =IF(ISERROR(AH19/J19),0,AH19/J19) -> 0 | AJ19: =IF(ISERROR(AH19/$AH$75),0,AH19/$AH$75) -> 0
A20: COQUIMBO
A21: 1 | U21: =SUM(R21:T21) -> 0 | Y21: =SUM(V21:X21) -> 0 | AC21: =SUM(Z21:AB21) -> 0 | AG21: =SUM(AD21:AF21) -> 0 | AH21: =SUM(U21,Y21,AC21,AG21) -> 0 | AI21: =IF(ISERROR(AH21/J21),0,AH21/J21) -> 0 | AJ21: =IF(ISERROR(AH21/$AH$75),"-",AH21/$AH$75) -> 0
A22: 2 | U22: =SUM(R22:T22) -> 0 | Y22: =SUM(V22:X22) -> 0 | AC22: =SUM(Z22:AB22) -> 0 | AG22: =SUM(AD22:AF22) -> 0 | AH22: =SUM(U22,Y22,AC22,AG22) -> 0 | AI22: =IF(ISERROR(AH22/J22),0,AH22/J22) -> 0 | AJ22: =IF(ISERROR(AH22/$AH$75),"-",AH22/$AH$75) -> 0
A23: TOTAL REGIÓN DE COQUIMBO | J23: =SUM(J21:J22) -> 0 | K23: =SUM(K21:K22) -> 0 | M23: =SUM(M21:M22) -> 0 | N23: =SUM(N21:N22) -> 0 | O23: =SUM(O21:O22) -> 0 | R23: =SUM(R21:R22) -> 0 | S23: =SUM(S21:S22) -> 0 | T23: =SUM(T21:T22) -> 0 | U23: =SUM(U21:U22) -> 0 | V23: =SUM(V21:V22) -> 0 | W23: =SUM(W21:W22) -> 0 | X23: =SUM(X21:X22) -> 0 | Y23: =SUM(Y21:Y22) -> 0 | ... AH23: =SUM(AH21:AH22) -> 0 | AI23: =IF(ISERROR(AH23/J23),0,AH23/J23) -> 0 | AJ23: =IF(ISERROR(AH23/$AH$75),0,AH23/$AH$75) -> 0
A24: VALPARAÍSO
A25: 1 | U25: =SUM(R25:T25) -> 0 | Y25: =SUM(V25:X25) -> 0 | AC25: =SUM(Z25:AB25) -> 0 | AE25: 0 | AF25: 0 | AG25: =SUM(AD25:AF25) -> 0 | AH25: =SUM(U25,Y25,AC25,AG25) -> 0 | AI25: =IF(ISERROR(AH25/J25),0,AH25/J25) -> 0 | AJ25: =IF(ISERROR(AH25/$AH$75),"-",AH25/$AH$75) -> 0
A26: 2 | U26: =SUM(R26:T26) -> 0 | Y26: =SUM(V26:X26) -> 0 | AC26: =SUM(Z26:AB26) -> 0 | AE26: 0 | AF26: 0 | AG26: =SUM(AD26:AF26) -> 0 | AH26: =SUM(U26,Y26,AC26,AG26) -> 0 | AI26: =IF(ISERROR(AH26/J26),0,AH26/J26) -> 0 | AJ26: =IF(ISERROR(AH26/$AH$75),"-",AH26/$AH$75) -> 0
A27: TOTAL REGIÓN DE VALPARAÍSO | J27: =SUM(J25:J26) -> 0 | K27: =SUM(K25:K26) -> 0 | M27: =SUM(M25:M26) -> 0 | N27: =SUM(N25:N26) -> 0 | O27: =SUM(O25:O26) -> 0 | R27: =SUM(R25:R26) -> 0 | S27: =SUM(S25:S26) -> 0 | T27: =SUM(T25:T26) -> 0 | U27: =SUM(U25:U26) -> 0 | V27: =SUM(V25:V26) -> 0 | W27: =SUM(W25:W26) -> 0 | X27: =SUM(X25:X26) -> 0 | Y27: =SUM(Y25:Y26) -> 0 | ... AH27: =SUM(AH25:AH26) -> 0 | AI27: =IF(ISERROR(AH27/J27),0,AH27/J27) -> 0 | AJ27: =IF(ISERROR(AH27/$AH$75),0,AH27/$AH$75) -> 0
A28: LIBERTADOR B. O HIGGINS
A29: 1 | U29: =SUM(R29:T29) -> 0 | Y29: =SUM(V29:X29) -> 0 | AC29: =SUM(Z29:AB29) -> 0 | AG29: =SUM(AD29:AF29) -> 0 | AH29: =SUM(U29,Y29,AC29,AG29) -> 0 | AI29: =IF(ISERROR(AH29/J29),0,AH29/J29) -> 0 | AJ29: =IF(ISERROR(AH29/$AH$75),"-",AH29/$AH$75) -> 0
A30: 2 | U30: =SUM(R30:T30) -> 0 | Y30: =SUM(V30:X30) -> 0 | AC30: =SUM(Z30:AB30) -> 0 | AG30: =SUM(AD30:AF30) -> 0 | AH30: =SUM(U30,Y30,AC30,AG30) -> 0 | AI30: =IF(ISERROR(AH30/J30),0,AH30/J30) -> 0 | AJ30: =IF(ISERROR(AH30/$AH$75),"-",AH30/$AH$75) -> 0
A31: TOTAL REGIÓN DEL LIBERTADOR GENERAL BERNARDO O'HIGGINS | J31: =SUM(J29:J30) -> 0 | K31: =SUM(K29:K30) -> 0 | M31: =SUM(M29:M30) -> 0 | N31: =SUM(N29:N30) -> 0 | O31: =SUM(O29:O30) -> 0 | R31: =SUM(R29:R30) -> 0 | S31: =SUM(S29:S30) -> 0 | T31: =SUM(T29:T30) -> 0 | U31: =SUM(U29:U30) -> 0 | V31: =SUM(V29:V30) -> 0 | W31: =SUM(W29:W30) -> 0 | X31: =SUM(X29:X30) -> 0 | Y31: =SUM(Y29:Y30) -> 0 | ... AH31: =SUM(AH29:AH30) -> 0 | AI31: =IF(ISERROR(AH31/J31),0,AH31/J31) -> 0 | AJ31: =IF(ISERROR(AH31/$AH$75),0,AH31/$AH$75) -> 0
A32: MAULE
A33: 1 | U33: =SUM(R33:T33) -> 0 | Y33: =SUM(V33:X33) -> 0 | AC33: =SUM(Z33:AB33) -> 0 | AG33: =SUM(AD33:AF33) -> 0 | AH33: =SUM(U33,Y33,AC33,AG33) -> 0 | AI33: =IF(ISERROR(AH33/J33),0,AH33/J33) -> 0 | AJ33: =IF(ISERROR(AH33/$AH$75),"-",AH33/$AH$75) -> 0
A34: 2 | U34: =SUM(R34:T34) -> 0 | Y34: =SUM(V34:X34) -> 0 | AC34: =SUM(Z34:AB34) -> 0 | AG34: =SUM(AD34:AF34) -> 0 | AH34: =SUM(U34,Y34,AC34,AG34) -> 0 | AI34: =IF(ISERROR(AH34/J34),0,AH34/J34) -> 0 | AJ34: =IF(ISERROR(AH34/$AH$75),"-",AH34/$AH$75) -> 0
A35: TOTAL REGIÓN DEL MAULE | J35: =SUM(J33:J34) -> 0 | K35: =SUM(K33:K34) -> 0 | M35: =SUM(M33:M34) -> 0 | N35: =SUM(N33:N34) -> 0 | O35: =SUM(O33:O34) -> 0 | R35: =SUM(R33:R34) -> 0 | S35: =SUM(S33:S34) -> 0 | T35: =SUM(T33:T34) -> 0 | U35: =SUM(U33:U34) -> 0 | V35: =SUM(V33:V34) -> 0 | W35: =SUM(W33:W34) -> 0 | X35: =SUM(X33:X34) -> 0 | Y35: =SUM(Y33:Y34) -> 0 | ... AH35: =SUM(AH33:AH34) -> 0 | AI35: =IF(ISERROR(AH35/J35),0,AH35/J35) -> 0 | AJ35: =IF(ISERROR(AH35/$AH$75),0,AH35/$AH$75) -> 0
A36: BIOBÍO
A37: 1 | U37: =SUM(R37:T37) -> 0 | Y37: =SUM(V37:X37) -> 0 | AC37: =SUM(Z37:AB37) -> 0 | AG37: =SUM(AD37:AF37) -> 0 | AH37: =SUM(U37,Y37,AC37,AG37) -> 0 | AI37: =IF(ISERROR(AH37/J37),0,AH37/J37) -> 0 | AJ37: =IF(ISERROR(AH37/$AH$75),"-",AH37/$AH$75) -> 0
A38: 2 | U38: =SUM(R38:T38) -> 0 | Y38: =SUM(V38:X38) -> 0 | AC38: =SUM(Z38:AB38) -> 0 | AG38: =SUM(AD38:AF38) -> 0 | AH38: =SUM(U38,Y38,AC38,AG38) -> 0 | AI38: =IF(ISERROR(AH38/J38),0,AH38/J38) -> 0 | AJ38: =IF(ISERROR(AH38/$AH$75),"-",AH38/$AH$75) -> 0
A39: TOTAL REGIÓN DEL BIOBÍO | J39: =SUM(J37:J38) -> 0 | K39: =SUM(K37:K38) -> 0 | M39: =SUM(M37:M38) -> 0 | N39: =SUM(N37:N38) -> 0 | O39: =SUM(O37:O38) -> 0 | R39: =SUM(R37:R38) -> 0 | S39: =SUM(S37:S38) -> 0 | T39: =SUM(T37:T38) -> 0 | U39: =SUM(U37:U38) -> 0 | V39: =SUM(V37:V38) -> 0 | W39: =SUM(W37:W38) -> 0 | X39: =SUM(X37:X38) -> 0 | Y39: =SUM(Y37:Y38) -> 0 | ... AH39: =SUM(AH37:AH38) -> 0 | AI39: =IF(ISERROR(AH39/J39),0,AH39/J39) -> 0 | AJ39: =IF(ISERROR(AH39/$AH$75),0,AH39/$AH$75) -> 0
A40: ARAUCANÍA
A41: 1 | U41: =SUM(R41:T41) -> 0 | Y41: =SUM(V41:X41) -> 0 | AC41: =SUM(Z41:AB41) -> 0 | AE41: 0 | AF41: 0 | AG41: =SUM(AD41:AF41) -> 0 | AH41: =SUM(U41,Y41,AC41,AG41) -> 0 | AI41: =IF(ISERROR(AH41/J41),0,AH41/J41) -> 0 | AJ41: =IF(ISERROR(AH41/$AH$75),"-",AH41/$AH$75) -> 0
A42: 2 | U42: =SUM(R42:T42) -> 0 | Y42: =SUM(V42:X42) -> 0 | AC42: =SUM(Z42:AB42) -> 0 | AG42: =SUM(AD42:AF42) -> 0 | AH42: =SUM(U42,Y42,AC42,AG42) -> 0 | AI42: =IF(ISERROR(AH42/J42),0,AH42/J42) -> 0 | AJ42: =IF(ISERROR(AH42/$AH$75),"-",AH42/$AH$75) -> 0
A43: TOTAL REGIÓN DE LA ARAUCANÍA | J43: =SUM(J41:J42) -> 0 | K43: =SUM(K41:K42) -> 0 | M43: =SUM(M41:M42) -> 0 | N43: =SUM(N41:N42) -> 0 | O43: =SUM(O41:O42) -> 0 | R43: =SUM(R41:R42) -> 0 | S43: =SUM(S41:S42) -> 0 | T43: =SUM(T41:T42) -> 0 | U43: =SUM(U41:U42) -> 0 | V43: =SUM(V41:V42) -> 0 | W43: =SUM(W41:W42) -> 0 | X43: =SUM(X41:X42) -> 0 | Y43: =SUM(Y41:Y42) -> 0 | ... AH43: =SUM(AH41:AH42) -> 0 | AI43: =IF(ISERROR(AH43/J43),0,AH43/J43) -> 0 | AJ43: =IF(ISERROR(AH43/$AH$75),0,AH43/$AH$75) -> 0
A44: LOS LAGOS
A45: 1 | R45: 0 | S45: 0 | T45: 0 | U45: =SUM(R45:T45) -> 0 | V45: 0 | W45: 0 | X45: 0 | Y45: =SUM(V45:X45) -> 0 | Z45: 0 | AA45: 0 | AB45: 0 | AC45: =SUM(Z45:AB45) -> 0 | AD45: 0 | AE45: 0 | AF45: 0 | AG45: =SUM(AD45:AF45) -> 0 | AH45: =SUM(U45,Y45,AC45,AG45) -> 0 | AI45: =IF(ISERROR(AH45/J45),0,AH45/J45) -> 0 | AJ45: =IF(ISERROR(AH45/$AH$75),"-",AH45/$AH$75) -> 0
A46: 2 | U46: =SUM(R46:T46) -> 0 | Y46: =SUM(V46:X46) -> 0 | AC46: =SUM(Z46:AB46) -> 0 | AG46: =SUM(AD46:AF46) -> 0 | AH46: =SUM(U46,Y46,AC46,AG46) -> 0 | AI46: =IF(ISERROR(AH46/J46),0,AH46/J46) -> 0 | AJ46: =IF(ISERROR(AH46/$AH$75),"-",AH46/$AH$75) -> 0
A47: TOTAL REGIÓN DE LOS LAGOS | J47: =SUM(J45:J46) -> 0 | K47: =SUM(K45:K46) -> 0 | M47: =SUM(M45:M46) -> 0 | N47: =SUM(N45:N46) -> 0 | O47: =SUM(O45:O46) -> 0 | R47: =SUM(R45:R46) -> 0 | S47: =SUM(S45:S46) -> 0 | T47: =SUM(T45:T46) -> 0 | U47: =SUM(U45:U46) -> 0 | V47: =SUM(V45:V46) -> 0 | W47: =SUM(W45:W46) -> 0 | X47: =SUM(X45:X46) -> 0 | Y47: =SUM(Y45:Y46) -> 0 | ... AH47: =SUM(AH45:AH46) -> 0 | AI47: =IF(ISERROR(AH47/J47),0,AH47/J47) -> 0 | AJ47: =IF(ISERROR(AH47/$AH$75),0,AH47/$AH$75) -> 0
A48: AYSÉN
A49: 1 | U49: =SUM(R49:T49) -> 0 | Y49: =SUM(V49:X49) -> 0 | AC49: =SUM(Z49:AB49) -> 0 | AG49: =SUM(AD49:AF49) -> 0 | AH49: =SUM(U49,Y49,AC49,AG49) -> 0 | AI49: =IF(ISERROR(AH49/J49),0,AH49/J49) -> 0 | AJ49: =IF(ISERROR(AH49/$AH$75),"-",AH49/$AH$75) -> 0
A50: 2 | U50: =SUM(R50:T50) -> 0 | Y50: =SUM(V50:X50) -> 0 | AC50: =SUM(Z50:AB50) -> 0 | AG50: =SUM(AD50:AF50) -> 0 | AH50: =SUM(U50,Y50,AC50,AG50) -> 0 | AI50: =IF(ISERROR(AH50/J50),0,AH50/J50) -> 0 | AJ50: =IF(ISERROR(AH50/$AH$75),"-",AH50/$AH$75) -> 0
A51: TOTAL REGIÓN AYSÉN DEL GENERAL CARLOS IBAÑEZ DEL CAMPO | J51: =J49 -> 0 | K51: 0 | M51: =SUM(M49:M50) -> 0 | N51: =SUM(N49:N50) -> 0 | O51: =SUM(O49:O50) -> 0 | R51: =SUM(R49:R50) -> 0 | S51: =SUM(S49:S50) -> 0 | T51: =SUM(T49:T50) -> 0 | U51: =SUM(U49:U50) -> 0 | V51: =SUM(V49:V50) -> 0 | W51: =SUM(W49:W50) -> 0 | X51: =SUM(X49:X50) -> 0 | Y51: =SUM(Y49:Y50) -> 0 | ... AH51: =SUM(AH49:AH50) -> 0 | AI51: =IF(ISERROR(AH51/J51),0,AH51/J51) -> 0 | AJ51: =IF(ISERROR(AH51/$AH$75),0,AH51/$AH$75) -> 0
A52: MAGALLANES
A53: 1 | U53: =SUM(R53:T53) -> 0 | Y53: =SUM(V53:X53) -> 0 | AC53: =SUM(Z53:AB53) -> 0 | AG53: =SUM(AD53:AF53) -> 0 | AH53: =SUM(U53,Y53,AC53,AG53) -> 0 | AI53: =IF(ISERROR(AH53/J53),0,AH53/J53) -> 0 | AJ53: =IF(ISERROR(AH53/$AH$75),"-",AH53/$AH$75) -> 0
A54: 2 | U54: =SUM(R54:T54) -> 0 | Y54: =SUM(V54:X54) -> 0 | AC54: =SUM(Z54:AB54) -> 0 | AG54: =SUM(AD54:AF54) -> 0 | AH54: =SUM(U54,Y54,AC54,AG54) -> 0 | AI54: =IF(ISERROR(AH54/J54),0,AH54/J54) -> 0 | AJ54: =IF(ISERROR(AH54/$AH$75),"-",AH54/$AH$75) -> 0
A55: TOTAL REGIÓN DE MAGALLANES Y ANTÁRTICA CHILENA | J55: =SUM(J53:J54) -> 0 | K55: =SUM(K53:K54) -> 0 | M55: =SUM(M53:M54) -> 0 | N55: =SUM(N53:N54) -> 0 | O55: =SUM(O53:O54) -> 0 | R55: =SUM(R53:R54) -> 0 | S55: =SUM(S53:S54) -> 0 | T55: =SUM(T53:T54) -> 0 | U55: =SUM(U53:U54) -> 0 | V55: =SUM(V53:V54) -> 0 | W55: =SUM(W53:W54) -> 0 | X55: =SUM(X53:X54) -> 0 | Y55: =SUM(Y53:Y54) -> 0 | ... AH55: =SUM(AH53:AH54) -> 0 | AI55: =IF(ISERROR(AH55/J55),0,AH55/J55) -> 0 | AJ55: =IF(ISERROR(AH55/$AH$75),0,AH55/$AH$75) -> 0
A56: LOS RÍOS
A57: 1 | U57: =SUM(R57:T57) -> 0 | Y57: =SUM(V57:X57) -> 0 | AC57: =SUM(Z57:AB57) -> 0 | AG57: =SUM(AD57:AF57) -> 0 | AH57: =SUM(U57,Y57,AC57,AG57) -> 0 | AI57: =IF(ISERROR(AH57/J57),0,AH57/J57) -> 0 | AJ57: =IF(ISERROR(AH57/$AH$75),"-",AH57/$AH$75) -> 0
A58: 2 | U58: =SUM(R58:T58) -> 0 | Y58: =SUM(V58:X58) -> 0 | AC58: =SUM(Z58:AB58) -> 0 | AG58: =SUM(AD58:AF58) -> 0 | AH58: =SUM(U58,Y58,AC58,AG58) -> 0 | AI58: =IF(ISERROR(AH58/J58),0,AH58/J58) -> 0 | AJ58: =IF(ISERROR(AH58/$AH$75),"-",AH58/$AH$75) -> 0
A59: TOTAL REGIÓN DE LOS RÍOS | J59: =SUM(J57:J58) -> 0 | K59: =SUM(K57:K58) -> 0 | M59: =SUM(M57:M58) -> 0 | N59: =SUM(N57:N58) -> 0 | O59: =SUM(O57:O58) -> 0 | R59: =SUM(R57:R58) -> 0 | S59: =SUM(S57:S58) -> 0 | T59: =SUM(T57:T58) -> 0 | U59: =SUM(U57:U58) -> 0 | V59: =SUM(V57:V58) -> 0 | W59: =SUM(W57:W58) -> 0 | X59: =SUM(X57:X58) -> 0 | Y59: =SUM(Y57:Y58) -> 0 | ... AH59: =SUM(AH57:AH58) -> 0 | AI59: =IF(ISERROR(AH59/J59),0,AH59/J59) -> 0 | AJ59: =IF(ISERROR(AH59/$AH$75),0,AH59/$AH$75) -> 0
A60: ARICA Y PARINACOTA
A61: 1 | U61: =SUM(R61:T61) -> 0 | Y61: =SUM(V61:X61) -> 0 | AC61: =SUM(Z61:AB61) -> 0 | AG61: =SUM(AD61:AF61) -> 0 | AH61: =SUM(U61,Y61,AC61,AG61) -> 0 | AI61: =IF(ISERROR(AH61/J61),0,AH61/J61) -> 0 | AJ61: =IF(ISERROR(AH61/$AH$75),"-",AH61/$AH$75) -> 0
A62: 2 | U62: =SUM(R62:T62) -> 0 | Y62: =SUM(V62:X62) -> 0 | AC62: =SUM(Z62:AB62) -> 0 | AG62: =SUM(AD62:AF62) -> 0 | AH62: =SUM(U62,Y62,AC62,AG62) -> 0 | AI62: =IF(ISERROR(AH62/J62),0,AH62/J62) -> 0 | AJ62: =IF(ISERROR(AH62/$AH$75),"-",AH62/$AH$75) -> 0
A63: TOTAL REGIÓN DE ARICA Y PARINACOTA | J63: =SUM(J61:J62) -> 0 | K63: =SUM(K61:K62) -> 0 | M63: =SUM(M61:M62) -> 0 | N63: =SUM(N61:N62) -> 0 | O63: =SUM(O61:O62) -> 0 | R63: =SUM(R61:R62) -> 0 | S63: =SUM(S61:S62) -> 0 | T63: =SUM(T61:T62) -> 0 | U63: =SUM(U61:U62) -> 0 | V63: =SUM(V61:V62) -> 0 | W63: =SUM(W61:W62) -> 0 | X63: =SUM(X61:X62) -> 0 | Y63: =SUM(Y61:Y62) -> 0 | ... AH63: =SUM(AH61:AH62) -> 0 | AI63: =IF(ISERROR(AH63/J63),0,AH63/J63) -> 0 | AJ63: =IF(ISERROR(AH63/$AH$75),0,AH63/$AH$75) -> 0
A64: ÑUBLE
A65: 1 | U65: =SUM(R65:T65) -> 0 | Y65: =SUM(V65:X65) -> 0 | AC65: =SUM(Z65:AB65) -> 0 | AG65: =SUM(AD65:AF65) -> 0 | AH65: =SUM(U65,Y65,AC65,AG65) -> 0 | AI65: =IF(ISERROR(AH65/J65),0,AH65/J65) -> 0 | AJ65: =IF(ISERROR(AH65/$AH$75),"-",AH65/$AH$75) -> 0
A66: 2 | U66: =SUM(R66:T66) -> 0 | Y66: =SUM(V66:X66) -> 0 | AC66: =SUM(Z66:AB66) -> 0 | AG66: =SUM(AD66:AF66) -> 0 | AH66: =SUM(U66,Y66,AC66,AG66) -> 0 | AI66: =IF(ISERROR(AH66/J66),0,AH66/J66) -> 0 | AJ66: =IF(ISERROR(AH66/$AH$75),"-",AH66/$AH$75) -> 0
A67: TOTAL REGIÓN DEL ÑUBLE | J67: =SUM(J65:J66) -> 0 | K67: =SUM(K65:K66) -> 0 | M67: =SUM(M65:M66) -> 0 | N67: =SUM(N65:N66) -> 0 | O67: =SUM(O65:O66) -> 0 | R67: =SUM(R65:R66) -> 0 | S67: =SUM(S65:S66) -> 0 | T67: =SUM(T65:T66) -> 0 | U67: =SUM(U65:U66) -> 0 | V67: =SUM(V65:V66) -> 0 | W67: =SUM(W65:W66) -> 0 | X67: =SUM(X65:X66) -> 0 | Y67: =SUM(Y65:Y66) -> 0 | ... AH67: =SUM(AH65:AH66) -> 0 | AI67: =IF(ISERROR(AH67/J67),0,AH67/J67) -> 0 | AJ67: =IF(ISERROR(AH67/$AH$75),0,AH67/$AH$75) -> 0
A68: METROPOLITANA
A69: 1 | U69: =SUM(R69:T69) -> 0 | Y69: =SUM(V69:X69) -> 0 | AC69: =SUM(Z69:AB69) -> 0 | AG69: =SUM(AD69:AF69) -> 0 | AH69: =SUM(U69,Y69,AC69,AG69) -> 0 | AI69: =IF(ISERROR(AH69/J69),0,AH69/J69) -> 0 | AJ69: =IF(ISERROR(AH69/$AH$75),"-",AH69/$AH$75) -> 0
A70: 2 | U70: =SUM(R70:T70) -> 0 | Y70: =SUM(V70:X70) -> 0 | AC70: =SUM(Z70:AB70) -> 0 | AG70: =SUM(AD70:AF70) -> 0 | AH70: =SUM(U70,Y70,AC70,AG70) -> 0 | AI70: =IF(ISERROR(AH70/J70),0,AH70/J70) -> 0 | AJ70: =IF(ISERROR(AH70/$AH$75),"-",AH70/$AH$75) -> 0
A71: TOTAL REGIÓN METROPOLITANA | J71: =SUM(J69:J70) -> 0 | K71: =SUM(K69:K70) -> 0 | M71: =SUM(M69:M70) -> 0 | N71: =SUM(N69:N70) -> 0 | O71: =SUM(O69:O70) -> 0 | R71: =SUM(R69:R70) -> 0 | S71: =SUM(S69:S70) -> 0 | T71: =SUM(T69:T70) -> 0 | U71: =SUM(U69:U70) -> 0 | V71: =SUM(V69:V70) -> 0 | W71: =SUM(W69:W70) -> 0 | X71: =SUM(X69:X70) -> 0 | Y71: =SUM(Y69:Y70) -> 0 | ... AH71: =SUM(AH69:AH70) -> 0 | AI71: =IF(ISERROR(AH71/J71),0,AH71/J71) -> 0 | AJ71: =IF(ISERROR(AH71/$AH$75),0,AH71/$AH$75) -> 0
A72: NIVEL CENTRAL | J72: 4155809000
A73: 1 | C73: REX. N° 015 | D73: 46160 | E73: JUNTA NACIONAL DE AUXILIO ESCOLAR Y BECAS | F73: PROGRAMA ALIMENTACION | G73: 24-02-012 | K73: 4155809000 | L73: Subtítulo 24 | U73: =SUM(R73:T73) -> 0 | W73: 2909066300 | Y73: =SUM(V73:X73) -> 2909066300 | AB73: 1246742700 | AC73: =SUM(Z73:AB73) -> 1246742700 | AE73: 0 | AF73: 0 | AG73: =SUM(AD73:AF73) -> 0 | AH73: =SUM(U73,Y73,AC73,AG73) -> 4155809000 | AI73: =IF(ISERROR(AH73/J72),0,AH73/J72) -> 1 | AJ73: =IF(ISERROR(AH73/$AH$75),"-",AH73/$AH$75) -> 1
A74: TOTAL NIVEL CENTRAL | J74: =J72 -> 4155809000 | K74: =SUM(K73:K73) -> 4155809000 | M74: =SUM(M73:M73) -> 0 | N74: =SUM(N73:N73) -> 0 | O74: =SUM(O73:O73) -> 0 | R74: =SUM(R73:R73) -> 0 | S74: =SUM(S73:S73) -> 0 | T74: =SUM(T73:T73) -> 0 | U74: =SUM(U73:U73) -> 0 | V74: =SUM(V73:V73) -> 0 | W74: =SUM(W73:W73) -> 2909066300 | X74: =SUM(X73:X73) -> 0 | Y74: =SUM(Y73:Y73) -> 2909066300 | ... AH74: =SUM(AH73:AH73) -> 4155809000 | AI74: =IF(ISERROR(AH74/J74),0,AH74/J74) -> 1 | AJ74: =IF(ISERROR(AH74/$AH$75),0,AH74/$AH$75) -> 1
A75: ="TOTAL ASIG."&" "&$A$5 -> TOTAL ASIG. 24-02-012 "Programas de Alimentación - JUNAEB" | J75: =SUM(J11,J15,J19,J23,J27,J31,J35,J39,J43,J47,J51,J55,J59,J63,J67,J71,J74) -> 4155809000 | K75: =SUM(K11,K15,K19,K23,K27,K31,K35,K39,K43,K47,K51,K55,K59,K63,K67,K71,K74) -> 4155809000 | L75: =SUM(L11,L15,L19,L23,L27,L31,L35,L39,L43,L47,L51,L55,L59,L63,L67,L71,L74) -> 0 | M75: =SUM(M11,M15,M19,M23,M27,M31,M35,M39,M43,M47,M51,M55,M59,M63,M67,M71,M74) -> 0 | N75: =SUM(N11,N15,N19,N23,N27,N31,N35,N39,N43,N47,N51,N55,N59,N63,N67,N71,N74) -> 0 | O75: =SUM(O11,O15,O19,O23,O27,O31,O35,O39,O43,O47,O51,O55,O59,O63,O67,O71,O74) -> 0 | P75: =SUM(P11,P15,P19,P23,P27,P31,P35,P39,P43,P47,P51,P55,P59,P63,P67,P71,P74) -> 0 | Q75: =SUM(Q11,Q15,Q19,Q23,Q27,Q31,Q35,Q39,Q43,Q47,Q51,Q55,Q59,Q63,Q67,Q71,Q74) -> 0 | ... AH75: =SUM(AH11,AH15,AH19,AH23,AH27,AH31,AH35,AH39,AH43,AH47,AH51,AH55,AH59,AH63,AH67,AH71,AH74) -> 4155809000 | AI75: =IF(ISERROR(AH75/J75),0,AH75/J75) -> 1 | AJ75: =IF(ISERROR(AH75/$AH$75),0,AH75/$AH$75) -> 1

Sheet 24-02-012 Res. Alim - JUNAEB
A1: PARTIDA 21-01-05 "INGRESO ÉTICO FAMILIAR Y SISTEMA CHILE SOLIDARIO"
A2: INFORME POR PROGRAMA Y REGIÓN
A3: EJECUCIÓN AL 30 SEPTIEMBRE DE 2026
A4: En pesos
A5: 24-02-012 "Programas de Alimentación - JUNAEB"
A6: REGION | B6: Presupuesto por región | C6: Total Convenios | D6: Beneficiarios | G6: EJECUCION DEVENGADA | J6: 1er. Trimestre | K6: EJECUCION DEVENGADA | N6: 2do. Trimestre | O6: EJECUCION DEVENGADA | R6: 3er. Trimestre | S6: EJECUCION DEVENGADA | V6: 4to. Trimestre | W6: Total Anual | X6: Porcentaje de:
D7: Cobertura | E7: Universo | F7: Tipo de Beneficiarios | G7: Enero | H7: Febrero | I7: Marzo | K7: Abril | L7: Mayo | M7: Junio | O7: Julio | P7: Agosto | Q7: Septiembre | S7: Octubre | T7: Noviembre | U7: Diciembre | X7: Ejecución | Y7: Participación del Gasto
A8: TARAPACÁ | B8: =+'24-02-012 Ind. Alim - JUNAEB'!J11 -> 0 | C8: =+'24-02-012 Ind. Alim - JUNAEB'!K11 -> 0 | D8: =+'24-02-012 Ind. Alim - JUNAEB'!M11 -> 0 | E8: =+'24-02-012 Ind. Alim - JUNAEB'!N11 -> 0 | F8: =+'24-02-012 Ind. Alim - JUNAEB'!O11 -> 0 | G8: =+'24-02-012 Ind. Alim - JUNAEB'!R11 -> 0 | H8: =+'24-02-012 Ind. Alim - JUNAEB'!S11 -> 0 | I8: =+'24-02-012 Ind. Alim - JUNAEB'!T11 -> 0 | J8: =+'24-02-012 Ind. Alim - JUNAEB'!U11 -> 0 | K8: =+'24-02-012 Ind. Alim - JUNAEB'!V11 -> 0 | L8: =+'24-02-012 Ind. Alim - JUNAEB'!W11 -> 0 | M8: =+'24-02-012 Ind. Alim - JUNAEB'!X11 -> 0 | N8: =+'24-02-012 Ind. Alim - JUNAEB'!Y11 -> 0 | ... Y8: =+'24-02-012 Ind. Alim - JUNAEB'!AJ11 -> 0
A9: ANTOFAGASTA | B9: =+'24-02-012 Ind. Alim - JUNAEB'!J15 -> 0 | C9: =+'24-02-012 Ind. Alim - JUNAEB'!K15 -> 0 | D9: =+'24-02-012 Ind. Alim - JUNAEB'!M15 -> 0 | E9: =+'24-02-012 Ind. Alim - JUNAEB'!N15 -> 0 | F9: =+'24-02-012 Ind. Alim - JUNAEB'!O15 -> 0 | G9: =+'24-02-012 Ind. Alim - JUNAEB'!R15 -> 0 | H9: =+'24-02-012 Ind. Alim - JUNAEB'!S15 -> 0 | I9: =+'24-02-012 Ind. Alim - JUNAEB'!T15 -> 0 | J9: =+'24-02-012 Ind. Alim - JUNAEB'!U15 -> 0 | K9: =+'24-02-012 Ind. Alim - JUNAEB'!V15 -> 0 | L9: =+'24-02-012 Ind. Alim - JUNAEB'!W15 -> 0 | M9: =+'24-02-012 Ind. Alim - JUNAEB'!X15 -> 0 | N9: =+'24-02-012 Ind. Alim - JUNAEB'!Y15 -> 0 | ... Y9: =+'24-02-012 Ind. Alim - JUNAEB'!AJ15 -> 0
A10: ATACAMA | B10: =+'24-02-012 Ind. Alim - JUNAEB'!J19 -> 0 | C10: =+'24-02-012 Ind. Alim - JUNAEB'!K19 -> 0 | D10: =+'24-02-012 Ind. Alim - JUNAEB'!M19 -> 0 | E10: =+'24-02-012 Ind. Alim - JUNAEB'!N19 -> 0 | F10: =+'24-02-012 Ind. Alim - JUNAEB'!O19 -> 0 | G10: =+'24-02-012 Ind. Alim - JUNAEB'!R19 -> 0 | H10: =+'24-02-012 Ind. Alim - JUNAEB'!S19 -> 0 | I10: =+'24-02-012 Ind. Alim - JUNAEB'!T19 -> 0 | J10: =+'24-02-012 Ind. Alim - JUNAEB'!U19 -> 0 | K10: =+'24-02-012 Ind. Alim - JUNAEB'!V19 -> 0 | L10: =+'24-02-012 Ind. Alim - JUNAEB'!W19 -> 0 | M10: =+'24-02-012 Ind. Alim - JUNAEB'!X19 -> 0 | N10: =+'24-02-012 Ind. Alim - JUNAEB'!Y19 -> 0 | ... Y10: =+'24-02-012 Ind. Alim - JUNAEB'!AJ19 -> 0
A11: COQUIMBO | B11: =+'24-02-012 Ind. Alim - JUNAEB'!J23 -> 0 | C11: =+'24-02-012 Ind. Alim - JUNAEB'!K23 -> 0 | D11: =+'24-02-012 Ind. Alim - JUNAEB'!M23 -> 0 | E11: =+'24-02-012 Ind. Alim - JUNAEB'!N23 -> 0 | F11: =+'24-02-012 Ind. Alim - JUNAEB'!O23 -> 0 | G11: =+'24-02-012 Ind. Alim - JUNAEB'!R23 -> 0 | H11: =+'24-02-012 Ind. Alim - JUNAEB'!S23 -> 0 | I11: =+'24-02-012 Ind. Alim - JUNAEB'!T23 -> 0 | J11: =+'24-02-012 Ind. Alim - JUNAEB'!U23 -> 0 | K11: =+'24-02-012 Ind. Alim - JUNAEB'!V23 -> 0 | L11: =+'24-02-012 Ind. Alim - JUNAEB'!W23 -> 0 | M11: =+'24-02-012 Ind. Alim - JUNAEB'!X23 -> 0 | N11: =+'24-02-012 Ind. Alim - JUNAEB'!Y23 -> 0 | ... Y11: =+'24-02-012 Ind. Alim - JUNAEB'!AJ23 -> 0
A12: VALPARAÍSO | B12: =+'24-02-012 Ind. Alim - JUNAEB'!J27 -> 0 | C12: =+'24-02-012 Ind. Alim - JUNAEB'!K27 -> 0 | D12: =+'24-02-012 Ind. Alim - JUNAEB'!M27 -> 0 | E12: =+'24-02-012 Ind. Alim - JUNAEB'!N27 -> 0 | F12: =+'24-02-012 Ind. Alim - JUNAEB'!O27 -> 0 | G12: =+'24-02-012 Ind. Alim - JUNAEB'!R27 -> 0 | H12: =+'24-02-012 Ind. Alim - JUNAEB'!S27 -> 0 | I12: =+'24-02-012 Ind. Alim - JUNAEB'!T27 -> 0 | J12: =+'24-02-012 Ind. Alim - JUNAEB'!U27 -> 0 | K12: =+'24-02-012 Ind. Alim - JUNAEB'!V27 -> 0 | L12: =+'24-02-012 Ind. Alim - JUNAEB'!W27 -> 0 | M12: =+'24-02-012 Ind. Alim - JUNAEB'!X27 -> 0 | N12: =+'24-02-012 Ind. Alim - JUNAEB'!Y27 -> 0 | ... Y12: =+'24-02-012 Ind. Alim - JUNAEB'!AJ27 -> 0
A13: LIBERTADOR B. O HIGGINS | B13: =+'24-02-012 Ind. Alim - JUNAEB'!J31 -> 0 | C13: =+'24-02-012 Ind. Alim - JUNAEB'!K31 -> 0 | D13: =+'24-02-012 Ind. Alim - JUNAEB'!M31 -> 0 | E13: =+'24-02-012 Ind. Alim - JUNAEB'!N31 -> 0 | F13: =+'24-02-012 Ind. Alim - JUNAEB'!O31 -> 0 | G13: =+'24-02-012 Ind. Alim - JUNAEB'!R31 -> 0 | H13: =+'24-02-012 Ind. Alim - JUNAEB'!S31 -> 0 | I13: =+'24-02-012 Ind. Alim - JUNAEB'!T31 -> 0 | J13: =+'24-02-012 Ind. Alim - JUNAEB'!U31 -> 0 | K13: =+'24-02-012 Ind. Alim - JUNAEB'!V31 -> 0 | L13: =+'24-02-012 Ind. Alim - JUNAEB'!W31 -> 0 | M13: =+'24-02-012 Ind. Alim - JUNAEB'!X31 -> 0 | N13: =+'24-02-012 Ind. Alim - JUNAEB'!Y31 -> 0 | ... Y13: =+'24-02-012 Ind. Alim - JUNAEB'!AJ31 -> 0
A14: MAULE | B14: =+'24-02-012 Ind. Alim - JUNAEB'!J35 -> 0 | C14: =+'24-02-012 Ind. Alim - JUNAEB'!K35 -> 0 | D14: =+'24-02-012 Ind. Alim - JUNAEB'!M35 -> 0 | E14: =+'24-02-012 Ind. Alim - JUNAEB'!N35 -> 0 | F14: =+'24-02-012 Ind. Alim - JUNAEB'!O35 -> 0 | G14: =+'24-02-012 Ind. Alim - JUNAEB'!R35 -> 0 | H14: =+'24-02-012 Ind. Alim - JUNAEB'!S35 -> 0 | I14: =+'24-02-012 Ind. Alim - JUNAEB'!T35 -> 0 | J14: =+'24-02-012 Ind. Alim - JUNAEB'!U35 -> 0 | K14: =+'24-02-012 Ind. Alim - JUNAEB'!V35 -> 0 | L14: =+'24-02-012 Ind. Alim - JUNAEB'!W35 -> 0 | M14: =+'24-02-012 Ind. Alim - JUNAEB'!X35 -> 0 | N14: =+'24-02-012 Ind. Alim - JUNAEB'!Y35 -> 0 | ... Y14: =+'24-02-012 Ind. Alim - JUNAEB'!AJ35 -> 0
A15: BIOBÍO | B15: =+'24-02-012 Ind. Alim - JUNAEB'!J39 -> 0 | C15: =+'24-02-012 Ind. Alim - JUNAEB'!K39 -> 0 | D15: =+'24-02-012 Ind. Alim - JUNAEB'!M39 -> 0 | E15: =+'24-02-012 Ind. Alim - JUNAEB'!N39 -> 0 | F15: =+'24-02-012 Ind. Alim - JUNAEB'!O39 -> 0 | G15: =+'24-02-012 Ind. Alim - JUNAEB'!R39 -> 0 | H15: =+'24-02-012 Ind. Alim - JUNAEB'!S39 -> 0 | I15: =+'24-02-012 Ind. Alim - JUNAEB'!T39 -> 0 | J15: =+'24-02-012 Ind. Alim - JUNAEB'!U39 -> 0 | K15: =+'24-02-012 Ind. Alim - JUNAEB'!V39 -> 0 | L15: =+'24-02-012 Ind. Alim - JUNAEB'!W39 -> 0 | M15: =+'24-02-012 Ind. Alim - JUNAEB'!X39 -> 0 | N15: =+'24-02-012 Ind. Alim - JUNAEB'!Y39 -> 0 | ... Y15: =+'24-02-012 Ind. Alim - JUNAEB'!AJ39 -> 0
A16: ARAUCANÍA | B16: =+'24-02-012 Ind. Alim - JUNAEB'!J43 -> 0 | C16: =+'24-02-012 Ind. Alim - JUNAEB'!K43 -> 0 | D16: =+'24-02-012 Ind. Alim - JUNAEB'!M43 -> 0 | E16: =+'24-02-012 Ind. Alim - JUNAEB'!N43 -> 0 | F16: =+'24-02-012 Ind. Alim - JUNAEB'!O43 -> 0 | G16: =+'24-02-012 Ind. Alim - JUNAEB'!R43 -> 0 | H16: =+'24-02-012 Ind. Alim - JUNAEB'!S43 -> 0 | I16: =+'24-02-012 Ind. Alim - JUNAEB'!T43 -> 0 | J16: =+'24-02-012 Ind. Alim - JUNAEB'!U43 -> 0 | K16: =+'24-02-012 Ind. Alim - JUNAEB'!V43 -> 0 | L16: =+'24-02-012 Ind. Alim - JUNAEB'!W43 -> 0 | M16: =+'24-02-012 Ind. Alim - JUNAEB'!X43 -> 0 | N16: =+'24-02-012 Ind. Alim - JUNAEB'!Y43 -> 0 | ... Y16: =+'24-02-012 Ind. Alim - JUNAEB'!AJ43 -> 0
A17: LOS LAGOS | B17: =+'24-02-012 Ind. Alim - JUNAEB'!J47 -> 0 | C17: =+'24-02-012 Ind. Alim - JUNAEB'!K47 -> 0 | D17: =+'24-02-012 Ind. Alim - JUNAEB'!M47 -> 0 | E17: =+'24-02-012 Ind. Alim - JUNAEB'!N47 -> 0 | F17: =+'24-02-012 Ind. Alim - JUNAEB'!O47 -> 0 | G17: =+'24-02-012 Ind. Alim - JUNAEB'!R47 -> 0 | H17: =+'24-02-012 Ind. Alim - JUNAEB'!S47 -> 0 | I17: =+'24-02-012 Ind. Alim - JUNAEB'!T47 -> 0 | J17: =+'24-02-012 Ind. Alim - JUNAEB'!U47 -> 0 | K17: =+'24-02-012 Ind. Alim - JUNAEB'!V47 -> 0 | L17: =+'24-02-012 Ind. Alim - JUNAEB'!W47 -> 0 | M17: =+'24-02-012 Ind. Alim - JUNAEB'!X47 -> 0 | N17: =+'24-02-012 Ind. Alim - JUNAEB'!Y47 -> 0 | ... X17: =+'24-02-012 Ind. Alim - JUNAEB'!AI47 -> 0 | Y17: =+'24-02-012 Ind. Alim - JUNAEB'!AJ44 -> 0
A18: AYSÉN | B18: =+'24-02-012 Ind. Alim - JUNAEB'!J51 -> 0 | C18: =+'24-02-012 Ind. Alim - JUNAEB'!K51 -> 0 | D18: =+'24-02-012 Ind. Alim - JUNAEB'!M51 -> 0 | E18: =+'24-02-012 Ind. Alim - JUNAEB'!N51 -> 0 | F18: =+'24-02-012 Ind. Alim - JUNAEB'!O51 -> 0 | G18: =+'24-02-012 Ind. Alim - JUNAEB'!R51 -> 0 | H18: =+'24-02-012 Ind. Alim - JUNAEB'!S51 -> 0 | I18: =+'24-02-012 Ind. Alim - JUNAEB'!T51 -> 0 | J18: =+'24-02-012 Ind. Alim - JUNAEB'!U51 -> 0 | K18: =+'24-02-012 Ind. Alim - JUNAEB'!V51 -> 0 | L18: =+'24-02-012 Ind. Alim - JUNAEB'!W51 -> 0 | M18: =+'24-02-012 Ind. Alim - JUNAEB'!X51 -> 0 | N18: =+'24-02-012 Ind. Alim - JUNAEB'!Y51 -> 0 | ... Y18: =+'24-02-012 Ind. Alim - JUNAEB'!AJ51 -> 0
A19: MAGALLANES | B19: =+'24-02-012 Ind. Alim - JUNAEB'!J55 -> 0 | C19: =+'24-02-012 Ind. Alim - JUNAEB'!K55 -> 0 | D19: =+'24-02-012 Ind. Alim - JUNAEB'!M55 -> 0 | E19: =+'24-02-012 Ind. Alim - JUNAEB'!N55 -> 0 | F19: =+'24-02-012 Ind. Alim - JUNAEB'!O55 -> 0 | G19: =+'24-02-012 Ind. Alim - JUNAEB'!R55 -> 0 | H19: =+'24-02-012 Ind. Alim - JUNAEB'!S55 -> 0 | I19: =+'24-02-012 Ind. Alim - JUNAEB'!T55 -> 0 | J19: =+'24-02-012 Ind. Alim - JUNAEB'!U55 -> 0 | K19: =+'24-02-012 Ind. Alim - JUNAEB'!V55 -> 0 | L19: =+'24-02-012 Ind. Alim - JUNAEB'!W55 -> 0 | M19: =+'24-02-012 Ind. Alim - JUNAEB'!X55 -> 0 | N19: =+'24-02-012 Ind. Alim - JUNAEB'!Y55 -> 0 | ... Y19: =+'24-02-012 Ind. Alim - JUNAEB'!AJ55 -> 0
A20: LOS RÍOS | B20: =+'24-02-012 Ind. Alim - JUNAEB'!J59 -> 0 | C20: =+'24-02-012 Ind. Alim - JUNAEB'!K59 -> 0 | D20: =+'24-02-012 Ind. Alim - JUNAEB'!M59 -> 0 | E20: =+'24-02-012 Ind. Alim - JUNAEB'!N59 -> 0 | F20: =+'24-02-012 Ind. Alim - JUNAEB'!O59 -> 0 | G20: =+'24-02-012 Ind. Alim - JUNAEB'!R59 -> 0 | H20: =+'24-02-012 Ind. Alim - JUNAEB'!S59 -> 0 | I20: =+'24-02-012 Ind. Alim - JUNAEB'!T59 -> 0 | J20: =+'24-02-012 Ind. Alim - JUNAEB'!U59 -> 0 | K20: =+'24-02-012 Ind. Alim - JUNAEB'!V59 -> 0 | L20: =+'24-02-012 Ind. Alim - JUNAEB'!W59 -> 0 | M20: =+'24-02-012 Ind. Alim - JUNAEB'!X59 -> 0 | N20: =+'24-02-012 Ind. Alim - JUNAEB'!Y59 -> 0 | ... Y20: =+'24-02-012 Ind. Alim - JUNAEB'!AJ59 -> 0
A21: ARICA Y PARINACOTA | B21: =+'24-02-012 Ind. Alim - JUNAEB'!J63 -> 0 | C21: =+'24-02-012 Ind. Alim - JUNAEB'!K63 -> 0 | D21: =+'24-02-012 Ind. Alim - JUNAEB'!M63 -> 0 | E21: =+'24-02-012 Ind. Alim - JUNAEB'!N63 -> 0 | F21: =+'24-02-012 Ind. Alim - JUNAEB'!O63 -> 0 | G21: =+'24-02-012 Ind. Alim - JUNAEB'!R63 -> 0 | H21: =+'24-02-012 Ind. Alim - JUNAEB'!S63 -> 0 | I21: =+'24-02-012 Ind. Alim - JUNAEB'!T63 -> 0 | J21: =+'24-02-012 Ind. Alim - JUNAEB'!U63 -> 0 | K21: =+'24-02-012 Ind. Alim - JUNAEB'!V63 -> 0 | L21: =+'24-02-012 Ind. Alim - JUNAEB'!W63 -> 0 | M21: =+'24-02-012 Ind. Alim - JUNAEB'!X63 -> 0 | N21: =+'24-02-012 Ind. Alim - JUNAEB'!Y63 -> 0 | ... Y21: =+'24-02-012 Ind. Alim - JUNAEB'!AJ63 -> 0
A22: ÑUBLE | B22: =+'24-02-012 Ind. Alim - JUNAEB'!J67 -> 0 | C22: =+'24-02-012 Ind. Alim - JUNAEB'!K67 -> 0 | D22: =+'24-02-012 Ind. Alim - JUNAEB'!M64 -> 0 | E22: =+'24-02-012 Ind. Alim - JUNAEB'!N64 -> 0 | F22: =+'24-02-012 Ind. Alim - JUNAEB'!O64 -> 0 | G22: =+'24-02-012 Ind. Alim - JUNAEB'!R64 -> 0 | H22: =+'24-02-012 Ind. Alim - JUNAEB'!S64 -> 0 | I22: =+'24-02-012 Ind. Alim - JUNAEB'!T64 -> 0 | J22: =+'24-02-012 Ind. Alim - JUNAEB'!U67 -> 0 | K22: =+'24-02-012 Ind. Alim - JUNAEB'!V64 -> 0 | L22: =+'24-02-012 Ind. Alim - JUNAEB'!W64 -> 0 | M22: =+'24-02-012 Ind. Alim - JUNAEB'!X64 -> 0 | N22: =+'24-02-012 Ind. Alim - JUNAEB'!Y67 -> 0 | O22: =+'24-02-012 Ind. Alim - JUNAEB'!Z64 -> 0 | P22: =+'24-02-012 Ind. Alim - JUNAEB'!AA64 -> 0 | Q22: =+'24-02-012 Ind. Alim - JUNAEB'!AB64 -> 0 | R22: =+'24-02-012 Ind. Alim - JUNAEB'!AC67 -> 0 | S22: =+'24-02-012 Ind. Alim - JUNAEB'!AD64 -> 0 | T22: =+'24-02-012 Ind. Alim - JUNAEB'!AE64 -> 0 | U22: =+'24-02-012 Ind. Alim - JUNAEB'!AF64 -> 0 | V22: =+'24-02-012 Ind. Alim - JUNAEB'!AG67 -> 0 | W22: =+'24-02-012 Ind. Alim - JUNAEB'!AH67 -> 0 | X22: =+'24-02-012 Ind. Alim - JUNAEB'!AI67 -> 0 | Y22: =+'24-02-012 Ind. Alim - JUNAEB'!AJ67 -> 0
A23: METROPOLITANA | B23: =+'24-02-012 Ind. Alim - JUNAEB'!J71 -> 0 | C23: =+'24-02-012 Ind. Alim - JUNAEB'!K71 -> 0 | D23: =+'24-02-012 Ind. Alim - JUNAEB'!M71 -> 0 | E23: =+'24-02-012 Ind. Alim - JUNAEB'!N71 -> 0 | F23: =+'24-02-012 Ind. Alim - JUNAEB'!O71 -> 0 | G23: =+'24-02-012 Ind. Alim - JUNAEB'!R71 -> 0 | H23: =+'24-02-012 Ind. Alim - JUNAEB'!S71 -> 0 | I23: =+'24-02-012 Ind. Alim - JUNAEB'!T71 -> 0 | J23: =+'24-02-012 Ind. Alim - JUNAEB'!U71 -> 0 | K23: =+'24-02-012 Ind. Alim - JUNAEB'!V71 -> 0 | L23: =+'24-02-012 Ind. Alim - JUNAEB'!W71 -> 0 | M23: =+'24-02-012 Ind. Alim - JUNAEB'!X71 -> 0 | N23: =+'24-02-012 Ind. Alim - JUNAEB'!Y71 -> 0 | ... Y23: =+'24-02-012 Ind. Alim - JUNAEB'!AJ71 -> 0
A24: NIVEL CENTRAL | B24: =+'24-02-012 Ind. Alim - JUNAEB'!J74 -> 4155809000 | C24: =+'24-02-012 Ind. Alim - JUNAEB'!K74 -> 4155809000 | D24: =+'24-02-012 Ind. Alim - JUNAEB'!M74 -> 0 | E24: =+'24-02-012 Ind. Alim - JUNAEB'!N74 -> 0 | F24: =+'24-02-012 Ind. Alim - JUNAEB'!O74 -> 0 | G24: =+'24-02-012 Ind. Alim - JUNAEB'!R74 -> 0 | H24: =+'24-02-012 Ind. Alim - JUNAEB'!S74 -> 0 | I24: =+'24-02-012 Ind. Alim - JUNAEB'!T74 -> 0 | J24: =+'24-02-012 Ind. Alim - JUNAEB'!U74 -> 0 | K24: =+'24-02-012 Ind. Alim - JUNAEB'!V74 -> 0 | L24: =+'24-02-012 Ind. Alim - JUNAEB'!W74 -> 2909066300 | M24: =+'24-02-012 Ind. Alim - JUNAEB'!X74 -> 0 | N24: =+'24-02-012 Ind. Alim - JUNAEB'!Y74 -> 2909066300 | ... Y24: =+'24-02-012 Ind. Alim - JUNAEB'!AJ74 -> 1
A25: ="TOTAL ASIG."&" "&$A$5 -> TOTAL ASIG. 24-02-012 "Programas de Alimentación - JUNAEB" | B25: =SUM(B8:B24) -> 4155809000 | C25: =SUM(C8:C24) -> 4155809000 | D25: =SUM(D8:D24) -> 0 | E25: =SUM(E8:E24) -> 0 | F25: =SUM(F8:F24) -> 0 | G25: =SUM(G8:G24) -> 0 | H25: =SUM(H8:H24) -> 0 | I25: =SUM(I8:I24) -> 0 | ... W25: =SUM(W8:W24) -> 4155809000 | X25: =+'24-02-012 Ind. Alim - JUNAEB'!AI75 -> 1 | Y25: ='24-02-012 Ind. Alim - JUNAEB'!AJ75 -> 1

Sheet 24-02-014 Ind. FOSIS
A1: PARTIDA 21-01-05 "INGRESO ÉTICO FAMILIAR Y SISTEMA CHILE SOLIDARIO"
A2: INFORME POR PROGRAMA Y REGIÓN
A3: EJECUCIÓN AL 30 SEPTIEMBRE DE 2026
A4: En pesos
A5: 24-02-014 "Fondo de Solidaridad e Inversión Social"
A6: Nº | B6: Código Proyecto | C6: REGION | D6: Fecha | E6: Nombre y Razón Social del Ejecutor | F6: Denominación del Programa- Convenio o Transferencia | G6: Modalidad de Asignación | H6: Vigencia del Convenio | J6: Presupuesto por región | K6: Monto del convenio | L6: Productos/y/o Actividades | M6: Beneficiarios | P6: Modalidad de Pago | Q6: Observaciones | R6: EJECUCION DEVENGADA | U6: 1er. Trimestre | V6: EJECUCION DEVENGADA | Y6: 2do. Trimestre | Z6: EJECUCION DEVENGADA | AC6: 3er. Trimestre | AD6: EJECUCION DEVENGADA | AG6: 4to. Trimestre | AH6: Total Anual | AI6: Porcentaje de Participación:
C7: Resolución o Decreto | H7: Inicio | I7: Término | M7: Cobertura | N7: Universo | O7: Tipo de Beneficiarios | R7: Enero | S7: Febrero | T7: Marzo | V7: Abril | W7: Mayo | X7: Junio | Z7: Julio | AA7: Agosto | AB7: Septiembre | AD7: Octubre | AE7: Noviembre | AF7: Diciembre | AI7: Ejecución | AJ7: Del Gasto
A8: TARAPACÁ
A9: 1 | U9: =SUM(R9:T9) -> 0 | Y9: =SUM(V9:X9) -> 0 | AC9: =SUM(Z9:AB9) -> 0 | AG9: =SUM(AD9:AF9) -> 0 | AH9: =SUM(U9,Y9,AC9,AG9) -> 0 | AI9: =IF(ISERROR(AH9/J9),0,AH9/J9) -> 0 | AJ9: =IF(ISERROR(AH9/$AH$75),"-",AH9/$AH$75) -> 0
A10: 2 | U10: =SUM(R10:T10) -> 0 | Y10: =SUM(V10:X10) -> 0 | AC10: =SUM(Z10:AB10) -> 0 | AG10: =SUM(AD10:AF10) -> 0 | AH10: =SUM(U10,Y10,AC10,AG10) -> 0 | AI10: =IF(ISERROR(AH10/J10),0,AH10/J10) -> 0 | AJ10: =IF(ISERROR(AH10/$AH$75),"-",AH10/$AH$75) -> 0
A11: TOTAL REGIÓN DE TARAPACÁ | J11: =SUM(J9:J10) -> 0 | K11: =SUM(K9:K10) -> 0 | M11: =SUM(M9:M10) -> 0 | N11: =SUM(N9:N10) -> 0 | O11: =SUM(O9:O10) -> 0 | R11: =SUM(R9:R10) -> 0 | S11: =SUM(S9:S10) -> 0 | T11: =SUM(T9:T10) -> 0 | U11: =SUM(U9:U10) -> 0 | V11: =SUM(V9:V10) -> 0 | W11: =SUM(W9:W10) -> 0 | X11: =SUM(X9:X10) -> 0 | Y11: =SUM(Y9:Y10) -> 0 | ... AH11: =SUM(AH9:AH10) -> 0 | AI11: =IF(ISERROR(AH11/J11),0,AH11/J11) -> 0 | AJ11: =IF(ISERROR(AH11/$AH$75),0,AH11/$AH$75) -> 0
A12: ANTOFAGASTA
A13: 1 | U13: =SUM(R13:T13) -> 0 | Y13: =SUM(V13:X13) -> 0 | AC13: =SUM(Z13:AB13) -> 0 | AG13: =SUM(AD13:AF13) -> 0 | AH13: =SUM(U13,Y13,AC13,AG13) -> 0 | AI13: =IF(ISERROR(AH13/J13),0,AH13/J13) -> 0 | AJ13: =IF(ISERROR(AH13/$AH$75),"-",AH13/$AH$75) -> 0
A14: 2 | U14: =SUM(R14:T14) -> 0 | Y14: =SUM(V14:X14) -> 0 | AC14: =SUM(Z14:AB14) -> 0 | AG14: =SUM(AD14:AF14) -> 0 | AH14: =SUM(U14,Y14,AC14,AG14) -> 0 | AI14: =IF(ISERROR(AH14/J14),0,AH14/J14) -> 0 | AJ14: =IF(ISERROR(AH14/$AH$75),"-",AH14/$AH$75) -> 0
A15: TOTAL REGIÓN DE ANTOFAGASTA | J15: =SUM(J13:J14) -> 0 | K15: =SUM(K13:K14) -> 0 | M15: =SUM(M13:M14) -> 0 | N15: =SUM(N13:N14) -> 0 | O15: =SUM(O13:O14) -> 0 | R15: =SUM(R13:R14) -> 0 | S15: =SUM(S13:S14) -> 0 | T15: =SUM(T13:T14) -> 0 | U15: =SUM(U13:U14) -> 0 | V15: =SUM(V13:V14) -> 0 | W15: =SUM(W13:W14) -> 0 | X15: =SUM(X13:X14) -> 0 | Y15: =SUM(Y13:Y14) -> 0 | ... AH15: =SUM(AH13:AH14) -> 0 | AI15: =IF(ISERROR(AH15/J15),0,AH15/J15) -> 0 | AJ15: =IF(ISERROR(AH15/$AH$75),0,AH15/$AH$75) -> 0
A16: ATACAMA
A17: 1 | U17: =SUM(R17:T17) -> 0 | Y17: =SUM(V17:X17) -> 0 | AC17: =SUM(Z17:AB17) -> 0 | AG17: =SUM(AD17:AF17) -> 0 | AH17: =SUM(U17,Y17,AC17,AG17) -> 0 | AI17: =IF(ISERROR(AH17/J17),0,AH17/J17) -> 0 | AJ17: =IF(ISERROR(AH17/$AH$75),"-",AH17/$AH$75) -> 0
A18: 2 | U18: =SUM(R18:T18) -> 0 | Y18: =SUM(V18:X18) -> 0 | AC18: =SUM(Z18:AB18) -> 0 | AG18: =SUM(AD18:AF18) -> 0 | AH18: =SUM(U18,Y18,AC18,AG18) -> 0 | AI18: =IF(ISERROR(AH18/J18),0,AH18/J18) -> 0 | AJ18: =IF(ISERROR(AH18/$AH$75),"-",AH18/$AH$75) -> 0
A19: TOTAL REGIÓN DE ATACAMA | J19: =SUM(J17:J18) -> 0 | K19: =SUM(K17:K18) -> 0 | M19: =SUM(M17:M18) -> 0 | N19: =SUM(N17:N18) -> 0 | O19: =SUM(O17:O18) -> 0 | R19: =SUM(R17:R18) -> 0 | S19: =SUM(S17:S18) -> 0 | T19: =SUM(T17:T18) -> 0 | U19: =SUM(U17:U18) -> 0 | V19: =SUM(V17:V18) -> 0 | W19: =SUM(W17:W18) -> 0 | X19: =SUM(X17:X18) -> 0 | Y19: =SUM(Y17:Y18) -> 0 | ... AH19: =SUM(AH17:AH18) -> 0 | AI19: =IF(ISERROR(AH19/J19),0,AH19/J19) -> 0 | AJ19: =IF(ISERROR(AH19/$AH$75),0,AH19/$AH$75) -> 0
A20: COQUIMBO
A21: 1 | U21: =SUM(R21:T21) -> 0 | Y21: =SUM(V21:X21) -> 0 | AC21: =SUM(Z21:AB21) -> 0 | AG21: =SUM(AD21:AF21) -> 0 | AH21: =SUM(U21,Y21,AC21,AG21) -> 0 | AI21: =IF(ISERROR(AH21/J21),0,AH21/J21) -> 0 | AJ21: =IF(ISERROR(AH21/$AH$75),"-",AH21/$AH$75) -> 0
A22: 2 | U22: =SUM(R22:T22) -> 0 | Y22: =SUM(V22:X22) -> 0 | AC22: =SUM(Z22:AB22) -> 0 | AG22: =SUM(AD22:AF22) -> 0 | AH22: =SUM(U22,Y22,AC22,AG22) -> 0 | AI22: =IF(ISERROR(AH22/J22),0,AH22/J22) -> 0 | AJ22: =IF(ISERROR(AH22/$AH$75),"-",AH22/$AH$75) -> 0
A23: TOTAL REGIÓN DE COQUIMBO | J23: =SUM(J21:J22) -> 0 | K23: =SUM(K21:K22) -> 0 | M23: =SUM(M21:M22) -> 0 | N23: =SUM(N21:N22) -> 0 | O23: =SUM(O21:O22) -> 0 | R23: =SUM(R21:R22) -> 0 | S23: =SUM(S21:S22) -> 0 | T23: =SUM(T21:T22) -> 0 | U23: =SUM(U21:U22) -> 0 | V23: =SUM(V21:V22) -> 0 | W23: =SUM(W21:W22) -> 0 | X23: =SUM(X21:X22) -> 0 | Y23: =SUM(Y21:Y22) -> 0 | ... AH23: =SUM(AH21:AH22) -> 0 | AI23: =IF(ISERROR(AH23/J23),0,AH23/J23) -> 0 | AJ23: =IF(ISERROR(AH23/$AH$75),0,AH23/$AH$75) -> 0
A24: VALPARAÍSO
A25: 1 | U25: =SUM(R25:T25) -> 0 | Y25: =SUM(V25:X25) -> 0 | AC25: =SUM(Z25:AB25) -> 0 | AE25: 0 | AF25: 0 | AG25: =SUM(AD25:AF25) -> 0 | AH25: =SUM(U25,Y25,AC25,AG25) -> 0 | AI25: =IF(ISERROR(AH25/J25),0,AH25/J25) -> 0 | AJ25: =IF(ISERROR(AH25/$AH$75),"-",AH25/$AH$75) -> 0
A26: 2 | U26: =SUM(R26:T26) -> 0 | Y26: =SUM(V26:X26) -> 0 | AC26: =SUM(Z26:AB26) -> 0 | AE26: 0 | AF26: 0 | AG26: =SUM(AD26:AF26) -> 0 | AH26: =SUM(U26,Y26,AC26,AG26) -> 0 | AI26: =IF(ISERROR(AH26/J26),0,AH26/J26) -> 0 | AJ26: =IF(ISERROR(AH26/$AH$75),"-",AH26/$AH$75) -> 0
A27: TOTAL REGIÓN DE VALPARAÍSO | J27: =SUM(J25:J26) -> 0 | K27: =SUM(K25:K26) -> 0 | M27: =SUM(M25:M26) -> 0 | N27: =SUM(N25:N26) -> 0 | O27: =SUM(O25:O26) -> 0 | R27: =SUM(R25:R26) -> 0 | S27: =SUM(S25:S26) -> 0 | T27: =SUM(T25:T26) -> 0 | U27: =SUM(U25:U26) -> 0 | V27: =SUM(V25:V26) -> 0 | W27: =SUM(W25:W26) -> 0 | X27: =SUM(X25:X26) -> 0 | Y27: =SUM(Y25:Y26) -> 0 | ... AH27: =SUM(AH25:AH26) -> 0 | AI27: =IF(ISERROR(AH27/J27),0,AH27/J27) -> 0 | AJ27: =IF(ISERROR(AH27/$AH$75),0,AH27/$AH$75) -> 0
A28: LIBERTADOR B. O HIGGINS
A29: 1 | U29: =SUM(R29:T29) -> 0 | Y29: =SUM(V29:X29) -> 0 | AC29: =SUM(Z29:AB29) -> 0 | AG29: =SUM(AD29:AF29) -> 0 | AH29: =SUM(U29,Y29,AC29,AG29) -> 0 | AI29: =IF(ISERROR(AH29/J29),0,AH29/J29) -> 0 | AJ29: =IF(ISERROR(AH29/$AH$75),"-",AH29/$AH$75) -> 0
A30: 2 | U30: =SUM(R30:T30) -> 0 | Y30: =SUM(V30:X30) -> 0 | AC30: =SUM(Z30:AB30) -> 0 | AG30: =SUM(AD30:AF30) -> 0 | AH30: =SUM(U30,Y30,AC30,AG30) -> 0 | AI30: =IF(ISERROR(AH30/J30),0,AH30/J30) -> 0 | AJ30: =IF(ISERROR(AH30/$AH$75),"-",AH30/$AH$75) -> 0
A31: TOTAL REGIÓN DEL LIBERTADOR GENERAL BERNARDO O'HIGGINS | J31: =SUM(J29:J30) -> 0 | K31: =SUM(K29:K30) -> 0 | M31: =SUM(M29:M30) -> 0 | N31: =SUM(N29:N30) -> 0 | O31: =SUM(O29:O30) -> 0 | R31: =SUM(R29:R30) -> 0 | S31: =SUM(S29:S30) -> 0 | T31: =SUM(T29:T30) -> 0 | U31: =SUM(U29:U30) -> 0 | V31: =SUM(V29:V30) -> 0 | W31: =SUM(W29:W30) -> 0 | X31: =SUM(X29:X30) -> 0 | Y31: =SUM(Y29:Y30) -> 0 | ... AH31: =SUM(AH29:AH30) -> 0 | AI31: =IF(ISERROR(AH31/J31),0,AH31/J31) -> 0 | AJ31: =IF(ISERROR(AH31/$AH$75),0,AH31/$AH$75) -> 0
A32: MAULE
A33: 1 | U33: =SUM(R33:T33) -> 0 | Y33: =SUM(V33:X33) -> 0 | AC33: =SUM(Z33:AB33) -> 0 | AG33: =SUM(AD33:AF33) -> 0 | AH33: =SUM(U33,Y33,AC33,AG33) -> 0 | AI33: =IF(ISERROR(AH33/J33),0,AH33/J33) -> 0 | AJ33: =IF(ISERROR(AH33/$AH$75),"-",AH33/$AH$75) -> 0
A34: 2 | U34: =SUM(R34:T34) -> 0 | Y34: =SUM(V34:X34) -> 0 | AC34: =SUM(Z34:AB34) -> 0 | AG34: =SUM(AD34:AF34) -> 0 | AH34: =SUM(U34,Y34,AC34,AG34) -> 0 | AI34: =IF(ISERROR(AH34/J34),0,AH34/J34) -> 0 | AJ34: =IF(ISERROR(AH34/$AH$75),"-",AH34/$AH$75) -> 0
A35: TOTAL REGIÓN DEL MAULE | J35: =SUM(J33:J34) -> 0 | K35: =SUM(K33:K34) -> 0 | M35: =SUM(M33:M34) -> 0 | N35: =SUM(N33:N34) -> 0 | O35: =SUM(O33:O34) -> 0 | R35: =SUM(R33:R34) -> 0 | S35: =SUM(S33:S34) -> 0 | T35: =SUM(T33:T34) -> 0 | U35: =SUM(U33:U34) -> 0 | V35: =SUM(V33:V34) -> 0 | W35: =SUM(W33:W34) -> 0 | X35: =SUM(X33:X34) -> 0 | Y35: =SUM(Y33:Y34) -> 0 | ... AH35: =SUM(AH33:AH34) -> 0 | AI35: =IF(ISERROR(AH35/J35),0,AH35/J35) -> 0 | AJ35: =IF(ISERROR(AH35/$AH$75),0,AH35/$AH$75) -> 0
A36: BIOBÍO
A37: 1 | U37: =SUM(R37:T37) -> 0 | Y37: =SUM(V37:X37) -> 0 | AC37: =SUM(Z37:AB37) -> 0 | AG37: =SUM(AD37:AF37) -> 0 | AH37: =SUM(U37,Y37,AC37,AG37) -> 0 | AI37: =IF(ISERROR(AH37/J37),0,AH37/J37) -> 0 | AJ37: =IF(ISERROR(AH37/$AH$75),"-",AH37/$AH$75) -> 0
A38: 2 | U38: =SUM(R38:T38) -> 0 | Y38: =SUM(V38:X38) -> 0 | AC38: =SUM(Z38:AB38) -> 0 | AG38: =SUM(AD38:AF38) -> 0 | AH38: =SUM(U38,Y38,AC38,AG38) -> 0 | AI38: =IF(ISERROR(AH38/J38),0,AH38/J38) -> 0 | AJ38: =IF(ISERROR(AH38/$AH$75),"-",AH38/$AH$75) -> 0
A39: TOTAL REGIÓN DEL BIOBÍO | J39: =SUM(J37:J38) -> 0 | K39: =SUM(K37:K38) -> 0 | M39: =SUM(M37:M38) -> 0 | N39: =SUM(N37:N38) -> 0 | O39: =SUM(O37:O38) -> 0 | R39: =SUM(R37:R38) -> 0 | S39: =SUM(S37:S38) -> 0 | T39: =SUM(T37:T38) -> 0 | U39: =SUM(U37:U38) -> 0 | V39: =SUM(V37:V38) -> 0 | W39: =SUM(W37:W38) -> 0 | X39: =SUM(X37:X38) -> 0 | Y39: =SUM(Y37:Y38) -> 0 | ... AH39: =SUM(AH37:AH38) -> 0 | AI39: =IF(ISERROR(AH39/J39),0,AH39/J39) -> 0 | AJ39: =IF(ISERROR(AH39/$AH$75),0,AH39/$AH$75) -> 0
A40: ARAUCANÍA
A41: 1 | U41: =SUM(R41:T41) -> 0 | Y41: =SUM(V41:X41) -> 0 | AC41: =SUM(Z41:AB41) -> 0 | AE41: 0 | AF41: 0 | AG41: =SUM(AD41:AF41) -> 0 | AH41: =SUM(U41,Y41,AC41,AG41) -> 0 | AI41: =IF(ISERROR(AH41/J41),0,AH41/J41) -> 0 | AJ41: =IF(ISERROR(AH41/$AH$75),"-",AH41/$AH$75) -> 0
A42: 2 | U42: =SUM(R42:T42) -> 0 | Y42: =SUM(V42:X42) -> 0 | AC42: =SUM(Z42:AB42) -> 0 | AG42: =SUM(AD42:AF42) -> 0 | AH42: =SUM(U42,Y42,AC42,AG42) -> 0 | AI42: =IF(ISERROR(AH42/J42),0,AH42/J42) -> 0 | AJ42: =IF(ISERROR(AH42/$AH$75),"-",AH42/$AH$75) -> 0
A43: TOTAL REGIÓN DE LA ARAUCANÍA | J43: =SUM(J41:J42) -> 0 | K43: =SUM(K41:K42) -> 0 | M43: =SUM(M41:M42) -> 0 | N43: =SUM(N41:N42) -> 0 | O43: =SUM(O41:O42) -> 0 | R43: =SUM(R41:R42) -> 0 | S43: =SUM(S41:S42) -> 0 | T43: =SUM(T41:T42) -> 0 | U43: =SUM(U41:U42) -> 0 | V43: =SUM(V41:V42) -> 0 | W43: =SUM(W41:W42) -> 0 | X43: =SUM(X41:X42) -> 0 | Y43: =SUM(Y41:Y42) -> 0 | ... AH43: =SUM(AH41:AH42) -> 0 | AI43: =IF(ISERROR(AH43/J43),0,AH43/J43) -> 0 | AJ43: =IF(ISERROR(AH43/$AH$75),0,AH43/$AH$75) -> 0
A44: LOS LAGOS
A45: 1 | R45: 0 | S45: 0 | T45: 0 | U45: =SUM(R45:T45) -> 0 | V45: 0 | W45: 0 | X45: 0 | Y45: =SUM(V45:X45) -> 0 | Z45: 0 | AA45: 0 | AB45: 0 | AC45: =SUM(Z45:AB45) -> 0 | AD45: 0 | AE45: 0 | AF45: 0 | AG45: =SUM(AD45:AF45) -> 0 | AH45: =SUM(U45,Y45,AC45,AG45) -> 0 | AI45: =IF(ISERROR(AH45/J45),0,AH45/J45) -> 0 | AJ45: =IF(ISERROR(AH45/$AH$75),"-",AH45/$AH$75) -> 0
A46: 2 | U46: =SUM(R46:T46) -> 0 | Y46: =SUM(V46:X46) -> 0 | AC46: =SUM(Z46:AB46) -> 0 | AG46: =SUM(AD46:AF46) -> 0 | AH46: =SUM(U46,Y46,AC46,AG46) -> 0 | AI46: =IF(ISERROR(AH46/J46),0,AH46/J46) -> 0 | AJ46: =IF(ISERROR(AH46/$AH$75),"-",AH46/$AH$75) -> 0
A47: TOTAL REGIÓN DE LOS LAGOS | J47: =SUM(J45:J46) -> 0 | K47: =SUM(K45:K46) -> 0 | M47: =SUM(M45:M46) -> 0 | N47: =SUM(N45:N46) -> 0 | O47: =SUM(O45:O46) -> 0 | R47: =SUM(R45:R46) -> 0 | S47: =SUM(S45:S46) -> 0 | T47: =SUM(T45:T46) -> 0 | U47: =SUM(U45:U46) -> 0 | V47: =SUM(V45:V46) -> 0 | W47: =SUM(W45:W46) -> 0 | X47: =SUM(X45:X46) -> 0 | Y47: =SUM(Y45:Y46) -> 0 | ... AH47: =SUM(AH45:AH46) -> 0 | AI47: =IF(ISERROR(AH47/J47),0,AH47/J47) -> 0 | AJ47: =IF(ISERROR(AH47/$AH$75),0,AH47/$AH$75) -> 0
A48: AYSÉN
A49: 1 | U49: =SUM(R49:T49) -> 0 | Y49: =SUM(V49:X49) -> 0 | AC49: =SUM(Z49:AB49) -> 0 | AG49: =SUM(AD49:AF49) -> 0 | AH49: =SUM(U49,Y49,AC49,AG49) -> 0 | AI49: =IF(ISERROR(AH49/J49),0,AH49/J49) -> 0 | AJ49: =IF(ISERROR(AH49/$AH$75),"-",AH49/$AH$75) -> 0
A50: 2 | U50: =SUM(R50:T50) -> 0 | Y50: =SUM(V50:X50) -> 0 | AC50: =SUM(Z50:AB50) -> 0 | AG50: =SUM(AD50:AF50) -> 0 | AH50: =SUM(U50,Y50,AC50,AG50) -> 0 | AI50: =IF(ISERROR(AH50/J50),0,AH50/J50) -> 0 | AJ50: =IF(ISERROR(AH50/$AH$75),"-",AH50/$AH$75) -> 0
A51: TOTAL REGIÓN AYSÉN DEL GENERAL CARLOS IBAÑEZ DEL CAMPO | J51: =J49 -> 0 | K51: 0 | M51: =SUM(M49:M50) -> 0 | N51: =SUM(N49:N50) -> 0 | O51: =SUM(O49:O50) -> 0 | R51: =SUM(R49:R50) -> 0 | S51: =SUM(S49:S50) -> 0 | T51: =SUM(T49:T50) -> 0 | U51: =SUM(U49:U50) -> 0 | V51: =SUM(V49:V50) -> 0 | W51: =SUM(W49:W50) -> 0 | X51: =SUM(X49:X50) -> 0 | Y51: =SUM(Y49:Y50) -> 0 | ... AH51: =SUM(AH49:AH50) -> 0 | AI51: =IF(ISERROR(AH51/J51),0,AH51/J51) -> 0 | AJ51: =IF(ISERROR(AH51/$AH$75),0,AH51/$AH$75) -> 0
A52: MAGALLANES
A53: 1 | U53: =SUM(R53:T53) -> 0 | Y53: =SUM(V53:X53) -> 0 | AC53: =SUM(Z53:AB53) -> 0 | AG53: =SUM(AD53:AF53) -> 0 | AH53: =SUM(U53,Y53,AC53,AG53) -> 0 | AI53: =IF(ISERROR(AH53/J53),0,AH53/J53) -> 0 | AJ53: =IF(ISERROR(AH53/$AH$75),"-",AH53/$AH$75) -> 0
A54: 2 | U54: =SUM(R54:T54) -> 0 | Y54: =SUM(V54:X54) -> 0 | AC54: =SUM(Z54:AB54) -> 0 | AG54: =SUM(AD54:AF54) -> 0 | AH54: =SUM(U54,Y54,AC54,AG54) -> 0 | AI54: =IF(ISERROR(AH54/J54),0,AH54/J54) -> 0 | AJ54: =IF(ISERROR(AH54/$AH$75),"-",AH54/$AH$75) -> 0
A55: TOTAL REGIÓN DE MAGALLANES Y ANTÁRTICA CHILENA | J55: =SUM(J53:J54) -> 0 | K55: =SUM(K53:K54) -> 0 | M55: =SUM(M53:M54) -> 0 | N55: =SUM(N53:N54) -> 0 | O55: =SUM(O53:O54) -> 0 | R55: =SUM(R53:R54) -> 0 | S55: =SUM(S53:S54) -> 0 | T55: =SUM(T53:T54) -> 0 | U55: =SUM(U53:U54) -> 0 | V55: =SUM(V53:V54) -> 0 | W55: =SUM(W53:W54) -> 0 | X55: =SUM(X53:X54) -> 0 | Y55: =SUM(Y53:Y54) -> 0 | ... AH55: =SUM(AH53:AH54) -> 0 | AI55: =IF(ISERROR(AH55/J55),0,AH55/J55) -> 0 | AJ55: =IF(ISERROR(AH55/$AH$75),0,AH55/$AH$75) -> 0
A56: LOS RÍOS
A57: 1 | U57: =SUM(R57:T57) -> 0 | Y57: =SUM(V57:X57) -> 0 | AC57: =SUM(Z57:AB57) -> 0 | AG57: =SUM(AD57:AF57) -> 0 | AH57: =SUM(U57,Y57,AC57,AG57) -> 0 | AI57: =IF(ISERROR(AH57/J57),0,AH57/J57) -> 0 | AJ57: =IF(ISERROR(AH57/$AH$75),"-",AH57/$AH$75) -> 0
A58: 2 | U58: =SUM(R58:T58) -> 0 | Y58: =SUM(V58:X58) -> 0 | AC58: =SUM(Z58:AB58) -> 0 | AG58: =SUM(AD58:AF58) -> 0 | AH58: =SUM(U58,Y58,AC58,AG58) -> 0 | AI58: =IF(ISERROR(AH58/J58),0,AH58/J58) -> 0 | AJ58: =IF(ISERROR(AH58/$AH$75),"-",AH58/$AH$75) -> 0
A59: TOTAL REGIÓN DE LOS RÍOS | J59: =SUM(J57:J58) -> 0 | K59: =SUM(K57:K58) -> 0 | M59: =SUM(M57:M58) -> 0 | N59: =SUM(N57:N58) -> 0 | O59: =SUM(O57:O58) -> 0 | R59: =SUM(R57:R58) -> 0 | S59: =SUM(S57:S58) -> 0 | T59: =SUM(T57:T58) -> 0 | U59: =SUM(U57:U58) -> 0 | V59: =SUM(V57:V58) -> 0 | W59: =SUM(W57:W58) -> 0 | X59: =SUM(X57:X58) -> 0 | Y59: =SUM(Y57:Y58) -> 0 | ... AH59: =SUM(AH57:AH58) -> 0 | AI59: =IF(ISERROR(AH59/J59),0,AH59/J59) -> 0 | AJ59: =IF(ISERROR(AH59/$AH$75),0,AH59/$AH$75) -> 0
A60: ARICA Y PARINACOTA
A61: 1 | U61: =SUM(R61:T61) -> 0 | Y61: =SUM(V61:X61) -> 0 | AC61: =SUM(Z61:AB61) -> 0 | AG61: =SUM(AD61:AF61) -> 0 | AH61: =SUM(U61,Y61,AC61,AG61) -> 0 | AI61: =IF(ISERROR(AH61/J61),0,AH61/J61) -> 0 | AJ61: =IF(ISERROR(AH61/$AH$75),"-",AH61/$AH$75) -> 0
A62: 2 | U62: =SUM(R62:T62) -> 0 | Y62: =SUM(V62:X62) -> 0 | AC62: =SUM(Z62:AB62) -> 0 | AG62: =SUM(AD62:AF62) -> 0 | AH62: =SUM(U62,Y62,AC62,AG62) -> 0 | AI62: =IF(ISERROR(AH62/J62),0,AH62/J62) -> 0 | AJ62: =IF(ISERROR(AH62/$AH$75),"-",AH62/$AH$75) -> 0
A63: TOTAL REGIÓN DE ARICA Y PARINACOTA | J63: =SUM(J61:J62) -> 0 | K63: =SUM(K61:K62) -> 0 | M63: =SUM(M61:M62) -> 0 | N63: =SUM(N61:N62) -> 0 | O63: =SUM(O61:O62) -> 0 | R63: =SUM(R61:R62) -> 0 | S63: =SUM(S61:S62) -> 0 | T63: =SUM(T61:T62) -> 0 | U63: =SUM(U61:U62) -> 0 | V63: =SUM(V61:V62) -> 0 | W63: =SUM(W61:W62) -> 0 | X63: =SUM(X61:X62) -> 0 | Y63: =SUM(Y61:Y62) -> 0 | ... AH63: =SUM(AH61:AH62) -> 0 | AI63: =IF(ISERROR(AH63/J63),0,AH63/J63) -> 0 | AJ63: =IF(ISERROR(AH63/$AH$75),0,AH63/$AH$75) -> 0
A64: ÑUBLE
A65: 1 | U65: =SUM(R65:T65) -> 0 | Y65: =SUM(V65:X65) -> 0 | AC65: =SUM(Z65:AB65) -> 0 | AG65: =SUM(AD65:AF65) -> 0 | AH65: =SUM(U65,Y65,AC65,AG65) -> 0 | AI65: =IF(ISERROR(AH65/J65),0,AH65/J65) -> 0 | AJ65: =IF(ISERROR(AH65/$AH$75),"-",AH65/$AH$75) -> 0
A66: 2 | U66: =SUM(R66:T66) -> 0 | Y66: =SUM(V66:X66) -> 0 | AC66: =SUM(Z66:AB66) -> 0 | AG66: =SUM(AD66:AF66) -> 0 | AH66: =SUM(U66,Y66,AC66,AG66) -> 0 | AI66: =IF(ISERROR(AH66/J66),0,AH66/J66) -> 0 | AJ66: =IF(ISERROR(AH66/$AH$75),"-",AH66/$AH$75) -> 0
A67: TOTAL REGIÓN DEL ÑUBLE | J67: =SUM(J65:J66) -> 0 | K67: =SUM(K65:K66) -> 0 | M67: =SUM(M65:M66) -> 0 | N67: =SUM(N65:N66) -> 0 | O67: =SUM(O65:O66) -> 0 | R67: =SUM(R65:R66) -> 0 | S67: =SUM(S65:S66) -> 0 | T67: =SUM(T65:T66) -> 0 | U67: =SUM(U65:U66) -> 0 | V67: =SUM(V65:V66) -> 0 | W67: =SUM(W65:W66) -> 0 | X67: =SUM(X65:X66) -> 0 | Y67: =SUM(Y65:Y66) -> 0 | ... AH67: =SUM(AH65:AH66) -> 0 | AI67: =IF(ISERROR(AH67/J67),0,AH67/J67) -> 0 | AJ67: =IF(ISERROR(AH67/$AH$75),0,AH67/$AH$75) -> 0
A68: METROPOLITANA
A69: 1 | U69: =SUM(R69:T69) -> 0 | Y69: =SUM(V69:X69) -> 0 | AC69: =SUM(Z69:AB69) -> 0 | AG69: =SUM(AD69:AF69) -> 0 | AH69: =SUM(U69,Y69,AC69,AG69) -> 0 | AI69: =IF(ISERROR(AH69/J69),0,AH69/J69) -> 0 | AJ69: =IF(ISERROR(AH69/$AH$75),"-",AH69/$AH$75) -> 0
A70: 2 | U70: =SUM(R70:T70) -> 0 | Y70: =SUM(V70:X70) -> 0 | AC70: =SUM(Z70:AB70) -> 0 | AG70: =SUM(AD70:AF70) -> 0 | AH70: =SUM(U70,Y70,AC70,AG70) -> 0 | AI70: =IF(ISERROR(AH70/J70),0,AH70/J70) -> 0 | AJ70: =IF(ISERROR(AH70/$AH$75),"-",AH70/$AH$75) -> 0
A71: TOTAL REGIÓN METROPOLITANA | J71: =SUM(J69:J70) -> 0 | K71: =SUM(K69:K70) -> 0 | M71: =SUM(M69:M70) -> 0 | N71: =SUM(N69:N70) -> 0 | O71: =SUM(O69:O70) -> 0 | R71: =SUM(R69:R70) -> 0 | S71: =SUM(S69:S70) -> 0 | T71: =SUM(T69:T70) -> 0 | U71: =SUM(U69:U70) -> 0 | V71: =SUM(V69:V70) -> 0 | W71: =SUM(W69:W70) -> 0 | X71: =SUM(X69:X70) -> 0 | Y71: =SUM(Y69:Y70) -> 0 | ... AH71: =SUM(AH69:AH70) -> 0 | AI71: =IF(ISERROR(AH71/J71),0,AH71/J71) -> 0 | AJ71: =IF(ISERROR(AH71/$AH$75),0,AH71/$AH$75) -> 0
A72: NIVEL CENTRAL | J72: 42048961000
A73: 1 | C73: REX. N° 014 | D73: 46055 | E73: FONDO DE SOLIDARIDAD E INVERSION SOCIAL | F73: ACOMPAÑAMIENTO FAMILIAR Y COMUNITARIO | G73: 24-02-014 | K73: 42048961000 | R73: 9274467640 | U73: =SUM(R73:T73) -> 9274467640 | V73: 9659799220 | X73: 15542061035 | Y73: =SUM(V73:X73) -> 25201860255 | AC73: =SUM(Z73:AB73) -> 0 | AE73: 0 | AF73: 0 | AG73: =SUM(AD73:AF73) -> 0 | AH73: =SUM(U73,Y73,AC73,AG73) -> 34476327895 | AI73: =IF(ISERROR(AH73/J72),0,AH73/J72) -> 0.81990915 | AJ73: =IF(ISERROR(AH73/$AH$75),"-",AH73/$AH$75) -> 1
A74: TOTAL NIVEL CENTRAL | J74: =J72 -> 42048961000 | K74: =SUM(K73:K73) -> 42048961000 | M74: =SUM(M73:M73) -> 0 | N74: =SUM(N73:N73) -> 0 | O74: =SUM(O73:O73) -> 0 | R74: =SUM(R73:R73) -> 9274467640 | S74: =SUM(S73:S73) -> 0 | T74: =SUM(T73:T73) -> 0 | U74: =SUM(U73:U73) -> 9274467640 | V74: =SUM(V73:V73) -> 9659799220 | W74: =SUM(W73:W73) -> 0 | X74: =SUM(X73:X73) -> 15542061035 | Y74: =SUM(Y73:Y73) -> 25201860255 | AA74: =SUM(AA73:AA73) -> 0 | AB74: =SUM(AB73:AB73) -> 0 | AC74: =SUM(AC73:AC73) -> 0 | AD74: =SUM(AD73:AD73) -> 0 | AE74: =SUM(AE73:AE73) -> 0 | AF74: =SUM(AF73:AF73) -> 0 | AG74: =SUM(AG73:AG73) -> 0 | AH74: =SUM(AH73:AH73) -> 34476327895 | AI74: =IF(ISERROR(AH74/J74),0,AH74/J74) -> 0.81990915 | AJ74: =IF(ISERROR(AH74/$AH$75),0,AH74/$AH$75) -> 1
A75: ="TOTAL ASIG."&" "&$A$5 -> TOTAL ASIG. 24-02-014 "Fondo de Solidaridad e Inversión Social" | J75: =SUM(J11,J15,J19,J23,J27,J31,J35,J39,J43,J47,J51,J55,J59,J63,J67,J71,J74) -> 42048961000 | K75: =SUM(K11,K15,K19,K23,K27,K31,K35,K39,K43,K47,K51,K55,K59,K63,K67,K71,K74) -> 42048961000 | L75: =SUM(L11,L15,L19,L23,L27,L31,L35,L39,L43,L47,L51,L55,L59,L63,L67,L71,L74) -> 0 | M75: =SUM(M11,M15,M19,M23,M27,M31,M35,M39,M43,M47,M51,M55,M59,M63,M67,M71,M74) -> 0 | N75: =SUM(N11,N15,N19,N23,N27,N31,N35,N39,N43,N47,N51,N55,N59,N63,N67,N71,N74) -> 0 | O75: =SUM(O11,O15,O19,O23,O27,O31,O35,O39,O43,O47,O51,O55,O59,O63,O67,O71,O74) -> 0 | P75: =SUM(P11,P15,P19,P23,P27,P31,P35,P39,P43,P47,P51,P55,P59,P63,P67,P71,P74) -> 0 | Q75: =SUM(Q11,Q15,Q19,Q23,Q27,Q31,Q35,Q39,Q43,Q47,Q51,Q55,Q59,Q63,Q67,Q71,Q74) -> 0 | ... AH75: =SUM(AH11,AH15,AH19,AH23,AH27,AH31,AH35,AH39,AH43,AH47,AH51,AH55,AH59,AH63,AH67,AH71,AH74) -> 34476327895 | AI75: =IF(ISERROR(AH75/J75),0,AH75/J75) -> 0.81990915 | AJ75: =IF(ISERROR(AH75/$AH$75),0,AH75/$AH$75) -> 1

Sheet 24-02-014 Res. FOSIS
A1: PARTIDA 21-01-05 "INGRESO ÉTICO FAMILIAR Y SISTEMA CHILE SOLIDARIO"
A2: INFORME POR PROGRAMA Y REGIÓN
A3: EJECUCIÓN AL 30 SEPTIEMBRE DE 2026
A4: En pesos
A5: 24-02-014 "Fondo de Solidaridad e Inversión Social"
A6: REGION | B6: Presupuesto por región | C6: Total Convenios | D6: Beneficiarios | G6: EJECUCION DEVENGADA | J6: 1er. Trimestre | K6: EJECUCION DEVENGADA | N6: 2do. Trimestre | O6: EJECUCION DEVENGADA | R6: 3er. Trimestre | S6: EJECUCION DEVENGADA | V6: 4to. Trimestre | W6: Total Anual | X6: Porcentaje de:
D7: Cobertura | E7: Universo | F7: Tipo de Beneficiarios | G7: Enero | H7: Febrero | I7: Marzo | K7: Abril | L7: Mayo | M7: Junio | O7: Julio | P7: Agosto | Q7: Septiembre | S7: Octubre | T7: Noviembre | U7: Diciembre | X7: Ejecución | Y7: Participación del Gasto
A8: TARAPACÁ | B8: =+'24-02-014 Ind. FOSIS'!J11 -> 0 | C8: =+'24-02-014 Ind. FOSIS'!K11 -> 0 | D8: =+'24-02-014 Ind. FOSIS'!M11 -> 0 | E8: =+'24-02-014 Ind. FOSIS'!N11 -> 0 | F8: =+'24-02-014 Ind. FOSIS'!O11 -> 0 | G8: =+'24-02-014 Ind. FOSIS'!R11 -> 0 | H8: =+'24-02-014 Ind. FOSIS'!S11 -> 0 | I8: =+'24-02-014 Ind. FOSIS'!T11 -> 0 | J8: =+'24-02-014 Ind. FOSIS'!U11 -> 0 | K8: =+'24-02-014 Ind. FOSIS'!V11 -> 0 | L8: =+'24-02-014 Ind. FOSIS'!W11 -> 0 | M8: =+'24-02-014 Ind. FOSIS'!X11 -> 0 | N8: =+'24-02-014 Ind. FOSIS'!Y11 -> 0 | ... Y8: =+'24-02-014 Ind. FOSIS'!AJ11 -> 0
A9: ANTOFAGASTA | B9: =+'24-02-014 Ind. FOSIS'!J15 -> 0 | C9: =+'24-02-014 Ind. FOSIS'!K15 -> 0 | D9: =+'24-02-014 Ind. FOSIS'!M15 -> 0 | E9: =+'24-02-014 Ind. FOSIS'!N15 -> 0 | F9: =+'24-02-014 Ind. FOSIS'!O15 -> 0 | G9: =+'24-02-014 Ind. FOSIS'!R15 -> 0 | H9: =+'24-02-014 Ind. FOSIS'!S15 -> 0 | I9: =+'24-02-014 Ind. FOSIS'!T15 -> 0 | J9: =+'24-02-014 Ind. FOSIS'!U15 -> 0 | K9: =+'24-02-014 Ind. FOSIS'!V15 -> 0 | L9: =+'24-02-014 Ind. FOSIS'!W15 -> 0 | M9: =+'24-02-014 Ind. FOSIS'!X15 -> 0 | N9: =+'24-02-014 Ind. FOSIS'!Y15 -> 0 | ... Y9: =+'24-02-014 Ind. FOSIS'!AJ15 -> 0
A10: ATACAMA | B10: =+'24-02-014 Ind. FOSIS'!J19 -> 0 | C10: =+'24-02-014 Ind. FOSIS'!K19 -> 0 | D10: =+'24-02-014 Ind. FOSIS'!M19 -> 0 | E10: =+'24-02-014 Ind. FOSIS'!N19 -> 0 | F10: =+'24-02-014 Ind. FOSIS'!O19 -> 0 | G10: =+'24-02-014 Ind. FOSIS'!R19 -> 0 | H10: =+'24-02-014 Ind. FOSIS'!S19 -> 0 | I10: =+'24-02-014 Ind. FOSIS'!T19 -> 0 | J10: =+'24-02-014 Ind. FOSIS'!U19 -> 0 | K10: =+'24-02-014 Ind. FOSIS'!V19 -> 0 | L10: =+'24-02-014 Ind. FOSIS'!W19 -> 0 | M10: =+'24-02-014 Ind. FOSIS'!X19 -> 0 | N10: =+'24-02-014 Ind. FOSIS'!Y19 -> 0 | ... Y10: =+'24-02-014 Ind. FOSIS'!AJ19 -> 0
A11: COQUIMBO | B11: =+'24-02-014 Ind. FOSIS'!J23 -> 0 | C11: =+'24-02-014 Ind. FOSIS'!K23 -> 0 | D11: =+'24-02-014 Ind. FOSIS'!M23 -> 0 | E11: =+'24-02-014 Ind. FOSIS'!N23 -> 0 | F11: =+'24-02-014 Ind. FOSIS'!O23 -> 0 | G11: =+'24-02-014 Ind. FOSIS'!R23 -> 0 | H11: =+'24-02-014 Ind. FOSIS'!S23 -> 0 | I11: =+'24-02-014 Ind. FOSIS'!T23 -> 0 | J11: =+'24-02-014 Ind. FOSIS'!U23 -> 0 | K11: =+'24-02-014 Ind. FOSIS'!V23 -> 0 | L11: =+'24-02-014 Ind. FOSIS'!W23 -> 0 | M11: =+'24-02-014 Ind. FOSIS'!X23 -> 0 | N11: =+'24-02-014 Ind. FOSIS'!Y23 -> 0 | ... Y11: =+'24-02-014 Ind. FOSIS'!AJ23 -> 0
A12: VALPARAÍSO | B12: =+'24-02-014 Ind. FOSIS'!J27 -> 0 | C12: =+'24-02-014 Ind. FOSIS'!K27 -> 0 | D12: =+'24-02-014 Ind. FOSIS'!M27 -> 0 | E12: =+'24-02-014 Ind. FOSIS'!N27 -> 0 | F12: =+'24-02-014 Ind. FOSIS'!O27 -> 0 | G12: =+'24-02-014 Ind. FOSIS'!R27 -> 0 | H12: =+'24-02-014 Ind. FOSIS'!S27 -> 0 | I12: =+'24-02-014 Ind. FOSIS'!T27 -> 0 | J12: =+'24-02-014 Ind. FOSIS'!U27 -> 0 | K12: =+'24-02-014 Ind. FOSIS'!V27 -> 0 | L12: =+'24-02-014 Ind. FOSIS'!W27 -> 0 | M12: =+'24-02-014 Ind. FOSIS'!X27 -> 0 | N12: =+'24-02-014 Ind. FOSIS'!Y27 -> 0 | ... Y12: =+'24-02-014 Ind. FOSIS'!AJ27 -> 0
A13: LIBERTADOR B. O HIGGINS | B13: =+'24-02-014 Ind. FOSIS'!J31 -> 0 | C13: =+'24-02-014 Ind. FOSIS'!K31 -> 0 | D13: =+'24-02-014 Ind. FOSIS'!M31 -> 0 | E13: =+'24-02-014 Ind. FOSIS'!N31 -> 0 | F13: =+'24-02-014 Ind. FOSIS'!O31 -> 0 | G13: =+'24-02-014 Ind. FOSIS'!R31 -> 0 | H13: =+'24-02-014 Ind. FOSIS'!S31 -> 0 | I13: =+'24-02-014 Ind. FOSIS'!T31 -> 0 | J13: =+'24-02-014 Ind. FOSIS'!U31 -> 0 | K13: =+'24-02-014 Ind. FOSIS'!V31 -> 0 | L13: =+'24-02-014 Ind. FOSIS'!W31 -> 0 | M13: =+'24-02-014 Ind. FOSIS'!X31 -> 0 | N13: =+'24-02-014 Ind. FOSIS'!Y31 -> 0 | ... Y13: =+'24-02-014 Ind. FOSIS'!AJ31 -> 0
A14: MAULE | B14: =+'24-02-014 Ind. FOSIS'!J35 -> 0 | C14: =+'24-02-014 Ind. FOSIS'!K35 -> 0 | D14: =+'24-02-014 Ind. FOSIS'!M35 -> 0 | E14: =+'24-02-014 Ind. FOSIS'!N35 -> 0 | F14: =+'24-02-014 Ind. FOSIS'!O35 -> 0 | G14: =+'24-02-014 Ind. FOSIS'!R35 -> 0 | H14: =+'24-02-014 Ind. FOSIS'!S35 -> 0 | I14: =+'24-02-014 Ind. FOSIS'!T35 -> 0 | J14: =+'24-02-014 Ind. FOSIS'!U35 -> 0 | K14: =+'24-02-014 Ind. FOSIS'!V35 -> 0 | L14: =+'24-02-014 Ind. FOSIS'!W35 -> 0 | M14: =+'24-02-014 Ind. FOSIS'!X35 -> 0 | N14: =+'24-02-014 Ind. FOSIS'!Y35 -> 0 | ... Y14: =+'24-02-014 Ind. FOSIS'!AJ35 -> 0
A15: BIOBÍO | B15: =+'24-02-014 Ind. FOSIS'!J39 -> 0 | C15: =+'24-02-014 Ind. FOSIS'!K39 -> 0 | D15: =+'24-02-014 Ind. FOSIS'!M39 -> 0 | E15: =+'24-02-014 Ind. FOSIS'!N39 -> 0 | F15: =+'24-02-014 Ind. FOSIS'!O39 -> 0 | G15: =+'24-02-014 Ind. FOSIS'!R39 -> 0 | H15: =+'24-02-014 Ind. FOSIS'!S39 -> 0 | I15: =+'24-02-014 Ind. FOSIS'!T39 -> 0 | J15: =+'24-02-014 Ind. FOSIS'!U39 -> 0 | K15: =+'24-02-014 Ind. FOSIS'!V39 -> 0 | L15: =+'24-02-014 Ind. FOSIS'!W39 -> 0 | M15: =+'24-02-014 Ind. FOSIS'!X39 -> 0 | N15: =+'24-02-014 Ind. FOSIS'!Y39 -> 0 | ... Y15: =+'24-02-014 Ind. FOSIS'!AJ39 -> 0
A16: ARAUCANÍA | B16: =+'24-02-014 Ind. FOSIS'!J43 -> 0 | C16: =+'24-02-014 Ind. FOSIS'!K43 -> 0 | D16: =+'24-02-014 Ind. FOSIS'!M43 -> 0 | E16: =+'24-02-014 Ind. FOSIS'!N43 -> 0 | F16: =+'24-02-014 Ind. FOSIS'!O43 -> 0 | G16: =+'24-02-014 Ind. FOSIS'!R43 -> 0 | H16: =+'24-02-014 Ind. FOSIS'!S43 -> 0 | I16: =+'24-02-014 Ind. FOSIS'!T43 -> 0 | J16: =+'24-02-014 Ind. FOSIS'!U43 -> 0 | K16: =+'24-02-014 Ind. FOSIS'!V43 -> 0 | L16: =+'24-02-014 Ind. FOSIS'!W43 -> 0 | M16: =+'24-02-014 Ind. FOSIS'!X43 -> 0 | N16: =+'24-02-014 Ind. FOSIS'!Y43 -> 0 | ... Y16: =+'24-02-014 Ind. FOSIS'!AJ43 -> 0
A17: LOS LAGOS | B17: =+'24-02-014 Ind. FOSIS'!J47 -> 0 | C17: =+'24-02-014 Ind. FOSIS'!K47 -> 0 | D17: =+'24-02-014 Ind. FOSIS'!M47 -> 0 | E17: =+'24-02-014 Ind. FOSIS'!N47 -> 0 | F17: =+'24-02-014 Ind. FOSIS'!O47 -> 0 | G17: =+'24-02-014 Ind. FOSIS'!R47 -> 0 | H17: =+'24-02-014 Ind. FOSIS'!S47 -> 0 | I17: =+'24-02-014 Ind. FOSIS'!T47 -> 0 | J17: =+'24-02-014 Ind. FOSIS'!U47 -> 0 | K17: =+'24-02-014 Ind. FOSIS'!V47 -> 0 | L17: =+'24-02-014 Ind. FOSIS'!W47 -> 0 | M17: =+'24-02-014 Ind. FOSIS'!X47 -> 0 | N17: =+'24-02-014 Ind. FOSIS'!Y47 -> 0 | ... X17: =+'24-02-014 Ind. FOSIS'!AI47 -> 0 | Y17: =+'24-02-014 Ind. FOSIS'!AJ44 -> 0
A18: AYSÉN | B18: =+'24-02-014 Ind. FOSIS'!J51 -> 0 | C18: =+'24-02-014 Ind. FOSIS'!K51 -> 0 | D18: =+'24-02-014 Ind. FOSIS'!M51 -> 0 | E18: =+'24-02-014 Ind. FOSIS'!N51 -> 0 | F18: =+'24-02-014 Ind. FOSIS'!O51 -> 0 | G18: =+'24-02-014 Ind. FOSIS'!R51 -> 0 | H18: =+'24-02-014 Ind. FOSIS'!S51 -> 0 | I18: =+'24-02-014 Ind. FOSIS'!T51 -> 0 | J18: =+'24-02-014 Ind. FOSIS'!U51 -> 0 | K18: =+'24-02-014 Ind. FOSIS'!V51 -> 0 | L18: =+'24-02-014 Ind. FOSIS'!W51 -> 0 | M18: =+'24-02-014 Ind. FOSIS'!X51 -> 0 | N18: =+'24-02-014 Ind. FOSIS'!Y51 -> 0 | ... Y18: =+'24-02-014 Ind. FOSIS'!AJ51 -> 0
A19: MAGALLANES | B19: =+'24-02-014 Ind. FOSIS'!J55 -> 0 | C19: =+'24-02-014 Ind. FOSIS'!K55 -> 0 | D19: =+'24-02-014 Ind. FOSIS'!M55 -> 0 | E19: =+'24-02-014 Ind. FOSIS'!N55 -> 0 | F19: =+'24-02-014 Ind. FOSIS'!O55 -> 0 | G19: =+'24-02-014 Ind. FOSIS'!R55 -> 0 | H19: =+'24-02-014 Ind. FOSIS'!S55 -> 0 | I19: =+'24-02-014 Ind. FOSIS'!T55 -> 0 | J19: =+'24-02-014 Ind. FOSIS'!U55 -> 0 | K19: =+'24-02-014 Ind. FOSIS'!V55 -> 0 | L19: =+'24-02-014 Ind. FOSIS'!W55 -> 0 | M19: =+'24-02-014 Ind. FOSIS'!X55 -> 0 | N19: =+'24-02-014 Ind. FOSIS'!Y55 -> 0 | ... Y19: =+'24-02-014 Ind. FOSIS'!AJ55 -> 0
A20: LOS RÍOS | B20: =+'24-02-014 Ind. FOSIS'!J59 -> 0 | C20: =+'24-02-014 Ind. FOSIS'!K59 -> 0 | D20: =+'24-02-014 Ind. FOSIS'!M59 -> 0 | E20: =+'24-02-014 Ind. FOSIS'!N59 -> 0 | F20: =+'24-02-014 Ind. FOSIS'!O59 -> 0 | G20: =+'24-02-014 Ind. FOSIS'!R59 -> 0 | H20: =+'24-02-014 Ind. FOSIS'!S59 -> 0 | I20: =+'24-02-014 Ind. FOSIS'!T59 -> 0 | J20: =+'24-02-014 Ind. FOSIS'!U59 -> 0 | K20: =+'24-02-014 Ind. FOSIS'!V59 -> 0 | L20: =+'24-02-014 Ind. FOSIS'!W59 -> 0 | M20: =+'24-02-014 Ind. FOSIS'!X59 -> 0 | N20: =+'24-02-014 Ind. FOSIS'!Y59 -> 0 | ... Y20: =+'24-02-014 Ind. FOSIS'!AJ59 -> 0
A21: ARICA Y PARINACOTA | B21: =+'24-02-014 Ind. FOSIS'!J63 -> 0 | C21: =+'24-02-014 Ind. FOSIS'!K63 -> 0 | D21: =+'24-02-014 Ind. FOSIS'!M63 -> 0 | E21: =+'24-02-014 Ind. FOSIS'!N63 -> 0 | F21: =+'24-02-014 Ind. FOSIS'!O63 -> 0 | G21: =+'24-02-014 Ind. FOSIS'!R63 -> 0 | H21: =+'24-02-014 Ind. FOSIS'!S63 -> 0 | I21: =+'24-02-014 Ind. FOSIS'!T63 -> 0 | J21: =+'24-02-014 Ind. FOSIS'!U63 -> 0 | K21: =+'24-02-014 Ind. FOSIS'!V63 -> 0 | L21: =+'24-02-014 Ind. FOSIS'!W63 -> 0 | M21: =+'24-02-014 Ind. FOSIS'!X63 -> 0 | N21: =+'24-02-014 Ind. FOSIS'!Y63 -> 0 | ... Y21: =+'24-02-014 Ind. FOSIS'!AJ63 -> 0
A22: ÑUBLE | B22: =+'24-02-014 Ind. FOSIS'!J67 -> 0 | C22: =+'24-02-014 Ind. FOSIS'!K67 -> 0 | D22: =+'24-02-014 Ind. FOSIS'!M64 -> 0 | E22: =+'24-02-014 Ind. FOSIS'!N64 -> 0 | F22: =+'24-02-014 Ind. FOSIS'!O64 -> 0 | G22: =+'24-02-014 Ind. FOSIS'!R64 -> 0 | H22: =+'24-02-014 Ind. FOSIS'!S64 -> 0 | I22: =+'24-02-014 Ind. FOSIS'!T64 -> 0 | J22: =+'24-02-014 Ind. FOSIS'!U67 -> 0 | K22: =+'24-02-014 Ind. FOSIS'!V64 -> 0 | L22: =+'24-02-014 Ind. FOSIS'!W64 -> 0 | M22: =+'24-02-014 Ind. FOSIS'!X64 -> 0 | N22: =+'24-02-014 Ind. FOSIS'!Y67 -> 0 | O22: =+'24-02-014 Ind. FOSIS'!Z64 -> 0 | P22: =+'24-02-014 Ind. FOSIS'!AA64 -> 0 | Q22: =+'24-02-014 Ind. FOSIS'!AB64 -> 0 | R22: =+'24-02-014 Ind. FOSIS'!AC67 -> 0 | S22: =+'24-02-014 Ind. FOSIS'!AD64 -> 0 | T22: =+'24-02-014 Ind. FOSIS'!AE64 -> 0 | U22: =+'24-02-014 Ind. FOSIS'!AF64 -> 0 | V22: =+'24-02-014 Ind. FOSIS'!AG67 -> 0 | W22: =+'24-02-014 Ind. FOSIS'!AH67 -> 0 | X22: =+'24-02-014 Ind. FOSIS'!AI67 -> 0 | Y22: =+'24-02-014 Ind. FOSIS'!AJ67 -> 0
A23: METROPOLITANA | B23: =+'24-02-014 Ind. FOSIS'!J71 -> 0 | C23: =+'24-02-014 Ind. FOSIS'!K71 -> 0 | D23: =+'24-02-014 Ind. FOSIS'!M71 -> 0 | E23: =+'24-02-014 Ind. FOSIS'!N71 -> 0 | F23: =+'24-02-014 Ind. FOSIS'!O71 -> 0 | G23: =+'24-02-014 Ind. FOSIS'!R71 -> 0 | H23: =+'24-02-014 Ind. FOSIS'!S71 -> 0 | I23: =+'24-02-014 Ind. FOSIS'!T71 -> 0 | J23: =+'24-02-014 Ind. FOSIS'!U71 -> 0 | K23: =+'24-02-014 Ind. FOSIS'!V71 -> 0 | L23: =+'24-02-014 Ind. FOSIS'!W71 -> 0 | M23: =+'24-02-014 Ind. FOSIS'!X71 -> 0 | N23: =+'24-02-014 Ind. FOSIS'!Y71 -> 0 | ... Y23: =+'24-02-014 Ind. FOSIS'!AJ71 -> 0
A24: NIVEL CENTRAL | B24: =+'24-02-014 Ind. FOSIS'!J74 -> 42048961000 | C24: =+'24-02-014 Ind. FOSIS'!K74 -> 42048961000 | D24: =+'24-02-014 Ind. FOSIS'!M74 -> 0 | E24: =+'24-02-014 Ind. FOSIS'!N74 -> 0 | F24: =+'24-02-014 Ind. FOSIS'!O74 -> 0 | G24: =+'24-02-014 Ind. FOSIS'!R74 -> 9274467640 | H24: =+'24-02-014 Ind. FOSIS'!S74 -> 0 | I24: =+'24-02-014 Ind. FOSIS'!T74 -> 0 | J24: =+'24-02-014 Ind. FOSIS'!U74 -> 9274467640 | K24: =+'24-02-014 Ind. FOSIS'!V74 -> 9659799220 | L24: =+'24-02-014 Ind. FOSIS'!W74 -> 0 | M24: =+'24-02-014 Ind. FOSIS'!X74 -> 15542061035 | N24: =+'24-02-014 Ind. FOSIS'!Y74 -> 25201860255 | ... Y24: =+'24-02-014 Ind. FOSIS'!AJ74 -> 1
A25: ="TOTAL ASIG."&" "&$A$5 -> TOTAL ASIG. 24-02-014 "Fondo de Solidaridad e Inversión Social" | B25: =SUM(B8:B24) -> 42048961000 | C25: =SUM(C8:C24) -> 42048961000 | D25: =SUM(D8:D24) -> 0 | E25: =SUM(E8:E24) -> 0 | F25: =SUM(F8:F24) -> 0 | G25: =SUM(G8:G24) -> 9274467640 | H25: =SUM(H8:H24) -> 0 | I25: =SUM(I8:I24) -> 0 | ... W25: =SUM(W8:W24) -> 34476327895 | X25: =+'24-02-014 Ind. FOSIS'!AI75 -> 0.81990915 | Y25: ='24-02-014 Ind. FOSIS'!AJ75 -> 1

Sheet 24-02-015 Ind. INTEGRA
A1: PARTIDA 21-01-05 "INGRESO ÉTICO FAMILIAR Y SISTEMA CHILE SOLIDARIO"
A2: INFORME POR PROGRAMA Y REGIÓN
A3: EJECUCIÓN AL 30 SEPTIEMBRE DE 2026
A4: En pesos
A5: 24-02-015 "INTEGRA - Subsecretaria de Educación Parvularia"
A6: Nº | B6: Código Proyecto | C6: REGION | D6: Fecha | E6: Nombre y Razón Social del Ejecutor | F6: Denominación del Programa- Convenio o Transferencia | G6: Modalidad de Asignación | H6: Vigencia del Convenio | J6: Presupuesto por región | K6: Monto del convenio | L6: Productos/y/o Actividades | M6: Beneficiarios | P6: Modalidad de Pago | Q6: Observaciones | R6: EJECUCION DEVENGADA | U6: 1er. Trimestre | V6: EJECUCION DEVENGADA | Y6: 2do. Trimestre | Z6: EJECUCION DEVENGADA | AC6: 3er. Trimestre | AD6: EJECUCION DEVENGADA | AG6: 4to. Trimestre | AH6: Total Anual | AI6: Porcentaje de Participación:
C7: Resolución o Decreto | H7: Inicio | I7: Término | M7: Cobertura | N7: Universo | O7: Tipo de Beneficiarios | R7: Enero | S7: Febrero | T7: Marzo | V7: Abril | W7: Mayo | X7: Junio | Z7: Julio | AA7: Agosto | AB7: Septiembre | AD7: Octubre | AE7: Noviembre | AF7: Diciembre | AI7: Ejecución | AJ7: Del Gasto
A8: TARAPACÁ
A9: 1 | U9: =SUM(R9:T9) -> 0 | Y9: =SUM(V9:X9) -> 0 | AC9: =SUM(Z9:AB9) -> 0 | AG9: =SUM(AD9:AF9) -> 0 | AH9: =SUM(U9,Y9,AC9,AG9) -> 0 | AI9: =IF(ISERROR(AH9/J9),0,AH9/J9) -> 0 | AJ9: =IF(ISERROR(AH9/$AH$75),"-",AH9/$AH$75) -> 0
A10: 2 | U10: =SUM(R10:T10) -> 0 | Y10: =SUM(V10:X10) -> 0 | AC10: =SUM(Z10:AB10) -> 0 | AG10: =SUM(AD10:AF10) -> 0 | AH10: =SUM(U10,Y10,AC10,AG10) -> 0 | AI10: =IF(ISERROR(AH10/J10),0,AH10/J10) -> 0 | AJ10: =IF(ISERROR(AH10/$AH$75),"-",AH10/$AH$75) -> 0
A11: TOTAL REGIÓN DE TARAPACÁ | J11: =SUM(J9:J10) -> 0 | K11: =SUM(K9:K10) -> 0 | M11: =SUM(M9:M10) -> 0 | N11: =SUM(N9:N10) -> 0 | O11: =SUM(O9:O10) -> 0 | R11: =SUM(R9:R10) -> 0 | S11: =SUM(S9:S10) -> 0 | T11: =SUM(T9:T10) -> 0 | U11: =SUM(U9:U10) -> 0 | V11: =SUM(V9:V10) -> 0 | W11: =SUM(W9:W10) -> 0 | X11: =SUM(X9:X10) -> 0 | Y11: =SUM(Y9:Y10) -> 0 | ... AH11: =SUM(AH9:AH10) -> 0 | AI11: =IF(ISERROR(AH11/J11),0,AH11/J11) -> 0 | AJ11: =IF(ISERROR(AH11/$AH$75),0,AH11/$AH$75) -> 0
A12: ANTOFAGASTA
A13: 1 | U13: =SUM(R13:T13) -> 0 | Y13: =SUM(V13:X13) -> 0 | AC13: =SUM(Z13:AB13) -> 0 | AG13: =SUM(AD13:AF13) -> 0 | AH13: =SUM(U13,Y13,AC13,AG13) -> 0 | AI13: =IF(ISERROR(AH13/J13),0,AH13/J13) -> 0 | AJ13: =IF(ISERROR(AH13/$AH$75),"-",AH13/$AH$75) -> 0
A14: 2 | U14: =SUM(R14:T14) -> 0 | Y14: =SUM(V14:X14) -> 0 | AC14: =SUM(Z14:AB14) -> 0 | AG14: =SUM(AD14:AF14) -> 0 | AH14: =SUM(U14,Y14,AC14,AG14) -> 0 | AI14: =IF(ISERROR(AH14/J14),0,AH14/J14) -> 0 | AJ14: =IF(ISERROR(AH14/$AH$75),"-",AH14/$AH$75) -> 0
A15: TOTAL REGIÓN DE ANTOFAGASTA | J15: =SUM(J13:J14) -> 0 | K15: =SUM(K13:K14) -> 0 | M15: =SUM(M13:M14) -> 0 | N15: =SUM(N13:N14) -> 0 | O15: =SUM(O13:O14) -> 0 | R15: =SUM(R13:R14) -> 0 | S15: =SUM(S13:S14) -> 0 | T15: =SUM(T13:T14) -> 0 | U15: =SUM(U13:U14) -> 0 | V15: =SUM(V13:V14) -> 0 | W15: =SUM(W13:W14) -> 0 | X15: =SUM(X13:X14) -> 0 | Y15: =SUM(Y13:Y14) -> 0 | ... AH15: =SUM(AH13:AH14) -> 0 | AI15: =IF(ISERROR(AH15/J15),0,AH15/J15) -> 0 | AJ15: =IF(ISERROR(AH15/$AH$75),0,AH15/$AH$75) -> 0
A16: ATACAMA
A17: 1 | U17: =SUM(R17:T17) -> 0 | Y17: =SUM(V17:X17) -> 0 | AC17: =SUM(Z17:AB17) -> 0 | AG17: =SUM(AD17:AF17) -> 0 | AH17: =SUM(U17,Y17,AC17,AG17) -> 0 | AI17: =IF(ISERROR(AH17/J17),0,AH17/J17) -> 0 | AJ17: =IF(ISERROR(AH17/$AH$75),"-",AH17/$AH$75) -> 0
A18: 2 | U18: =SUM(R18:T18) -> 0 | Y18: =SUM(V18:X18) -> 0 | AC18: =SUM(Z18:AB18) -> 0 | AG18: =SUM(AD18:AF18) -> 0 | AH18: =SUM(U18,Y18,AC18,AG18) -> 0 | AI18: =IF(ISERROR(AH18/J18),0,AH18/J18) -> 0 | AJ18: =IF(ISERROR(AH18/$AH$75),"-",AH18/$AH$75) -> 0
A19: TOTAL REGIÓN DE ATACAMA | J19: =SUM(J17:J18) -> 0 | K19: =SUM(K17:K18) -> 0 | M19: =SUM(M17:M18) -> 0 | N19: =SUM(N17:N18) -> 0 | O19: =SUM(O17:O18) -> 0 | R19: =SUM(R17:R18) -> 0 | S19: =SUM(S17:S18) -> 0 | T19: =SUM(T17:T18) -> 0 | U19: =SUM(U17:U18) -> 0 | V19: =SUM(V17:V18) -> 0 | W19: =SUM(W17:W18) -> 0 | X19: =SUM(X17:X18) -> 0 | Y19: =SUM(Y17:Y18) -> 0 | ... AH19: =SUM(AH17:AH18) -> 0 | AI19: =IF(ISERROR(AH19/J19),0,AH19/J19) -> 0 | AJ19: =IF(ISERROR(AH19/$AH$75),0,AH19/$AH$75) -> 0
A20: COQUIMBO
A21: 1 | U21: =SUM(R21:T21) -> 0 | Y21: =SUM(V21:X21) -> 0 | AC21: =SUM(Z21:AB21) -> 0 | AG21: =SUM(AD21:AF21) -> 0 | AH21: =SUM(U21,Y21,AC21,AG21) -> 0 | AI21: =IF(ISERROR(AH21/J21),0,AH21/J21) -> 0 | AJ21: =IF(ISERROR(AH21/$AH$75),"-",AH21/$AH$75) -> 0
A22: 2 | U22: =SUM(R22:T22) -> 0 | Y22: =SUM(V22:X22) -> 0 | AC22: =SUM(Z22:AB22) -> 0 | AG22: =SUM(AD22:AF22) -> 0 | AH22: =SUM(U22,Y22,AC22,AG22) -> 0 | AI22: =IF(ISERROR(AH22/J22),0,AH22/J22) -> 0 | AJ22: =IF(ISERROR(AH22/$AH$75),"-",AH22/$AH$75) -> 0
A23: TOTAL REGIÓN DE COQUIMBO | J23: =SUM(J21:J22) -> 0 | K23: =SUM(K21:K22) -> 0 | M23: =SUM(M21:M22) -> 0 | N23: =SUM(N21:N22) -> 0 | O23: =SUM(O21:O22) -> 0 | R23: =SUM(R21:R22) -> 0 | S23: =SUM(S21:S22) -> 0 | T23: =SUM(T21:T22) -> 0 | U23: =SUM(U21:U22) -> 0 | V23: =SUM(V21:V22) -> 0 | W23: =SUM(W21:W22) -> 0 | X23: =SUM(X21:X22) -> 0 | Y23: =SUM(Y21:Y22) -> 0 | ... AH23: =SUM(AH21:AH22) -> 0 | AI23: =IF(ISERROR(AH23/J23),0,AH23/J23) -> 0 | AJ23: =IF(ISERROR(AH23/$AH$75),0,AH23/$AH$75) -> 0
A24: VALPARAÍSO
A25: 1 | U25: =SUM(R25:T25) -> 0 | Y25: =SUM(V25:X25) -> 0 | AC25: =SUM(Z25:AB25) -> 0 | AE25: 0 | AF25: 0 | AG25: =SUM(AD25:AF25) -> 0 | AH25: =SUM(U25,Y25,AC25,AG25) -> 0 | AI25: =IF(ISERROR(AH25/J25),0,AH25/J25) -> 0 | AJ25: =IF(ISERROR(AH25/$AH$75),"-",AH25/$AH$75) -> 0
A26: 2 | U26: =SUM(R26:T26) -> 0 | Y26: =SUM(V26:X26) -> 0 | AC26: =SUM(Z26:AB26) -> 0 | AE26: 0 | AF26: 0 | AG26: =SUM(AD26:AF26) -> 0 | AH26: =SUM(U26,Y26,AC26,AG26) -> 0 | AI26: =IF(ISERROR(AH26/J26),0,AH26/J26) -> 0 | AJ26: =IF(ISERROR(AH26/$AH$75),"-",AH26/$AH$75) -> 0
A27: TOTAL REGIÓN DE VALPARAÍSO | J27: =SUM(J25:J26) -> 0 | K27: =SUM(K25:K26) -> 0 | M27: =SUM(M25:M26) -> 0 | N27: =SUM(N25:N26) -> 0 | O27: =SUM(O25:O26) -> 0 | R27: =SUM(R25:R26) -> 0 | S27: =SUM(S25:S26) -> 0 | T27: =SUM(T25:T26) -> 0 | U27: =SUM(U25:U26) -> 0 | V27: =SUM(V25:V26) -> 0 | W27: =SUM(W25:W26) -> 0 | X27: =SUM(X25:X26) -> 0 | Y27: =SUM(Y25:Y26) -> 0 | ... AH27: =SUM(AH25:AH26) -> 0 | AI27: =IF(ISERROR(AH27/J27),0,AH27/J27) -> 0 | AJ27: =IF(ISERROR(AH27/$AH$75),0,AH27/$AH$75) -> 0
A28: LIBERTADOR B. O HIGGINS
A29: 1 | U29: =SUM(R29:T29) -> 0 | Y29: =SUM(V29:X29) -> 0 | AC29: =SUM(Z29:AB29) -> 0 | AG29: =SUM(AD29:AF29) -> 0 | AH29: =SUM(U29,Y29,AC29,AG29) -> 0 | AI29: =IF(ISERROR(AH29/J29),0,AH29/J29) -> 0 | AJ29: =IF(ISERROR(AH29/$AH$75),"-",AH29/$AH$75) -> 0
A30: 2 | U30: =SUM(R30:T30) -> 0 | Y30: =SUM(V30:X30) -> 0 | AC30: =SUM(Z30:AB30) -> 0 | AG30: =SUM(AD30:AF30) -> 0 | AH30: =SUM(U30,Y30,AC30,AG30) -> 0 | AI30: =IF(ISERROR(AH30/J30),0,AH30/J30) -> 0 | AJ30: =IF(ISERROR(AH30/$AH$75),"-",AH30/$AH$75) -> 0
A31: TOTAL REGIÓN DEL LIBERTADOR GENERAL BERNARDO O'HIGGINS | J31: =SUM(J29:J30) -> 0 | K31: =SUM(K29:K30) -> 0 | M31: =SUM(M29:M30) -> 0 | N31: =SUM(N29:N30) -> 0 | O31: =SUM(O29:O30) -> 0 | R31: =SUM(R29:R30) -> 0 | S31: =SUM(S29:S30) -> 0 | T31: =SUM(T29:T30) -> 0 | U31: =SUM(U29:U30) -> 0 | V31: =SUM(V29:V30) -> 0 | W31: =SUM(W29:W30) -> 0 | X31: =SUM(X29:X30) -> 0 | Y31: =SUM(Y29:Y30) -> 0 | ... AH31: =SUM(AH29:AH30) -> 0 | AI31: =IF(ISERROR(AH31/J31),0,AH31/J31) -> 0 | AJ31: =IF(ISERROR(AH31/$AH$75),0,AH31/$AH$75) -> 0
A32: MAULE
A33: 1 | U33: =SUM(R33:T33) -> 0 | Y33: =SUM(V33:X33) -> 0 | AC33: =SUM(Z33:AB33) -> 0 | AG33: =SUM(AD33:AF33) -> 0 | AH33: =SUM(U33,Y33,AC33,AG33) -> 0 | AI33: =IF(ISERROR(AH33/J33),0,AH33/J33) -> 0 | AJ33: =IF(ISERROR(AH33/$AH$75),"-",AH33/$AH$75) -> 0
A34: 2 | U34: =SUM(R34:T34) -> 0 | Y34: =SUM(V34:X34) -> 0 | AC34: =SUM(Z34:AB34) -> 0 | AG34: =SUM(AD34:AF34) -> 0 | AH34: =SUM(U34,Y34,AC34,AG34) -> 0 | AI34: =IF(ISERROR(AH34/J34),0,AH34/J34) -> 0 | AJ34: =IF(ISERROR(AH34/$AH$75),"-",AH34/$AH$75) -> 0
A35: TOTAL REGIÓN DEL MAULE | J35: =SUM(J33:J34) -> 0 | K35: =SUM(K33:K34) -> 0 | M35: =SUM(M33:M34) -> 0 | N35: =SUM(N33:N34) -> 0 | O35: =SUM(O33:O34) -> 0 | R35: =SUM(R33:R34) -> 0 | S35: =SUM(S33:S34) -> 0 | T35: =SUM(T33:T34) -> 0 | U35: =SUM(U33:U34) -> 0 | V35: =SUM(V33:V34) -> 0 | W35: =SUM(W33:W34) -> 0 | X35: =SUM(X33:X34) -> 0 | Y35: =SUM(Y33:Y34) -> 0 | ... AH35: =SUM(AH33:AH34) -> 0 | AI35: =IF(ISERROR(AH35/J35),0,AH35/J35) -> 0 | AJ35: =IF(ISERROR(AH35/$AH$75),0,AH35/$AH$75) -> 0
A36: BIOBÍO
A37: 1 | U37: =SUM(R37:T37) -> 0 | Y37: =SUM(V37:X37) -> 0 | AC37: =SUM(Z37:AB37) -> 0 | AG37: =SUM(AD37:AF37) -> 0 | AH37: =SUM(U37,Y37,AC37,AG37) -> 0 | AI37: =IF(ISERROR(AH37/J37),0,AH37/J37) -> 0 | AJ37: =IF(ISERROR(AH37/$AH$75),"-",AH37/$AH$75) -> 0
A38: 2 | U38: =SUM(R38:T38) -> 0 | Y38: =SUM(V38:X38) -> 0 | AC38: =SUM(Z38:AB38) -> 0 | AG38: =SUM(AD38:AF38) -> 0 | AH38: =SUM(U38,Y38,AC38,AG38) -> 0 | AI38: =IF(ISERROR(AH38/J38),0,AH38/J38) -> 0 | AJ38: =IF(ISERROR(AH38/$AH$75),"-",AH38/$AH$75) -> 0
A39: TOTAL REGIÓN DEL BIOBÍO | J39: =SUM(J37:J38) -> 0 | K39: =SUM(K37:K38) -> 0 | M39: =SUM(M37:M38) -> 0 | N39: =SUM(N37:N38) -> 0 | O39: =SUM(O37:O38) -> 0 | R39: =SUM(R37:R38) -> 0 | S39: =SUM(S37:S38) -> 0 | T39: =SUM(T37:T38) -> 0 | U39: =SUM(U37:U38) -> 0 | V39: =SUM(V37:V38) -> 0 | W39: =SUM(W37:W38) -> 0 | X39: =SUM(X37:X38) -> 0 | Y39: =SUM(Y37:Y38) -> 0 | ... AH39: =SUM(AH37:AH38) -> 0 | AI39: =IF(ISERROR(AH39/J39),0,AH39/J39) -> 0 | AJ39: =IF(ISERROR(AH39/$AH$75),0,AH39/$AH$75) -> 0
A40: ARAUCANÍA
A41: 1 | U41: =SUM(R41:T41) -> 0 | Y41: =SUM(V41:X41) -> 0 | AC41: =SUM(Z41:AB41) -> 0 | AE41: 0 | AF41: 0 | AG41: =SUM(AD41:AF41) -> 0 | AH41: =SUM(U41,Y41,AC41,AG41) -> 0 | AI41: =IF(ISERROR(AH41/J41),0,AH41/J41) -> 0 | AJ41: =IF(ISERROR(AH41/$AH$75),"-",AH41/$AH$75) -> 0
A42: 2 | U42: =SUM(R42:T42) -> 0 | Y42: =SUM(V42:X42) -> 0 | AC42: =SUM(Z42:AB42) -> 0 | AG42: =SUM(AD42:AF42) -> 0 | AH42: =SUM(U42,Y42,AC42,AG42) -> 0 | AI42: =IF(ISERROR(AH42/J42),0,AH42/J42) -> 0 | AJ42: =IF(ISERROR(AH42/$AH$75),"-",AH42/$AH$75) -> 0
A43: TOTAL REGIÓN DE LA ARAUCANÍA | J43: =SUM(J41:J42) -> 0 | K43: =SUM(K41:K42) -> 0 | M43: =SUM(M41:M42) -> 0 | N43: =SUM(N41:N42) -> 0 | O43: =SUM(O41:O42) -> 0 | R43: =SUM(R41:R42) -> 0 | S43: =SUM(S41:S42) -> 0 | T43: =SUM(T41:T42) -> 0 | U43: =SUM(U41:U42) -> 0 | V43: =SUM(V41:V42) -> 0 | W43: =SUM(W41:W42) -> 0 | X43: =SUM(X41:X42) -> 0 | Y43: =SUM(Y41:Y42) -> 0 | ... AH43: =SUM(AH41:AH42) -> 0 | AI43: =IF(ISERROR(AH43/J43),0,AH43/J43) -> 0 | AJ43: =IF(ISERROR(AH43/$AH$75),0,AH43/$AH$75) -> 0
A44: LOS LAGOS
A45: 1 | R45: 0 | S45: 0 | T45: 0 | U45: =SUM(R45:T45) -> 0 | V45: 0 | W45: 0 | X45: 0 | Y45: =SUM(V45:X45) -> 0 | Z45: 0 | AA45: 0 | AB45: 0 | AC45: =SUM(Z45:AB45) -> 0 | AD45: 0 | AE45: 0 | AF45: 0 | AG45: =SUM(AD45:AF45) -> 0 | AH45: =SUM(U45,Y45,AC45,AG45) -> 0 | AI45: =IF(ISERROR(AH45/J45),0,AH45/J45) -> 0 | AJ45: =IF(ISERROR(AH45/$AH$75),"-",AH45/$AH$75) -> 0
A46: 2 | U46: =SUM(R46:T46) -> 0 | Y46: =SUM(V46:X46) -> 0 | AC46: =SUM(Z46:AB46) -> 0 | AG46: =SUM(AD46:AF46) -> 0 | AH46: =SUM(U46,Y46,AC46,AG46) -> 0 | AI46: =IF(ISERROR(AH46/J46),0,AH46/J46) -> 0 | AJ46: =IF(ISERROR(AH46/$AH$75),"-",AH46/$AH$75) -> 0
A47: TOTAL REGIÓN DE LOS LAGOS | J47: =SUM(J45:J46) -> 0 | K47: =SUM(K45:K46) -> 0 | M47: =SUM(M45:M46) -> 0 | N47: =SUM(N45:N46) -> 0 | O47: =SUM(O45:O46) -> 0 | R47: =SUM(R45:R46) -> 0 | S47: =SUM(S45:S46) -> 0 | T47: =SUM(T45:T46) -> 0 | U47: =SUM(U45:U46) -> 0 | V47: =SUM(V45:V46) -> 0 | W47: =SUM(W45:W46) -> 0 | X47: =SUM(X45:X46) -> 0 | Y47: =SUM(Y45:Y46) -> 0 | ... AH47: =SUM(AH45:AH46) -> 0 | AI47: =IF(ISERROR(AH47/J47),0,AH47/J47) -> 0 | AJ47: =IF(ISERROR(AH47/$AH$75),0,AH47/$AH$75) -> 0
A48: AYSÉN
A49: 1 | U49: =SUM(R49:T49) -> 0 | Y49: =SUM(V49:X49) -> 0 | AC49: =SUM(Z49:AB49) -> 0 | AG49: =SUM(AD49:AF49) -> 0 | AH49: =SUM(U49,Y49,AC49,AG49) -> 0 | AI49: =IF(ISERROR(AH49/J49),0,AH49/J49) -> 0 | AJ49: =IF(ISERROR(AH49/$AH$75),"-",AH49/$AH$75) -> 0
A50: 2 | U50: =SUM(R50:T50) -> 0 | Y50: =SUM(V50:X50) -> 0 | AC50: =SUM(Z50:AB50) -> 0 | AG50: =SUM(AD50:AF50) -> 0 | AH50: =SUM(U50,Y50,AC50,AG50) -> 0 | AI50: =IF(ISERROR(AH50/J50),0,AH50/J50) -> 0 | AJ50: =IF(ISERROR(AH50/$AH$75),"-",AH50/$AH$75) -> 0
A51: TOTAL REGIÓN AYSÉN DEL GENERAL CARLOS IBAÑEZ DEL CAMPO | J51: =J49 -> 0 | K51: 0 | M51: =SUM(M49:M50) -> 0 | N51: =SUM(N49:N50) -> 0 | O51: =SUM(O49:O50) -> 0 | R51: =SUM(R49:R50) -> 0 | S51: =SUM(S49:S50) -> 0 | T51: =SUM(T49:T50) -> 0 | U51: =SUM(U49:U50) -> 0 | V51: =SUM(V49:V50) -> 0 | W51: =SUM(W49:W50) -> 0 | X51: =SUM(X49:X50) -> 0 | Y51: =SUM(Y49:Y50) -> 0 | ... AH51: =SUM(AH49:AH50) -> 0 | AI51: =IF(ISERROR(AH51/J51),0,AH51/J51) -> 0 | AJ51: =IF(ISERROR(AH51/$AH$75),0,AH51/$AH$75) -> 0
A52: MAGALLANES
A53: 1 | U53: =SUM(R53:T53) -> 0 | Y53: =SUM(V53:X53) -> 0 | AC53: =SUM(Z53:AB53) -> 0 | AG53: =SUM(AD53:AF53) -> 0 | AH53: =SUM(U53,Y53,AC53,AG53) -> 0 | AI53: =IF(ISERROR(AH53/J53),0,AH53/J53) -> 0 | AJ53: =IF(ISERROR(AH53/$AH$75),"-",AH53/$AH$75) -> 0
A54: 2 | U54: =SUM(R54:T54) -> 0 | Y54: =SUM(V54:X54) -> 0 | AC54: =SUM(Z54:AB54) -> 0 | AG54: =SUM(AD54:AF54) -> 0 | AH54: =SUM(U54,Y54,AC54,AG54) -> 0 | AI54: =IF(ISERROR(AH54/J54),0,AH54/J54) -> 0 | AJ54: =IF(ISERROR(AH54/$AH$75),"-",AH54/$AH$75) -> 0
A55: TOTAL REGIÓN DE MAGALLANES Y ANTÁRTICA CHILENA | J55: =SUM(J53:J54) -> 0 | K55: =SUM(K53:K54) -> 0 | M55: =SUM(M53:M54) -> 0 | N55: =SUM(N53:N54) -> 0 | O55: =SUM(O53:O54) -> 0 | R55: =SUM(R53:R54) -> 0 | S55: =SUM(S53:S54) -> 0 | T55: =SUM(T53:T54) -> 0 | U55: =SUM(U53:U54) -> 0 | V55: =SUM(V53:V54) -> 0 | W55: =SUM(W53:W54) -> 0 | X55: =SUM(X53:X54) -> 0 | Y55: =SUM(Y53:Y54) -> 0 | ... AH55: =SUM(AH53:AH54) -> 0 | AI55: =IF(ISERROR(AH55/J55),0,AH55/J55) -> 0 | AJ55: =IF(ISERROR(AH55/$AH$75),0,AH55/$AH$75) -> 0
A56: LOS RÍOS
A57: 1 | U57: =SUM(R57:T57) -> 0 | Y57: =SUM(V57:X57) -> 0 | AC57: =SUM(Z57:AB57) -> 0 | AG57: =SUM(AD57:AF57) -> 0 | AH57: =SUM(U57,Y57,AC57,AG57) -> 0 | AI57: =IF(ISERROR(AH57/J57),0,AH57/J57) -> 0 | AJ57: =IF(ISERROR(AH57/$AH$75),"-",AH57/$AH$75) -> 0
A58: 2 | U58: =SUM(R58:T58) -> 0 | Y58: =SUM(V58:X58) -> 0 | AC58: =SUM(Z58:AB58) -> 0 | AG58: =SUM(AD58:AF58) -> 0 | AH58: =SUM(U58,Y58,AC58,AG58) -> 0 | AI58: =IF(ISERROR(AH58/J58),0,AH58/J58) -> 0 | AJ58: =IF(ISERROR(AH58/$AH$75),"-",AH58/$AH$75) -> 0
A59: TOTAL REGIÓN DE LOS RÍOS | J59: =SUM(J57:J58) -> 0 | K59: =SUM(K57:K58) -> 0 | M59: =SUM(M57:M58) -> 0 | N59: =SUM(N57:N58) -> 0 | O59: =SUM(O57:O58) -> 0 | R59: =SUM(R57:R58) -> 0 | S59: =SUM(S57:S58) -> 0 | T59: =SUM(T57:T58) -> 0 | U59: =SUM(U57:U58) -> 0 | V59: =SUM(V57:V58) -> 0 | W59: =SUM(W57:W58) -> 0 | X59: =SUM(X57:X58) -> 0 | Y59: =SUM(Y57:Y58) -> 0 | ... AH59: =SUM(AH57:AH58) -> 0 | AI59: =IF(ISERROR(AH59/J59),0,AH59/J59) -> 0 | AJ59: =IF(ISERROR(AH59/$AH$75),0,AH59/$AH$75) -> 0
A60: ARICA Y PARINACOTA
A61: 1 | U61: =SUM(R61:T61) -> 0 | Y61: =SUM(V61:X61) -> 0 | AC61: =SUM(Z61:AB61) -> 0 | AG61: =SUM(AD61:AF61) -> 0 | AH61: =SUM(U61,Y61,AC61,AG61) -> 0 | AI61: =IF(ISERROR(AH61/J61),0,AH61/J61) -> 0 | AJ61: =IF(ISERROR(AH61/$AH$75),"-",AH61/$AH$75) -> 0
A62: 2 | U62: =SUM(R62:T62) -> 0 | Y62: =SUM(V62:X62) -> 0 | AC62: =SUM(Z62:AB62) -> 0 | AG62: =SUM(AD62:AF62) -> 0 | AH62: =SUM(U62,Y62,AC62,AG62) -> 0 | AI62: =IF(ISERROR(AH62/J62),0,AH62/J62) -> 0 | AJ62: =IF(ISERROR(AH62/$AH$75),"-",AH62/$AH$75) -> 0
A63: TOTAL REGIÓN DE ARICA Y PARINACOTA | J63: =SUM(J61:J62) -> 0 | K63: =SUM(K61:K62) -> 0 | M63: =SUM(M61:M62) -> 0 | N63: =SUM(N61:N62) -> 0 | O63: =SUM(O61:O62) -> 0 | R63: =SUM(R61:R62) -> 0 | S63: =SUM(S61:S62) -> 0 | T63: =SUM(T61:T62) -> 0 | U63: =SUM(U61:U62) -> 0 | V63: =SUM(V61:V62) -> 0 | W63: =SUM(W61:W62) -> 0 | X63: =SUM(X61:X62) -> 0 | Y63: =SUM(Y61:Y62) -> 0 | ... AH63: =SUM(AH61:AH62) -> 0 | AI63: =IF(ISERROR(AH63/J63),0,AH63/J63) -> 0 | AJ63: =IF(ISERROR(AH63/$AH$75),0,AH63/$AH$75) -> 0
A64: ÑUBLE
A65: 1 | U65: =SUM(R65:T65) -> 0 | Y65: =SUM(V65:X65) -> 0 | AC65: =SUM(Z65:AB65) -> 0 | AG65: =SUM(AD65:AF65) -> 0 | AH65: =SUM(U65,Y65,AC65,AG65) -> 0 | AI65: =IF(ISERROR(AH65/J65),0,AH65/J65) -> 0 | AJ65: =IF(ISERROR(AH65/$AH$75),"-",AH65/$AH$75) -> 0
A66: 2 | U66: =SUM(R66:T66) -> 0 | Y66: =SUM(V66:X66) -> 0 | AC66: =SUM(Z66:AB66) -> 0 | AG66: =SUM(AD66:AF66) -> 0 | AH66: =SUM(U66,Y66,AC66,AG66) -> 0 | AI66: =IF(ISERROR(AH66/J66),0,AH66/J66) -> 0 | AJ66: =IF(ISERROR(AH66/$AH$75),"-",AH66/$AH$75) -> 0
A67: TOTAL REGIÓN DEL ÑUBLE | J67: =SUM(J65:J66) -> 0 | K67: =SUM(K65:K66) -> 0 | M67: =SUM(M65:M66) -> 0 | N67: =SUM(N65:N66) -> 0 | O67: =SUM(O65:O66) -> 0 | R67: =SUM(R65:R66) -> 0 | S67: =SUM(S65:S66) -> 0 | T67: =SUM(T65:T66) -> 0 | U67: =SUM(U65:U66) -> 0 | V67: =SUM(V65:V66) -> 0 | W67: =SUM(W65:W66) -> 0 | X67: =SUM(X65:X66) -> 0 | Y67: =SUM(Y65:Y66) -> 0 | ... AH67: =SUM(AH65:AH66) -> 0 | AI67: =IF(ISERROR(AH67/J67),0,AH67/J67) -> 0 | AJ67: =IF(ISERROR(AH67/$AH$75),0,AH67/$AH$75) -> 0
A68: METROPOLITANA
A69: 1 | U69: =SUM(R69:T69) -> 0 | Y69: =SUM(V69:X69) -> 0 | AC69: =SUM(Z69:AB69) -> 0 | AG69: =SUM(AD69:AF69) -> 0 | AH69: =SUM(U69,Y69,AC69,AG69) -> 0 | AI69: =IF(ISERROR(AH69/J69),0,AH69/J69) -> 0 | AJ69: =IF(ISERROR(AH69/$AH$75),"-",AH69/$AH$75) -> 0
A70: 2 | U70: =SUM(R70:T70) -> 0 | Y70: =SUM(V70:X70) -> 0 | AC70: =SUM(Z70:AB70) -> 0 | AG70: =SUM(AD70:AF70) -> 0 | AH70: =SUM(U70,Y70,AC70,AG70) -> 0 | AI70: =IF(ISERROR(AH70/J70),0,AH70/J70) -> 0 | AJ70: =IF(ISERROR(AH70/$AH$75),"-",AH70/$AH$75) -> 0
A71: TOTAL REGIÓN METROPOLITANA | J71: =SUM(J69:J70) -> 0 | K71: =SUM(K69:K70) -> 0 | M71: =SUM(M69:M70) -> 0 | N71: =SUM(N69:N70) -> 0 | O71: =SUM(O69:O70) -> 0 | R71: =SUM(R69:R70) -> 0 | S71: =SUM(S69:S70) -> 0 | T71: =SUM(T69:T70) -> 0 | U71: =SUM(U69:U70) -> 0 | V71: =SUM(V69:V70) -> 0 | W71: =SUM(W69:W70) -> 0 | X71: =SUM(X69:X70) -> 0 | Y71: =SUM(Y69:Y70) -> 0 | ... AH71: =SUM(AH69:AH70) -> 0 | AI71: =IF(ISERROR(AH71/J71),0,AH71/J71) -> 0 | AJ71: =IF(ISERROR(AH71/$AH$75),0,AH71/$AH$75) -> 0
A72: NIVEL CENTRAL | J72: 1918438000
A73: 1 | C73: REX. N° 0307 | D73: 46252 | E73: SUBSECRETARIA DE EDUCACION PARVULARIA | F73: INTEGRA - SUBS. EDUCACION PARVULARIA | G73: 24-02-015 | K73: 1918438000 | U73: =SUM(R73:T73) -> 0 | Y73: =SUM(V73:X73) -> 0 | AA73: 1342906600 | AC73: =SUM(Z73:AB73) -> 1342906600 | AE73: 0 | AG73: =SUM(AD73:AF73) -> 0 | AH73: =SUM(U73,Y73,AC73,AG73) -> 1342906600 | AI73: =IF(ISERROR(AH73/J72),0,AH73/J72) -> 0.7 | AJ73: =IF(ISERROR(AH73/$AH$75),"-",AH73/$AH$75) -> 1
A74: TOTAL NIVEL CENTRAL | J74: =J72 -> 1918438000 | K74: =SUM(K73:K73) -> 1918438000 | M74: =SUM(M73:M73) -> 0 | N74: =SUM(N73:N73) -> 0 | O74: =SUM(O73:O73) -> 0 | R74: =SUM(R73:R73) -> 0 | S74: =SUM(S73:S73) -> 0 | T74: =SUM(T73:T73) -> 0 | U74: =SUM(U73:U73) -> 0 | V74: =SUM(V73:V73) -> 0 | W74: =SUM(W73:W73) -> 0 | X74: =SUM(X73:X73) -> 0 | Y74: =SUM(Y73:Y73) -> 0 | ... AH74: =SUM(AH73:AH73) -> 1342906600 | AI74: =IF(ISERROR(AH74/J74),0,AH74/J74) -> 0.7 | AJ74: =IF(ISERROR(AH74/$AH$75),0,AH74/$AH$75) -> 1
A75: ="TOTAL ASIG."&" "&$A$5 -> TOTAL ASIG. 24-02-015 "INTEGRA - Subsecretaria de Educación Parvularia" | J75: =SUM(J11,J15,J19,J23,J27,J31,J35,J39,J43,J47,J51,J55,J59,J63,J67,J71,J74) -> 1918438000 | K75: =SUM(K11,K15,K19,K23,K27,K31,K35,K39,K43,K47,K51,K55,K59,K63,K67,K71,K74) -> 1918438000 | L75: =SUM(L11,L15,L19,L23,L27,L31,L35,L39,L43,L47,L51,L55,L59,L63,L67,L71,L74) -> 0 | M75: =SUM(M11,M15,M19,M23,M27,M31,M35,M39,M43,M47,M51,M55,M59,M63,M67,M71,M74) -> 0 | N75: =SUM(N11,N15,N19,N23,N27,N31,N35,N39,N43,N47,N51,N55,N59,N63,N67,N71,N74) -> 0 | O75: =SUM(O11,O15,O19,O23,O27,O31,O35,O39,O43,O47,O51,O55,O59,O63,O67,O71,O74) -> 0 | P75: =SUM(P11,P15,P19,P23,P27,P31,P35,P39,P43,P47,P51,P55,P59,P63,P67,P71,P74) -> 0 | Q75: =SUM(Q11,Q15,Q19,Q23,Q27,Q31,Q35,Q39,Q43,Q47,Q51,Q55,Q59,Q63,Q67,Q71,Q74) -> 0 | ... AH75: =SUM(AH11,AH15,AH19,AH23,AH27,AH31,AH35,AH39,AH43,AH47,AH51,AH55,AH59,AH63,AH67,AH71,AH74) -> 1342906600 | AI75: =IF(ISERROR(AH75/J75),0,AH75/J75) -> 0.7 | AJ75: =IF(ISERROR(AH75/$AH$75),0,AH75/$AH$75) -> 1

Sheet 24-02-015 Res. INTEGRA
A1: PARTIDA 21-01-05 "INGRESO ÉTICO FAMILIAR Y SISTEMA CHILE SOLIDARIO"
A2: INFORME POR PROGRAMA Y REGIÓN
A3: EJECUCIÓN AL 30 SEPTIEMBRE DE 2026
A4: En pesos
A5: 24-02-015 "INTEGRA - Subsecretaria de Educación Parvularia"
A6: REGION | B6: Presupuesto por región | C6: Total Convenios | D6: Beneficiarios | G6: EJECUCION DEVENGADA | J6: 1er. Trimestre | K6: EJECUCION DEVENGADA | N6: 2do. Trimestre | O6: EJECUCION DEVENGADA | R6: 3er. Trimestre | S6: EJECUCION DEVENGADA | V6: 4to. Trimestre | W6: Total Anual | X6: Porcentaje de:
D7: Cobertura | E7: Universo | F7: Tipo de Beneficiarios | G7: Enero | H7: Febrero | I7: Marzo | K7: Abril | L7: Mayo | M7: Junio | O7: Julio | P7: Agosto | Q7: Septiembre | S7: Octubre | T7: Noviembre | U7: Diciembre | X7: Ejecución | Y7: Participación del Gasto
A8: TARAPACÁ | B8: =+'24-02-015 Ind. INTEGRA'!J11 -> 0 | C8: =+'24-02-015 Ind. INTEGRA'!K11 -> 0 | D8: =+'24-02-015 Ind. INTEGRA'!M11 -> 0 | E8: =+'24-02-015 Ind. INTEGRA'!N11 -> 0 | F8: =+'24-02-015 Ind. INTEGRA'!O11 -> 0 | G8: =+'24-02-015 Ind. INTEGRA'!R11 -> 0 | H8: =+'24-02-015 Ind. INTEGRA'!S11 -> 0 | I8: =+'24-02-015 Ind. INTEGRA'!T11 -> 0 | J8: =+'24-02-015 Ind. INTEGRA'!U11 -> 0 | K8: =+'24-02-015 Ind. INTEGRA'!V11 -> 0 | L8: =+'24-02-015 Ind. INTEGRA'!W11 -> 0 | M8: =+'24-02-015 Ind. INTEGRA'!X11 -> 0 | N8: =+'24-02-015 Ind. INTEGRA'!Y11 -> 0 | ... Y8: =+'24-02-015 Ind. INTEGRA'!AJ11 -> 0
A9: ANTOFAGASTA | B9: =+'24-02-015 Ind. INTEGRA'!J15 -> 0 | C9: =+'24-02-015 Ind. INTEGRA'!K15 -> 0 | D9: =+'24-02-015 Ind. INTEGRA'!M15 -> 0 | E9: =+'24-02-015 Ind. INTEGRA'!N15 -> 0 | F9: =+'24-02-015 Ind. INTEGRA'!O15 -> 0 | G9: =+'24-02-015 Ind. INTEGRA'!R15 -> 0 | H9: =+'24-02-015 Ind. INTEGRA'!S15 -> 0 | I9: =+'24-02-015 Ind. INTEGRA'!T15 -> 0 | J9: =+'24-02-015 Ind. INTEGRA'!U15 -> 0 | K9: =+'24-02-015 Ind. INTEGRA'!V15 -> 0 | L9: =+'24-02-015 Ind. INTEGRA'!W15 -> 0 | M9: =+'24-02-015 Ind. INTEGRA'!X15 -> 0 | N9: =+'24-02-015 Ind. INTEGRA'!Y15 -> 0 | ... Y9: =+'24-02-015 Ind. INTEGRA'!AJ15 -> 0
A10: ATACAMA | B10: =+'24-02-015 Ind. INTEGRA'!J19 -> 0 | C10: =+'24-02-015 Ind. INTEGRA'!K19 -> 0 | D10: =+'24-02-015 Ind. INTEGRA'!M19 -> 0 | E10: =+'24-02-015 Ind. INTEGRA'!N19 -> 0 | F10: =+'24-02-015 Ind. INTEGRA'!O19 -> 0 | G10: =+'24-02-015 Ind. INTEGRA'!R19 -> 0 | H10: =+'24-02-015 Ind. INTEGRA'!S19 -> 0 | I10: =+'24-02-015 Ind. INTEGRA'!T19 -> 0 | J10: =+'24-02-015 Ind. INTEGRA'!U19 -> 0 | K10: =+'24-02-015 Ind. INTEGRA'!V19 -> 0 | L10: =+'24-02-015 Ind. INTEGRA'!W19 -> 0 | M10: =+'24-02-015 Ind. INTEGRA'!X19 -> 0 | N10: =+'24-02-015 Ind. INTEGRA'!Y19 -> 0 | ... Y10: =+'24-02-015 Ind. INTEGRA'!AJ19 -> 0
A11: COQUIMBO | B11: =+'24-02-015 Ind. INTEGRA'!J23 -> 0 | C11: =+'24-02-015 Ind. INTEGRA'!K23 -> 0 | D11: =+'24-02-015 Ind. INTEGRA'!M23 -> 0 | E11: =+'24-02-015 Ind. INTEGRA'!N23 -> 0 | F11: =+'24-02-015 Ind. INTEGRA'!O23 -> 0 | G11: =+'24-02-015 Ind. INTEGRA'!R23 -> 0 | H11: =+'24-02-015 Ind. INTEGRA'!S23 -> 0 | I11: =+'24-02-015 Ind. INTEGRA'!T23 -> 0 | J11: =+'24-02-015 Ind. INTEGRA'!U23 -> 0 | K11: =+'24-02-015 Ind. INTEGRA'!V23 -> 0 | L11: =+'24-02-015 Ind. INTEGRA'!W23 -> 0 | M11: =+'24-02-015 Ind. INTEGRA'!X23 -> 0 | N11: =+'24-02-015 Ind. INTEGRA'!Y23 -> 0 | ... Y11: =+'24-02-015 Ind. INTEGRA'!AJ23 -> 0
A12: VALPARAÍSO | B12: =+'24-02-015 Ind. INTEGRA'!J27 -> 0 | C12: =+'24-02-015 Ind. INTEGRA'!K27 -> 0 | D12: =+'24-02-015 Ind. INTEGRA'!M27 -> 0 | E12: =+'24-02-015 Ind. INTEGRA'!N27 -> 0 | F12: =+'24-02-015 Ind. INTEGRA'!O27 -> 0 | G12: =+'24-02-015 Ind. INTEGRA'!R27 -> 0 | H12: =+'24-02-015 Ind. INTEGRA'!S27 -> 0 | I12: =+'24-02-015 Ind. INTEGRA'!T27 -> 0 | J12: =+'24-02-015 Ind. INTEGRA'!U27 -> 0 | K12: =+'24-02-015 Ind. INTEGRA'!V27 -> 0 | L12: =+'24-02-015 Ind. INTEGRA'!W27 -> 0 | M12: =+'24-02-015 Ind. INTEGRA'!X27 -> 0 | N12: =+'24-02-015 Ind. INTEGRA'!Y27 -> 0 | ... Y12: =+'24-02-015 Ind. INTEGRA'!AJ27 -> 0
A13: LIBERTADOR B. O HIGGINS | B13: =+'24-02-015 Ind. INTEGRA'!J31 -> 0 | C13: =+'24-02-015 Ind. INTEGRA'!K31 -> 0 | D13: =+'24-02-015 Ind. INTEGRA'!M31 -> 0 | E13: =+'24-02-015 Ind. INTEGRA'!N31 -> 0 | F13: =+'24-02-015 Ind. INTEGRA'!O31 -> 0 | G13: =+'24-02-015 Ind. INTEGRA'!R31 -> 0 | H13: =+'24-02-015 Ind. INTEGRA'!S31 -> 0 | I13: =+'24-02-015 Ind. INTEGRA'!T31 -> 0 | J13: =+'24-02-015 Ind. INTEGRA'!U31 -> 0 | K13: =+'24-02-015 Ind. INTEGRA'!V31 -> 0 | L13: =+'24-02-015 Ind. INTEGRA'!W31 -> 0 | M13: =+'24-02-015 Ind. INTEGRA'!X31 -> 0 | N13: =+'24-02-015 Ind. INTEGRA'!Y31 -> 0 | ... Y13: =+'24-02-015 Ind. INTEGRA'!AJ31 -> 0
A14: MAULE | B14: =+'24-02-015 Ind. INTEGRA'!J35 -> 0 | C14: =+'24-02-015 Ind. INTEGRA'!K35 -> 0 | D14: =+'24-02-015 Ind. INTEGRA'!M35 -> 0 | E14: =+'24-02-015 Ind. INTEGRA'!N35 -> 0 | F14: =+'24-02-015 Ind. INTEGRA'!O35 -> 0 | G14: =+'24-02-015 Ind. INTEGRA'!R35 -> 0 | H14: =+'24-02-015 Ind. INTEGRA'!S35 -> 0 | I14: =+'24-02-015 Ind. INTEGRA'!T35 -> 0 | J14: =+'24-02-015 Ind. INTEGRA'!U35 -> 0 | K14: =+'24-02-015 Ind. INTEGRA'!V35 -> 0 | L14: =+'24-02-015 Ind. INTEGRA'!W35 -> 0 | M14: =+'24-02-015 Ind. INTEGRA'!X35 -> 0 | N14: =+'24-02-015 Ind. INTEGRA'!Y35 -> 0 | ... Y14: =+'24-02-015 Ind. INTEGRA'!AJ35 -> 0
A15: BIOBÍO | B15: =+'24-02-015 Ind. INTEGRA'!J39 -> 0 | C15: =+'24-02-015 Ind. INTEGRA'!K39 -> 0 | D15: =+'24-02-015 Ind. INTEGRA'!M39 -> 0 | E15: =+'24-02-015 Ind. INTEGRA'!N39 -> 0 | F15: =+'24-02-015 Ind. INTEGRA'!O39 -> 0 | G15: =+'24-02-015 Ind. INTEGRA'!R39 -> 0 | H15: =+'24-02-015 Ind. INTEGRA'!S39 -> 0 | I15: =+'24-02-015 Ind. INTEGRA'!T39 -> 0 | J15: =+'24-02-015 Ind. INTEGRA'!U39 -> 0 | K15: =+'24-02-015 Ind. INTEGRA'!V39 -> 0 | L15: =+'24-02-015 Ind. INTEGRA'!W39 -> 0 | M15: =+'24-02-015 Ind. INTEGRA'!X39 -> 0 | N15: =+'24-02-015 Ind. INTEGRA'!Y39 -> 0 | ... Y15: =+'24-02-015 Ind. INTEGRA'!AJ39 -> 0
A16: ARAUCANÍA | B16: =+'24-02-015 Ind. INTEGRA'!J43 -> 0 | C16: =+'24-02-015 Ind. INTEGRA'!K43 -> 0 | D16: =+'24-02-015 Ind. INTEGRA'!M43 -> 0 | E16: =+'24-02-015 Ind. INTEGRA'!N43 -> 0 | F16: =+'24-02-015 Ind. INTEGRA'!O43 -> 0 | G16: =+'24-02-015 Ind. INTEGRA'!R43 -> 0 | H16: =+'24-02-015 Ind. INTEGRA'!S43 -> 0 | I16: =+'24-02-015 Ind. INTEGRA'!T43 -> 0 | J16: =+'24-02-015 Ind. INTEGRA'!U43 -> 0 | K16: =+'24-02-015 Ind. INTEGRA'!V43 -> 0 | L16: =+'24-02-015 Ind. INTEGRA'!W43 -> 0 | M16: =+'24-02-015 Ind. INTEGRA'!X43 -> 0 | N16: =+'24-02-015 Ind. INTEGRA'!Y43 -> 0 | ... Y16: =+'24-02-015 Ind. INTEGRA'!AJ43 -> 0
A17: LOS LAGOS | B17: =+'24-02-015 Ind. INTEGRA'!J47 -> 0 | C17: =+'24-02-015 Ind. INTEGRA'!K47 -> 0 | D17: =+'24-02-015 Ind. INTEGRA'!M47 -> 0 | E17: =+'24-02-015 Ind. INTEGRA'!N47 -> 0 | F17: =+'24-02-015 Ind. INTEGRA'!O47 -> 0 | G17: =+'24-02-015 Ind. INTEGRA'!R47 -> 0 | H17: =+'24-02-015 Ind. INTEGRA'!S47 -> 0 | I17: =+'24-02-015 Ind. INTEGRA'!T47 -> 0 | J17: =+'24-02-015 Ind. INTEGRA'!U47 -> 0 | K17: =+'24-02-015 Ind. INTEGRA'!V47 -> 0 | L17: =+'24-02-015 Ind. INTEGRA'!W47 -> 0 | M17: =+'24-02-015 Ind. INTEGRA'!X47 -> 0 | N17: =+'24-02-015 Ind. INTEGRA'!Y47 -> 0 | ... X17: =+'24-02-015 Ind. INTEGRA'!AI47 -> 0 | Y17: =+'24-02-015 Ind. INTEGRA'!AJ44 -> 0
A18: AYSÉN | B18: =+'24-02-015 Ind. INTEGRA'!J51 -> 0 | C18: =+'24-02-015 Ind. INTEGRA'!K51 -> 0 | D18: =+'24-02-015 Ind. INTEGRA'!M51 -> 0 | E18: =+'24-02-015 Ind. INTEGRA'!N51 -> 0 | F18: =+'24-02-015 Ind. INTEGRA'!O51 -> 0 | G18: =+'24-02-015 Ind. INTEGRA'!R51 -> 0 | H18: =+'24-02-015 Ind. INTEGRA'!S51 -> 0 | I18: =+'24-02-015 Ind. INTEGRA'!T51 -> 0 | J18: =+'24-02-015 Ind. INTEGRA'!U51 -> 0 | K18: =+'24-02-015 Ind. INTEGRA'!V51 -> 0 | L18: =+'24-02-015 Ind. INTEGRA'!W51 -> 0 | M18: =+'24-02-015 Ind. INTEGRA'!X51 -> 0 | N18: =+'24-02-015 Ind. INTEGRA'!Y51 -> 0 | ... Y18: =+'24-02-015 Ind. INTEGRA'!AJ51 -> 0
A19: MAGALLANES | B19: =+'24-02-015 Ind. INTEGRA'!J55 -> 0 | C19: =+'24-02-015 Ind. INTEGRA'!K55 -> 0 | D19: =+'24-02-015 Ind. INTEGRA'!M55 -> 0 | E19: =+'24-02-015 Ind. INTEGRA'!N55 -> 0 | F19: =+'24-02-015 Ind. INTEGRA'!O55 -> 0 | G19: =+'24-02-015 Ind. INTEGRA'!R55 -> 0 | H19: =+'24-02-015 Ind. INTEGRA'!S55 -> 0 | I19: =+'24-02-015 Ind. INTEGRA'!T55 -> 0 | J19: =+'24-02-015 Ind. INTEGRA'!U55 -> 0 | K19: =+'24-02-015 Ind. INTEGRA'!V55 -> 0 | L19: =+'24-02-015 Ind. INTEGRA'!W55 -> 0 | M19: =+'24-02-015 Ind. INTEGRA'!X55 -> 0 | N19: =+'24-02-015 Ind. INTEGRA'!Y55 -> 0 | ... Y19: =+'24-02-015 Ind. INTEGRA'!AJ55 -> 0
A20: LOS RÍOS | B20: =+'24-02-015 Ind. INTEGRA'!J59 -> 0 | C20: =+'24-02-015 Ind. INTEGRA'!K59 -> 0 | D20: =+'24-02-015 Ind. INTEGRA'!M59 -> 0 | E20: =+'24-02-015 Ind. INTEGRA'!N59 -> 0 | F20: =+'24-02-015 Ind. INTEGRA'!O59 -> 0 | G20: =+'24-02-015 Ind. INTEGRA'!R59 -> 0 | H20: =+'24-02-015 Ind. INTEGRA'!S59 -> 0 | I20: =+'24-02-015 Ind. INTEGRA'!T59 -> 0 | J20: =+'24-02-015 Ind. INTEGRA'!U59 -> 0 | K20: =+'24-02-015 Ind. INTEGRA'!V59 -> 0 | L20: =+'24-02-015 Ind. INTEGRA'!W59 -> 0 | M20: =+'24-02-015 Ind. INTEGRA'!X59 -> 0 | N20: =+'24-02-015 Ind. INTEGRA'!Y59 -> 0 | ... Y20: =+'24-02-015 Ind. INTEGRA'!AJ59 -> 0
A21: ARICA Y PARINACOTA | B21: =+'24-02-015 Ind. INTEGRA'!J63 -> 0 | C21: =+'24-02-015 Ind. INTEGRA'!K63 -> 0 | D21: =+'24-02-015 Ind. INTEGRA'!M63 -> 0 | E21: =+'24-02-015 Ind. INTEGRA'!N63 -> 0 | F21: =+'24-02-015 Ind. INTEGRA'!O63 -> 0 | G21: =+'24-02-015 Ind. INTEGRA'!R63 -> 0 | H21: =+'24-02-015 Ind. INTEGRA'!S63 -> 0 | I21: =+'24-02-015 Ind. INTEGRA'!T63 -> 0 | J21: =+'24-02-015 Ind. INTEGRA'!U63 -> 0 | K21: =+'24-02-015 Ind. INTEGRA'!V63 -> 0 | L21: =+'24-02-015 Ind. INTEGRA'!W63 -> 0 | M21: =+'24-02-015 Ind. INTEGRA'!X63 -> 0 | N21: =+'24-02-015 Ind. INTEGRA'!Y63 -> 0 | ... Y21: =+'24-02-015 Ind. INTEGRA'!AJ63 -> 0
A22: ÑUBLE | B22: =+'24-02-015 Ind. INTEGRA'!J67 -> 0 | C22: =+'24-02-015 Ind. INTEGRA'!K67 -> 0 | D22: =+'24-02-015 Ind. INTEGRA'!M64 -> 0 | E22: =+'24-02-015 Ind. INTEGRA'!N64 -> 0 | F22: =+'24-02-015 Ind. INTEGRA'!O64 -> 0 | G22: =+'24-02-015 Ind. INTEGRA'!R64 -> 0 | H22: =+'24-02-015 Ind. INTEGRA'!S64 -> 0 | I22: =+'24-02-015 Ind. INTEGRA'!T64 -> 0 | J22: =+'24-02-015 Ind. INTEGRA'!U67 -> 0 | K22: =+'24-02-015 Ind. INTEGRA'!V64 -> 0 | L22: =+'24-02-015 Ind. INTEGRA'!W64 -> 0 | M22: =+'24-02-015 Ind. INTEGRA'!X64 -> 0 | N22: =+'24-02-015 Ind. INTEGRA'!Y67 -> 0 | O22: =+'24-02-015 Ind. INTEGRA'!Z64 -> 0 | P22: =+'24-02-015 Ind. INTEGRA'!AA64 -> 0 | Q22: =+'24-02-015 Ind. INTEGRA'!AB64 -> 0 | R22: =+'24-02-015 Ind. INTEGRA'!AC67 -> 0 | S22: =+'24-02-015 Ind. INTEGRA'!AD64 -> 0 | T22: =+'24-02-015 Ind. INTEGRA'!AE64 -> 0 | U22: =+'24-02-015 Ind. INTEGRA'!AF64 -> 0 | V22: =+'24-02-015 Ind. INTEGRA'!AG67 -> 0 | W22: =+'24-02-015 Ind. INTEGRA'!AH67 -> 0 | X22: =+'24-02-015 Ind. INTEGRA'!AI67 -> 0 | Y22: =+'24-02-015 Ind. INTEGRA'!AJ67 -> 0
A23: METROPOLITANA | B23: =+'24-02-015 Ind. INTEGRA'!J71 -> 0 | C23: =+'24-02-015 Ind. INTEGRA'!K71 -> 0 | D23: =+'24-02-015 Ind. INTEGRA'!M71 -> 0 | E23: =+'24-02-015 Ind. INTEGRA'!N71 -> 0 | F23: =+'24-02-015 Ind. INTEGRA'!O71 -> 0 | G23: =+'24-02-015 Ind. INTEGRA'!R71 -> 0 | H23: =+'24-02-015 Ind. INTEGRA'!S71 -> 0 | I23: =+'24-02-015 Ind. INTEGRA'!T71 -> 0 | J23: =+'24-02-015 Ind. INTEGRA'!U71 -> 0 | K23: =+'24-02-015 Ind. INTEGRA'!V71 -> 0 | L23: =+'24-02-015 Ind. INTEGRA'!W71 -> 0 | M23: =+'24-02-015 Ind. INTEGRA'!X71 -> 0 | N23: =+'24-02-015 Ind. INTEGRA'!Y71 -> 0 | ... Y23: =+'24-02-015 Ind. INTEGRA'!AJ71 -> 0
A24: NIVEL CENTRAL | B24: =+'24-02-015 Ind. INTEGRA'!J74 -> 1918438000 | C24: =+'24-02-015 Ind. INTEGRA'!K74 -> 1918438000 | D24: =+'24-02-015 Ind. INTEGRA'!M74 -> 0 | E24: =+'24-02-015 Ind. INTEGRA'!N74 -> 0 | F24: =+'24-02-015 Ind. INTEGRA'!O74 -> 0 | G24: =+'24-02-015 Ind. INTEGRA'!R74 -> 0 | H24: =+'24-02-015 Ind. INTEGRA'!S74 -> 0 | I24: =+'24-02-015 Ind. INTEGRA'!T74 -> 0 | J24: =+'24-02-015 Ind. INTEGRA'!U74 -> 0 | K24: =+'24-02-015 Ind. INTEGRA'!V74 -> 0 | L24: =+'24-02-015 Ind. INTEGRA'!W74 -> 0 | M24: =+'24-02-015 Ind. INTEGRA'!X74 -> 0 | N24: =+'24-02-015 Ind. INTEGRA'!Y74 -> 0 | ... Y24: =+'24-02-015 Ind. INTEGRA'!AJ74 -> 1
